Workbook
Name \a: #REF!
Name \s: #REF!
Name \X: [0]!err
Name \Z: [0]!err
Name _________________________________________________AFC1: [1]INV!$A$25:$D$28
Name _________________________________________________AFC3: [1]INV!$F$25:$I$28
Name _________________________________________________AFC5: [1]INV!$K$25:$N$28
Name _________________________________________________BGC1: [1]INV!$A$5:$D$8
Name _________________________________________________BGC3: [1]INV!$F$5:$I$8
Name _________________________________________________BGC5: [1]INV!$K$5:$N$8
Name _________________________________________________CAC1: [1]INV!$A$19:$D$22
Name _________________________________________________CAC3: [1]INV!$F$19:$I$22
Name _________________________________________________CAC5: [1]INV!$K$19:$N$22
Name _________________________________________________i1: #REF!
Name _________________________________________________SBC1: [1]INV!$A$12:$D$15
Name _________________________________________________SBC3: [1]INV!$F$12:$I$15
Name _________________________________________________SBC5: [1]INV!$K$12:$N$15
Name ________________________________________________AFC1: [1]INV!$A$25:$D$28
Name ________________________________________________AFC3: [1]INV!$F$25:$I$28
Name ________________________________________________AFC5: [1]INV!$K$25:$N$28
Name ________________________________________________BGC1: [1]INV!$A$5:$D$8
Name ________________________________________________BGC3: [1]INV!$F$5:$I$8
Name ________________________________________________BGC5: [1]INV!$K$5:$N$8
Name ________________________________________________CAC1: [1]INV!$A$19:$D$22
Name ________________________________________________CAC3: [1]INV!$F$19:$I$22
Name ________________________________________________CAC5: [1]INV!$K$19:$N$22
Name ________________________________________________i1: #REF!
Name ________________________________________________SBC1: [1]INV!$A$12:$D$15
Name ________________________________________________SBC3: [1]INV!$F$12:$I$15
Name ________________________________________________SBC5: [1]INV!$K$12:$N$15
Name _______________________________________________AFC1: [1]INV!$A$25:$D$28
Name _______________________________________________AFC3: [1]INV!$F$25:$I$28
Name _______________________________________________AFC5: [1]INV!$K$25:$N$28
Name _______________________________________________BGC1: [1]INV!$A$5:$D$8
Name _______________________________________________BGC3: [1]INV!$F$5:$I$8
Name _______________________________________________BGC5: [1]INV!$K$5:$N$8
Name _______________________________________________CAC1: [1]INV!$A$19:$D$22
Name _______________________________________________CAC3: [1]INV!$F$19:$I$22
Name _______________________________________________CAC5: [1]INV!$K$19:$N$22
Name _______________________________________________i1: #REF!
Name _______________________________________________SBC1: [1]INV!$A$12:$D$15
Name _______________________________________________SBC3: [1]INV!$F$12:$I$15
Name _______________________________________________SBC5: [1]INV!$K$12:$N$15
Name ______________________________________________AFC1: [1]INV!$A$25:$D$28
Name ______________________________________________AFC3: [1]INV!$F$25:$I$28
Name ______________________________________________AFC5: [1]INV!$K$25:$N$28
Name ______________________________________________BGC1: [1]INV!$A$5:$D$8
Name ______________________________________________BGC3: [1]INV!$F$5:$I$8
Name ______________________________________________BGC5: [1]INV!$K$5:$N$8
Name ______________________________________________CAC1: [1]INV!$A$19:$D$22
Name ______________________________________________CAC3: [1]INV!$F$19:$I$22
Name ______________________________________________CAC5: [1]INV!$K$19:$N$22
Name ______________________________________________i1: #REF!
Name ______________________________________________SBC1: [1]INV!$A$12:$D$15
Name ______________________________________________SBC3: [1]INV!$F$12:$I$15
Name ______________________________________________SBC5: [1]INV!$K$12:$N$15
Name _____________________________________________AFC1: [1]INV!$A$25:$D$28
Name _____________________________________________AFC3: [1]INV!$F$25:$I$28
Name _____________________________________________AFC5: [1]INV!$K$25:$N$28
Name _____________________________________________BGC1: [1]INV!$A$5:$D$8

Sheet TRANSPORTE
B1: INSTITUTO NACIONAL DE VÍAS SUBDIRECCIÓN DE PLANIFICACIÓN DE INFRAESTRUCTURA ANÁLISIS DE PRECIOS UNITARIOS DE REFERENCIA | G1: OBSERVACIONES
B4: LISTADO DE TRANSPORTE
B5: # | C5: Código | D5: unidad | E5: Insumo | F5: Precio ($ COP)
B6: 1 | C6: T0100002 | D6: kg-km | E6: Transporte de acero | F6: 0.72605358
B7: 2 | C7: T0010001 | D7: t-km | E7: Transporte de acero | F7: 726.05358
B8: 3 | C8: T0010011 | D8: m3-km | E8: Transporte de adoquín e=8cm | F8: 899.69223
B9: 4 | C9: T0010400 | D9: m3-km | E9: Transporte de agregados | F9: 1300
B10: 5 | C10: T0010004 | D10: m3-km | E10: Transporte de arena | F10: 1300
B11: 6 | C11: T0010053 | D11: m3-km | E11: Transporte de barrera de seguridad en concreto | F11: 1300
B12: 7 | C12: T0010550 | D12: kg-km | E12: Transporte de cal | F12: 1.1720976
B13: 8 | C13: T0015011 | D13: kg-km | E13: Transporte de cemento asfáltico | F13: 1.1720976
B14: 9 | C14: T0010500 | D14: kg-km | E14: Transporte de cemento hidráulico | F14: 1.1720976
B15: 10 | C15: T0010009 | D15: m3-km | E15: Transporte de concreto | F15: 1300
B16: 11 | C16: T0010120 | D16: m3-km | E16: Transporte de emulsión asfáltica | F16: 1.3823352
B17: 12 | C17: T0010160 | D17: kg-km | E17: Transporte de estructuras metálicas | F17: 2.3173982
... B40: 35 | C40: T0010016 | D40: m3-km | E40: Transporte tierra abonada | F40: 1300

Sheet Distancia Fuentes Materiales
B6: DISTANCIAS DE FUENTE DE MATERIALES
B8: MATERIAL | C8: UNIDAD | D8: DISTANCIA | E8: OBSERVACIONES
B9: Material de afirmado | C9: km | D9: 10
B10: Transporte de material de Sub Base CBR=40% | C10: km | D10: 33 | E10: PETRAE S.A.S
B11: Terraplén (con material seleccionado) | C11: km | D11: 10
B12: Terraplén (Material de la zona) | C12: km | D12: 10
B13: Recebo para relleno | C13: km | D13: =+D10 -> 33 | E13: =+E10 -> PETRAE S.A.S
B14: Agregado Triturado | C14: km | D14: =+D10 -> 33 | E14: =+E10 -> PETRAE S.A.S
B15: Arena Lavada | C15: km | D15: =+D10 -> 33 | E15: =+E10 -> PETRAE S.A.S
B16: Agregado Piedra Rajón | C16: km | D16: =+D10 -> 33 | E16: =+E10 -> PETRAE S.A.S
B17: Material de piedra para gavión | C17: km | D17: =+D10 -> 33 | E17: =+E10 -> PETRAE S.A.S
B18: Acero de refuerzo de FY = 4.200 Kg/cm 2 | C18: km | D18: 18 | E18: SANTANDER DE QUILICHAO
B19: Tubo de Concreto de 900 mm | C19: km | D19: =+D18 -> 18 | E19: =+E18 -> SANTANDER DE QUILICHAO
B20: Botadero | C20: km | D20: 5
B21: Transporte Fluvial | C21: Gl | D21: 10

Sheet Materiales
B1: INSTITUTO NACIONAL DE VÍAS SUBDIRECCIÓN DE PLANIFICACIÓN DE INFRAESTRUCTURA ANÁLISIS DE PRECIOS UNITARIOS DE REFERENCIA
B4: LISTADO DE MATERIALES
B5: # | C5: Código | D5: unidad | E5: Insumo | F5: Precio ($ COP) | G5: CATEGORÍA
B6: 1 | C6: B0010045 | D6: kg | E6: Abrasivo para sandblasting (arena sílica, de cuarzo y/o abrasivo sintético) | F6: 4059.4431 | G6: Agregados
B7: 2 | C7: B0020001 | D7: kg | E7: Acero A-36 para estructura metálica | F7: 5828.8219 | G7: Acero, alambres, soldadura y mallas metálicas
B8: 3 | C8: B0020004 | D8: kg | E8: Acero A-37 | F8: 5828.8219 | G8: Acero, alambres, soldadura y mallas metálicas
B9: 4 | C9: B0020002 | D9: kg | E9: Acero A-40 | F9: 5642.1175 | G9: Acero, alambres, soldadura y mallas metálicas
B10: 5 | C10: B0020003 | D10: kg | E10: Acero de refuerzo PDR-60, Fy: 4200 kg/cm2 | F10: 5500 | G10: Acero, alambres, soldadura y mallas metálicas
B11: 6 | C11: B0014905 | D11: kg | E11: Adhesivo bituminoso para tacha | F11: 59500 | G11: Aditivos y adhesivos
B12: 7 | C12: B0014896 | D12: kg | E12: Adhesivo epoxico para pega de concreto endurecido y concreto fresco | F12: 55 | G12: Aditivos y adhesivos
B13: 8 | C13: B003003 | D13: kg | E13: Aditivo acelerante de fraguado para concreto hidraulico | F13: 12500 | G13: Aditivos y adhesivos
B14: 9 | C14: B0014899 | D14: kg | E14: Aditivo acuoso acelerante de fraguado y resistencia del concreto | F14: 7500 | G14: Aditivos y adhesivos
B15: 10 | C15: B0030001 | D15: kg | E15: Aditivo curador para pilotes | F15: 44030 | G15: Aditivos y adhesivos
B16: 11 | C16: B003004 | D16: kg | E16: Aditivo inclusor de aire para concreto | F16: 590 | G16: Aditivos y adhesivos
B17: 12 | C17: B003007 | D17: kg | E17: Aditivo para modificar la reología | F17: 6456 | G17: Aditivos y adhesivos
... B25: 20 | C25: B0053102 | D25: m3 | E25: Agregado fino tamaño No. 2 - NTC 2240 | F25: 37800 | G25: Agregados
B26: 21 | C26: B0053103 | D26: m3 | E26: Agregado grueso (grava, grava triturada y/o roca triturada) | F26: =55000*1.19 -> 65450 | G26: Agregados
B27: 22 | C27: B0053193 | D27: m3 | E27: Agregado grueso para mezcla asfáltica (trituración de roca y/o de grava) | F27: 37888 | G27: Agregados
B28: 23 | C28: B0053100 | D28: m3 | E28: Agregado para concreto hidráulico | F28: 60892 | G28: Agregados
B29: 24 | C29: B0053160 | D29: m3 | E29: Agregado para lechada asfáltica gradación tipo LA 10 | F29: 62626 | G29: Agregados
B30: 25 | C30: B0053150 | D30: m3 | E30: Agregado para lechada asfáltica gradación tipo LA 13 | F30: 94720.34 | G30: Agregados
B31: 26 | C31: B0053180 | D31: m3 | E31: Agregado para lechada asfáltica gradación tipo LA 3 | F31: 94720.34 | G31: Agregados
B32: 27 | C32: B0053170 | D32: m3 | E32: Agregado para lechada asfáltica gradación tipo LA 5 | F32: 94720.34 | G32: Agregados
B33: 28 | C33: B0053111 | D33: m3 | E33: Agregado para tratamiento superficial doble tipo TSD-10 | F33: 94720.34 | G33: Agregados
B34: 29 | C34: B0053112 | D34: m3 | E34: Agregado para tratamiento superficial doble tipo TSD-25 | F34: 94720.34 | G34: Agregados
B35: 30 | C35: B0053121 | D35: m3 | E35: Agregado para tratamiento superficial tipo TSS-13 / TSD-13 | F35: 94720.34 | G35: Agregados
B36: 31 | C36: B0053122 | D36: m3 | E36: Agregado para tratamiento superficial tipo TSS-19/TSD-19 | F36: 94720.34 | G36: Agregados
B37: 32 | C37: B0053194 | D37: m3 | E37: Agregado pétreo para mezcla asfáltica tipo MAF-19 | F37: 81188.863 | G37: Agregados
B38: 33 | C38: B0053195 | D38: m3 | E38: Agregado pétreo para mezcla asfáltica tipo MAF-25 | F38: 81188.863 | G38: Agregados
... B62: 57 | C62: B009111 | D62: m3 | E62: Arena de trituración y/o arena natural | F62: 56120.75 | G62: Agregados
B63: 58 | C63: B0093350 | D63: m3 | E63: Agregado fino | F63: =33000*1.19 -> 39270 | G63: Agregados
B64: 59 | C64: B0093330 | D64: m3 | E64: Arena media de rio para capa de soporte | F64: 55109.444 | G64: Agregados
B65: 60 | C65: B0013281 | D65: m | E65: Armadura de acero galvanizado A-663 | F65: 5828.8219 | G65: Acero, alambres, soldadura y mallas metálicas
B66: 61 | C66: B008010 | D66: gl | E66: Asfalto líquido MC 70 | F66: 17756.628 | G66: Cementantes y bituminosos
B67: 62 | C67: B008011 | D67: gl | E67: Asfalto líquido MC-30 | F67: 16142.389 | G67: Cementantes y bituminosos
B68: 63 | C68: B008009 | D68: gl | E68: Asfalto líquido RC 250 | F68: 16142.389 | G68: Cementantes y bituminosos
B69: 64 | C69: B0010090 | D69: u | E69: Baño portátil sencillo | F69: 3988359.1 | G69: Independiente
B70: 65 | C70: B0013381 | D70: kg | E70: Barras de amarre corrugadas fy= 420 MPa | F70: 4629.6929 | G70: Acero, alambres, soldadura y mallas metálicas
B71: 66 | C71: B0013380 | D71: kg | E71: Barras de transferencia de carga (1'') | F71: 4629.6929 | G71: Acero, alambres, soldadura y mallas metálicas
B72: 67 | C72: B0013390 | D72: kg | E72: Barras de unión de 1/2" | F72: 4629.6929 | G72: Acero, alambres, soldadura y mallas metálicas
B73: 68 | C73: B0010016 | D73: u | E73: Barrera tipo maletín plástico de 2,00x1,40x0,50 m | F73: 514756.43 | G73: Señalización y seguridad vial
B74: 69 | C74: B0013410 | D74: kg | E74: Bentonita | F74: 5116.9451 | G74: Agregados
B75: 70 | C75: B0013430 | D75: m3 | E75: Bolsacreto de 1m3 | F75: 38907.519 | G75: Geosintéticos (Geomembranas, geotextiles, geoceldas, geomalla, geomantas, georedes)
... B242: 237 | C242: B0014346 | D242: m3 | E242: Material de sub- base clase C (NT1) gradación SBG-38 | F242: 33828.693 | G242: Agregados
B243: 238 | C243: B0014347 | D243: m3 | E243: Material de sub- base clase C (NT1) gradación SBG-50 | F243: =46000*1.19 -> 54740 | G243: Agregados
B244: 239 | C244: B0014380 | D244: m3 | E244: Material drenante (3") | F244: 67657.386 | G244: Agregados
B245: 240 | C245: B0014390 | D245: m3 | E245: Material filtrante MF-150 de 6" | F245: 67657.386 | G245: Agregados
B246: 241 | C246: B0014273 | D246: m3 | E246: Material fino o granular clase 1 para estabilizar con cemento | F246: 54580.748 | G246: Agregados
B247: 242 | C247: B0014274 | D247: m3 | E247: Material fino o granular clase 2 (CBR >= 10%) para estabilizar con cemento | F247: 54580.748 | G247: Agregados
B248: 243 | C248: B0014400 | D248: m3 | E248: Material para pedraplén | F248: 60891.647 | G248: Agregados
B249: 244 | C249: B0014405 | D249: L | E249: Material para sello de fisuras, grietas y juntas en pavimento asfaltico; compuesto por asfalto modificado con polímeros elastoméricos, que cumpla la norma ASTM D6690 y ASTM D5329. | F249: 74553.272 | G249: Aditivos y adhesivos
B250: 245 | C250: B0014410 | D250: m3 | E250: Material seleccionado para relleno | F250: 34113 | G250: Agregados
B251: 246 | C251: B0014420 | D251: m | E251: Mecha Lenta | F251: 1465.967 | G251: Explosivos
B252: 247 | C252: B0014450 | D252: m3 | E252: Mezcla abierta en caliente tipo MAC‐50 | F252: 442760.35 | G252: Cementantes y bituminosos
B253: 248 | C253: B0014440 | D253: m3 | E253: Mezcla abierta en caliente tipo MAC‐63 | F253: 431893.5 | G253: Cementantes y bituminosos
B254: 249 | C254: B0014430 | D254: m3 | E254: Mezcla abierta en caliente tipo MAC‐75 | F254: 425385.14 | G254: Cementantes y bituminosos
B255: 250 | C255: B0014461 | D255: m3 | E255: Mezcla abierta en frío MAF-19 | F255: 347616.38 | G255: Cementantes y bituminosos
... B289: 284 | C289: B0014700 | D289: m3 | E289: Piedra para concreto ciclópeo (rajón o canto rodado) | F289: 72121 | G289: Agregados
B290: 285 | C290: B0014710 | D290: m3 | E290: Piedra para gaviónes (entre 80mm y 200mm) | F290: =55000*1.19 -> 65450 | G290: Agregados
B291: 286 | C291: B0014735 | D291: m | E291: Pilote prefabricado en concreto de 28MPa de diámetro 0.40m | F291: 198016.6 | G291: Prefabricados
B292: 287 | C292: B0014740 | D292: gl | E292: Pintura acrílica pura para demarcacion vial. | F292: 137435.24 | G292: Señalización y seguridad vial
B293: 288 | C293: B0014750 | D293: gl | E293: Pintura acrílica, esmalte o similar | F293: 120324.62 | G293: Aditivos y adhesivos
B294: 289 | C294: B0014760 | D294: gl | E294: Pintura anticorrosiva | F294: 81098.585 | G294: Aditivos y adhesivos
B295: 290 | C295: B0014239 | D295: gl | E295: Pintura Imprimante | F295: 130321.1 | G295: Aditivos y adhesivos
B296: 291 | C296: B0014790 | D296: u | E296: Poste de madera curada de 2.3m para cercas | F296: 12375.383 | G296: Madera
B297: 292 | C297: B0014800 | D297: u | E297: Poste para señal de tránsito en ángulo de hierro de 2" x 2" x 1/4" de 3.5m. | F297: 140093.09 | G297: Señalización y seguridad vial
B298: 293 | C298: B0014801 | D298: u | E298: Poste para señal de tránsito en ángulo de hierro de 2" x 2" x 1/8" de 3.5m. | F298: 140093.09 | G298: Señalización y seguridad vial
B299: 294 | C299: B0014820 | D299: u | E299: Postes de 1.20m de concreto reforzado de 21 MPa para cercas (segun especificaciones) | F299: 61959.509 | G299: prefabricados
B300: 295 | C300: B0014830 | D300: u | E300: Postes de fijacion galvanizado para defensa metálica (1,80m) | F300: 201544.88 | G300: Señalización y seguridad vial
B301: 296 | C301: B0014840 | D301: lb | E301: Puntilla de acero estriada con cabeza de 1" | F301: 6013.2183 | G301: Básicos
B302: 297 | C302: B0014870 | D302: kg | E302: Resina termoplástica para demarcación vial y tachas | F302: 7056.91 | G302: Aditivos y adhesivos
... B373: 368 | C373: B0015367 | D373: kg | E373: Varilla de acero corrugada No. 8 (1) | F373: 3871.9505 | G373: Acero, alambres, soldadura y mallas metálicas

Sheet Equipos
B1: INSTITUTO NACIONAL DE VÍAS SUBDIRECCIÓN DE PLANIFICACIÓN DE INFRAESTRUCTURA ANÁLISIS DE PRECIOS UNITARIOS DE REFERENCIA | H1: OBSERVACIONES
B4: LISTADO DE EQUIPOS
B5: # | C5: Código | D5: unidad | E5: Insumo | F5: CLASIFICACIÓN | G5: Precio ($ COP)
B6: 1 | C6: C0010011 | D6: u | E6: Andamiaje para aplicar la carga (Equipo sustituto de la tara) | F6: Mixto - Herramienta menor | G6: 63714.724
B7: 2 | C7: C0010010 | D7: h | E7: Aspersor manual de 20 litros | F7: Mixto - Herramienta menor | G7: 3397
B8: 3 | C8: C0010015 | D8: h | E8: Astilladora de madera para triturar, potencia aproximada 75 HP | F8: Mixto - Herramienta menor | G8: 82709.325
B9: 4 | C9: C0010600 | D9: h | E9: Motobomba de concreto | F9: Concreto y mortero | G9: 78657.923
B10: 5 | C10: C0010020 | D10: h | E10: Barredora de succión, almacenamiento aproximado 6 m3 | F10: Mixto - Herramienta menor | G10: 122335.37
B11: 6 | C11: C0010030 | D11: h | E11: Bomba de concreto, producción: 30 m3/h- 50 m3/h | F11: Concreto y mortero | G11: 64055.005
B12: 7 | C12: C0010040 | D12: h | E12: Bomba de inyección de lechada | F12: Concreto y mortero | G12: 64052.018
B13: 8 | C13: C0010034 | D13: h | E13: Bomba eléctrica para accionar la celda especial de carga | F13: Mixto - Herramienta menor | G13: 64257.481
B14: 9 | C14: C0010050 | D14: h | E14: Bomba para gato de tensionamiento (fuerza máxima 300 toneladas) | F14: Mixto - Herramienta menor | G14: 79501.781
B15: 10 | C15: C0010053 | D15: h | E15: Buldozer potencia al volante de 305 HP, motor de 2100 RPM, longitud de hoja 6,39m | F15: Movimiento de tierra | G15: 181000
B16: 11 | C16: C0010052 | D16: h | E16: Buldozer, potencia al volante de 140 HP, motor de 2200 RPM, longitud de hoja 4,80m | F16: Movimiento de tierra | G16: 172248.75
B17: 12 | C17: C0010051 | D17: h | E17: Buldozer, Potencia al volante de 80 HP, motor de 2400 RPM, longitud de hoja 3,99m | F17: Movimiento de tierra | G17: 150717.66
... B137: 132 | C137: C0010959 | D137: h | E137: Volqueta 7 m3 | F137: Transporte – Acarreo | G137: 67284.67

Sheet Mano de Obra
A4: MANO DE OBRA | B4: UNIDAD | C4: COSTO
A5: Oficial | B5: día | C5: =+C6*2 -> 86708
A6: Obrero | B6: día | C6: =ROUND(1300606/30,0) -> 43354

Sheet Rendimientos
A2: RENDIMIENTOS DE REFERENCIA
A6: OBRAS DE MEJORAMIENTO
A7: ACTIVIDAD | E7: PERSONAL | H7: RENDIMIENTO
A8: ALCANTARILLA | E8: 1 OFICIAL, 5 AYUDANTES | H8: 12 días X Alcantarilla
A9: PLACA HUELLA | E9: 2 OFICIAL, 8 AYUDANTES | H9: 45 ml / semana
A10: MURO EN GAVIÓN | E10: 1 OFICIAL, 5 AYUDANTES | H10: 40 m3 / semana
A11: BOX-CULVERT 1 X 2 | E11: 2 OFICIALES, 4 AYUDANTES | H11: 3 meses
A12: CUNETAS | E12: 2 OFICIAL, 6 AYUDANTES | H12: 200 ml / semana
A15: OBRAS DE MANTENIMIENTO
A16: ACTIVIDAD | E16: PERSONAL | H16: RENDIMIENTO
A17: LIMPIEZA DE ALCANTARILLAS | E17: 2 AYUDANTES | H17: 3 días X Alcantarilla
A18: ROCERÍA | E18: 2 AYUDANTES | H18: 1000 ml / Dos carriles
A21: Nota: Los rendimientos indicados provienen de la ejecución de los convenios solidarios con OAC, que el INVIAS actualmente tiene en ejecución.

Sheet Costos Admon
B5: COSTOS DE ADMINISTRACIÓN DE REFERENCIA
B7: ÍTEM | E7: MESES | G7: 3
B8: 1 | C8: PERSONAL TÉCNICO Y ADMINISTRATIVO
B9: 1.1 | C9: Residente de Obra (CPS) | D9: Mes | E9: 3 | F9: 3500000 | G9: =+F9*E9 -> 10500000
B10: 1.2 | C10: Inspector SISO (CPS) | D10: Mes | E10: 0 | F10: 2320000 | G10: =+F10*E10 -> 0
B11: 1.3 | C11: Contador Público (CPS) | D11: Mes | E11: 1 | F11: 2800000 | G11: =+F11*E11 -> 2800000
B12: 1.4 | C12: Maestro de obra (Nómina) | D12: Mes | E12: =+$G$7 -> 3 | F12: 2320000 | G12: =+F12*E12 -> 6960000 | I12: =+F12+1444469 -> 3764469 | J12: =+F12/24 -> 96666.667
B13: 1.4.1 | C13: Carga Prestacional Maestro de Obra | D13: Mes | E13: 3 | F13: 1517765 | G13: =+F13*E13 -> 4553295 | I13: =+I12/24 -> 156852.88
B14: SUBTOTAL | G14: =+SUM(G9:G13) -> 24813295
B15: 2 | C15: SEGURIDAD INDUSTRIAL Y DOTACIÓN
B16: 2.1 | C16: Casco Industrial con certificación ansi con rache para obrero | D16: Unidad | E16: 7 | F16: 17850 | G16: =+F16*E16 -> 124950
B17: 2.2 | C17: Bota en caucho punta de acero para obrero | D17: Unidad | E17: 7 | F17: 63070 | G17: =+F17*E17 -> 441490
B18: 2.3 | C18: Gafa industrial unilente clara protectora | D18: Unidad | E18: 7 | F18: 6545 | G18: =+F18*E18 -> 45815
B19: 2.4 | C19: Guante de Carnaza corto reforzado | D19: Unidad | E19: =+E16*2 -> 14 | F19: 7735 | G19: =+F19*E19 -> 108290
B20: 2.5 | C20: Guante baqueta corto reforzado | D20: Unidad | E20: =+E16*2 -> 14 | F20: 7140 | G20: =+F20*E20 -> 99960
B21: 2.6 | C21: Peto Carnaza | D21: Unidad | E21: 1 | F21: 26180 | G21: =+F21*E21 -> 26180
B22: 2.7 | C22: Careta para guadañar | D22: Unidad | E22: 1 | F22: 30345 | G22: =+E22*F22 -> 30345
B23: 2.8 | C23: Tapaoidos de inserción siliconado | D23: Unidad | E23: 14 | F23: 2975 | G23: =+F23*E23 -> 41650
B24: 2.9 | C24: Botiquín Tipo A | D24: Unidad | E24: 1 | F24: 70000 | G24: =+F24*E24 -> 70000
B25: 2.10 | C25: Uniforme | D25: Unidad | E25: 7 | F25: 140000 | G25: =+F25*E25 -> 980000
B26: SUBTOTAL | G26: =+SUM(G16:G25) -> 1968680
B27: 3 | C27: MEDIDAS AMBIENTALES
B28: 3.1 | C28: Tela polipropileno para cerramiento H=2,10 M | D28: ML | E28: 30 | F28: 6700 | G28: =+F28*E28 -> 201000
B29: 3.2 | C29: Plástico negro Cal. 6 ancho 4m para cubrimiento de agregados | D29: ML | E29: 40 | F29: 7200 | G29: =+F29*E29 -> 288000
B30: 3.3 | C30: Cinta de demarcación L=500 M | D30: UND | E30: 2 | F30: 47000 | G30: =+F30*E30 -> 94000
B31: 3.4 | C31: Cono de señalización en Plástico h=70 cm reforzado | D31: UND | E31: 2 | F31: 50000 | G31: =+F31*E31 -> 100000
B32: 3.5 | C32: Paleta de señalización PARE-SIGA | D32: UND | E32: 2 | F32: 30000 | G32: =+F32*E32 -> 60000
B33: 3.6 | C33: Caneca Plástica 55 gal para residuos | D33: UND | E33: 3 | F33: 70000 | G33: =+F33*E33 -> 210000
B34: SUBTOTAL | G34: =+SUM(G28:G33) -> 953000
B35: 4 | C35: GASTOS BANCARIOS
B36: 4.1 | C36: Gravámenes financieros 4*1000 | D36: Global | E36: 1 | F36: 541258 | G36: =+E36*F36 -> 541258
B37: 4.2 | C37: Chequeras (100 cheques) o token | D37: Global | E37: 2 | F37: 350000 | G37: =+F37*E37 -> 700000
B38: SUBTOTAL | G38: =+SUM(G36:G37) -> 1241258
B39: 5 | C39: OTROS COSTOS
B40: 5.1 | C40: Ensayos de Laboratorio | D40: Unidad | E40: 20 | F40: 35000 | G40: =+E40*F40 -> 700000
B41: 5.2 | C41: Valla (1x2) | D41: Global | E41: 1 | F41: 350000 | G41: =+F41*E41 -> 350000
B42: 5.3 | C42: Revisión y/o Ajuste de Estudios y Diseños | D42: Global | E42: 1 | F42: 6500000 | G42: =+F42*E42 -> 6500000
B43: 5.4 | C43: Topografía | D43: Mes | E43: 2 | F43: 1500000 | G43: =+F43*E43 -> 3000000
B44: 5.5 | C44: Bodega | D44: Mes | E44: 2 | F44: 200000 | G44: =+F44*E44 -> 400000
B45: 5.6 | C45: Exámenes de ingreso personal nómina | D45: Global | E45: =+E16+4 -> 11 | F45: 60000 | G45: =+F45*E45 -> 660000
B46: 5.7 | C46: Pólizas | D46: Global | E46: 1 | F46: 1800000 | G46: =+F46*E46 -> 1800000
B47: 5.8 | C47: Subsidio al dignatario para transporte | D47: Mes | E47: =+G7 -> 3 | F47: 400000 | G47: =+ROUND(E47*F47,0) -> 1200000
B48: 5.9 | C48: Caja menor-Papelería | D48: Mes | E48: =+G7 -> 3 | F48: 250000 | G48: =+ROUND(E48*F48,0) -> 750000
B49: SUBTOTAL | G49: =+SUM(G40:G48) -> 15360000
B50: TOTAL | G50: =+G14+G26+G34+G38+G49 -> 44336233
E53: SUB-TOTAL OBRA | G53: {=+Presupuesto!J55:K55} -> 151130895 | H53: 0

Sheet Alcance Convenio
A4: ALCANCE DEL CONVENIO SOLIDARIO
A6: DEPARTAMENTO | B6: MUNICIPIO | C6: NOMBRE DEL ORGANISMO DE ACCIÓN COMUNAL | D6: LONGITUD CORREDOR (km) | E6: MANTENIMIENTO RUTINARIO | G6: MEJORAMIENTO
E7: LIMPIEZA DE ALCANTARILLAS (UND) | F7: ROCERÍA (HA) | G7: PLACA HUELLA (ml) | H7: ALCANTARILLAS (UND) | I7: BOX-CULVERT 1X1 (UND) | J7: BOX-CULVERT 1X2 (UND) | K7: MUROS EN GAVIONES (UND) | L7: CUNETAS (ml)
A8: CAUCA | B8: SANTANDER DE QUILICHAO | C8: JUNTA DE ACCION COMUNAL DE LA VEREDA DE LA PALOMERA | D8: 0.29 | E8: 0 | F8: 0 | G8: 165 | H8: 2 | I8: 0 | J8: 0 | K8: 0 | L8: 0

Sheet Presupuesto
A4: PRESUPUESTO ESTIMADO DE REFERENCIA
A5: =+CONCATENATE("AUNAR ESFUERZOS ENTRE EL INSTITUTO NACIONAL DE VIAS Y LA ",'Alcance Convenio'!C8," DEL MUNICIPIO DE ",'Alcance Convenio'!B8," EN EL DEPARTAMENTO DE CAUCA PARA EL MEJORAMIENTO VIAL EN EL MARCO DEL PROGRAMA CAMINOS COMUNITARIOS DE LA PAZ TOTAL. ") -> AUNAR ESFUERZOS ENTRE EL INSTITUTO NACIONAL DE VIAS Y LA JUNTA DE ACCION COMUNAL DE LA VEREDA DE LA PALOMERA DEL MUNICIPIO DE SANTANDER DE QUILICHAO EN EL DEPARTAMENTO DE CAUCA PARA EL MEJORAMIENTO VIAL EN EL MARCO DEL PROGRAMA CAMINOS COMUNITARIOS DE LA PAZ TOTAL.
A6: DEPARTAMENTO | C6: MUNICIPIO | E6: NOMBRE DEL ORGANISMO DE ACCIÓN COMUNAL | G6: LONGITUD DEL CORREDOR (Km) | I6: DIRECCIÓN TERRITORIAL | J6: FECHA ELABORACIÓN
A7: CAUCA | C7: =+'Alcance Convenio'!B8 -> SANTANDER DE QUILICHAO | E7: =+'Alcance Convenio'!C8 -> JUNTA DE ACCION COMUNAL DE LA VEREDA DE LA PALOMERA | G7: =+'Alcance Convenio'!D8 -> 0.29 | I7: CAUCA | J7: =+TODAY() -> 45225
A8: ACTIVIDADES DE MEJORAMIENTO
A9: No | B9: ÍTEM DE PAGO | C9: ESPECIFICACIONES | E9: DESCRIPCIÓN | G9: UNID | H9: CANTIDAD | I9: VALOR UNITARIO | J9: VALOR TOTAL
C10: GENERAL 2013 | D10: PARTICULAR
A12: SECCIÓN 1 - ACTIVIDADES DE MANTENIMIENTO
A13: LIMPIEZA OBRAS MENORES DE DRENAJE
A14: 1 | B14: 800.1P | C14: 800-13 | D14: PART | E14: Limpieza a mano de alcantarillas de 600mm a 900mm | G14: ml | H14: =TRUNC('Memoria Mantenimiento'!D15,2) -> 0 | I14: =ROUND('800.1P'!N78,0) -> 64271 | J14: =ROUND(H14*I14,0) -> 0
A15: SUB-TOTAL | J15: =SUM(J14) -> 0
A16: DESMONTE Y LIMPIEZA DE ZONAS NO BOSCOSAS
A17: 2 | B17: 200.2 | C17: 200-13 | E17: Desmonte y limpieza de zonas no boscosas | G17: Ha | H17: =TRUNC('Memoria Mantenimiento'!G22,2) -> 0 | I17: =ROUND('200.2'!N78,0) -> 178125 | J17: =ROUND(H17*I17,0) -> 0
A18: SUB-TOTAL | J18: =SUM(J17) -> 0
A19: SECCIÓN 2 - ACTIVIDADES DE MEJORAMIENTO
A20: CONSTRUCCIÓN PLACA HUELLA
A21: 3 | B21: 600.1.1 | C21: 600-13 | E21: Excavaciones varias sin Clasificar | G21: M3 | H21: =TRUNC('Memoria Placa Huella'!E22,2) -> 94.77 | I21: =+ROUND('600.1.1'!N78,0) -> 23590 | J21: =ROUND(H21*I21,0) -> 2235624
A22: 4 | B22: 320.3 | C22: 320-13 | E22: Subbase Granular Clase C | G22: M3 | H22: =TRUNC('Memoria Placa Huella'!E20,2) -> 124.2 | I22: =+ROUND('320.3.1'!N78,0) -> 139142 | J22: =ROUND(H22*I22,0) -> 17281436
A23: 5 | B23: 630.1.4.1 | C23: 630-13 | E23: Concreto reforzado resistencia 21 MPA (D) - mezcla in situ | G23: M3 | H23: =TRUNC('Memoria Placa Huella'!E17,2) -> 81.75 | I23: =+ROUND('630.1.4.1'!N78,0) -> 644646 | J23: =ROUND(H23*I23,0) -> 52699811
A24: 6 | B24: 630.1.7 | C24: 630-13 | E24: Concreto Ciclópeo Resistencia 14MPa (G) | G24: M3 | H24: =TRUNC('Memoria Placa Huella'!E21,2) -> 21.48 | I24: =+ROUND('630.1.7'!N78,0) -> 370259 | J24: =ROUND(H24*I24,0) -> 7953163 | L24: ML PLACA
A25: 7 | B25: 640.1 | C25: 640-13 | E25: Acero de refuerzo de FY = 4.200 Kg/cm 2 (60.000 PSI) | G25: KG | H25: =TRUNC('Memoria Placa Huella'!E19,2) -> 4220.52 | I25: =+ROUND('640.1'!N78,0) -> 7013 | J25: =ROUND(H25*I25,0) -> 29598507
A26: SUB-TOTAL | J26: =SUM(J21:K25) -> 109768541 | L26: =+J26/'Memoria Placa Huella'!C6 -> 665263.88
A27: CONSTRUCCIÓN DE ALCANTARILLAS
A28: =A25+1 -> 8 | B28: 600.1.1 | C28: 600-13 | E28: Excavaciones Varias sin Clasificar | G28: M3 | H28: =+TRUNC('Alcan Tipo I '!G14+'Alcan Tipo II'!G14+'Alcan Tipo III'!G14,2) -> 87 | I28: =+ROUND('600.1.1'!N78,0) -> 23590 | J28: =ROUND(H28*I28,0) -> 2052330
A29: =A28+1 -> 9 | B29: 600.2.1 | C29: 600-13 | E29: Excavaciones en roca en seco | G29: M3 | H29: =+TRUNC('Alcan Tipo I '!G15+'Alcan Tipo II'!G15+'Alcan Tipo III'!G15,2) -> 15.3 | I29: =+ROUND('600.2.1'!N78,0) -> 51385 | J29: =ROUND(H29*I29,0) -> 786191
A30: =A29+1 -> 10 | B30: 201.7 | C30: 201-13 | E30: Demolición de Estructuras | G30: M3 | H30: =+TRUNC('Alcan Tipo I '!E94+'Alcan Tipo II'!E92+'Alcan Tipo III'!E93,2) -> 7.16 | I30: =+ROUND('201.7'!N78,0) -> 167468 | J30: =ROUND(H30*I30,0) -> 1199071
A31: =+A30+1 -> 11 | B31: 630.1.6 | C31: 630-13 | E31: Concreto reforzado resistencia 14 Mpa (F) - mezcla in situ | G31: M3 | H31: =+TRUNC('Alcan Tipo I '!G18+'Alcan Tipo II'!G18+'Alcan Tipo III'!G18,2) -> 0.9 | I31: =+ROUND('630.1.6'!N78,0) -> 465805 | J31: =ROUND(H31*I31,0) -> 419225
A32: =+A31+1 -> 12 | B32: 630.1.4.1 | C32: 630-13 | E32: Concreto reforzado resistencia 21 MPa (D) - mezcla in situ | G32: M3 | H32: =+TRUNC('Alcan Tipo I '!G17+'Alcan Tipo II'!G17+'Alcan Tipo III'!G17,2) -> 19.9 | I32: =+ROUND('630.1.4.1'!N78,0) -> 644646 | J32: =ROUND(H32*I32,0) -> 12828455
A33: =+A32+1 -> 13 | B33: 640.1 | C33: 640-13 | E33: Acero de Refuerzo Fy 4200 Mpa | G33: KG | H33: =+TRUNC('Alcan Tipo I '!G20+'Alcan Tipo II'!G20+'Alcan Tipo III'!G20,2) -> 1210.3 | I33: =+ROUND('640.1'!N78,0) -> 7013 | J33: =ROUND(H33*I33,0) -> 8487834
A34: =+A33+1 -> 14 | B34: 610.2 | C34: 610-13 | E34: Relleno para Estructuras con Recebo | G34: M3 | H34: =+TRUNC('Alcan Tipo I '!G16+'Alcan Tipo II'!G16+'Alcan Tipo III'!G16,2) -> 45.9 | I34: =+ROUND('610.2'!M84,0) -> 131214 | J34: =ROUND(H34*I34,0) -> 6022723
A35: =+A34+1 -> 15 | B35: 661.3 | C35: 661-13 | E35: Tubería de Concreto Reforzado 21 Mpa de 900 mm de diámetro interior | G35: M | H35: =+TRUNC('Alcan Tipo I '!G19+'Alcan Tipo II'!G19+'Alcan Tipo III'!G19,2) -> 10 | I35: =+ROUND('661.3'!N78,0) -> 861266 | J35: =ROUND(H35*I35,0) -> 8612660 | L35: ALC X UND
A36: 16 | B36: 610.1P | C36: 610-13 | D36: X | E36: Relleno para Estructuras con material producto de la excavación | G36: M3 | H36: =+TRUNC('Memoria Placa Huella'!H20,2) -> 45 | I36: =+ROUND('610.1 P'!N78,0) -> 21197 | J36: =ROUND(H36*I36,0) -> 953865
A37: SUB-TOTAL | J37: =SUM(J28:K36) -> 41362354 | L37: =+J37/('Alcan Tipo I '!B26+'Alcan Tipo II'!B24+'Alcan Tipo III'!B24) -> 20681177
A38: CONSTRUCCIÓN DE BOX-CULVERT
A39: =+A36+1 -> 17 | B39: 600.1.1 | C39: 600-13 | E39: Excavaciones Varias sin Clasificar | G39: M3 | H39: =TRUNC(+'Memoria Box-Culvert'!H11,2) -> 0 | I39: =+ROUND('600.1.1'!N78,0) -> 23590 | J39: =ROUND(H39*I39,0) -> 0
A40: =+A39+1 -> 18 | B40: 600.2.1 | C40: 600-13 | E40: Excavaciones en roca en seco | G40: M3 | H40: =TRUNC('Memoria Box-Culvert'!H12,2) -> 0 | I40: =+ROUND('600.2.1'!N78,0) -> 51385 | J40: =ROUND(H40*I40,0) -> 0
A41: =+A40+1 -> 19 | B41: 610.1 | C41: 610-13 | E41: Relleno para Estructuras con Suelo | G41: M3 | H41: =TRUNC('Memoria Box-Culvert'!H5,2) -> 0 | I41: =+ROUND('610.1'!N78,0) -> 117495 | J41: =ROUND(H41*I41,0) -> 0
A42: =+A41+1 -> 20 | B42: 630.4 | C42: 630-13 | E42: Concreto Clase D (210 kg/cm2 ó 3000 PSI) | G42: M3 | H42: =TRUNC('Memoria Box-Culvert'!H13,2) -> 0 | I42: =+ROUND('630.1.4.1'!N78,0) -> 644646 | J42: =ROUND(H42*I42,0) -> 0
A43: =+A42+1 -> 21 | B43: 630.6 | C43: 630-13 | E43: Concreto Clase F (140 kg/cm2 ó 2000 PSI) | G43: M3 | H43: =TRUNC('Memoria Box-Culvert'!H14,2) -> 0 | I43: =+ROUND('630.1.6'!N78,0) -> 465805
A44: =+A43+1 -> 22 | B44: 640.1 | C44: 640-13 | E44: Acero de Refuerzo Fy 4200 Mpa | G44: M3 | H44: =TRUNC('Memoria Box-Culvert'!H15,2) -> 0 | I44: =+ROUND('640.1'!N78,0) -> 7013 | J44: =ROUND(H44*I44,0) -> 0
A45: SUB-TOTAL | J45: =SUM(J39:K44) -> 0
A46: CONSTRUCCIÓN DE MURO EN GAVIONES
A47: =+A44+1 -> 23 | B47: 600.1.1 | C47: 600-13 | E47: Excavaciones varias sin clasificar | G47: M3 | H47: =TRUNC('Memoria Muro Gaviones'!F19,2) -> 0 | I47: =+ROUND('600.1.1'!N78,0) -> 23590 | J47: =ROUND(H47*I47,0) -> 0
A48: =A47+1 -> 24 | B48: 673.1.1 | C48: 673-13 | E48: Geotextil tipo no tejido con resistencia a la tensión grab mínima de 700 n aproximadamente | G48: M2 | H48: =TRUNC('Memoria Muro Gaviones'!F25,2) -> 0 | I48: =+ROUND('673.1.1'!M85,0) -> 9747 | J48: =ROUND(H48*I48,0) -> 0
A49: =A48+1 -> 25 | B49: 681.1 | C49: 681-13 | E49: Gaviones de malla de alambre de acero entrelazado clase 1; recubrimiento de zinc (galvanizado) | G49: M3 | H49: =TRUNC('Memoria Muro Gaviones'!F41,2) -> 0 | I49: =+ROUND('681.1'!M85,0) -> 313587 | J49: =ROUND(H49*I49,0) -> 0
A50: =A49+1 -> 26 | B50: 630.6 | C50: 630-13 | E50: Concreto Clase F (140 kg/cm2 ó 2000 PSI) | G50: M3 | H50: =TRUNC('Memoria Muro Gaviones'!F30,2) -> 0 | I50: =+ROUND('630.1.6'!N78,0) -> 465805 | J50: =ROUND(H50*I50,0) -> 0
A51: =A50+1 -> 27 | B51: 610.2 | C51: 610-13 | E51: Relleno para Estructuras con recebo | G51: M3 | H51: =TRUNC('Memoria Muro Gaviones'!F36,2) -> 0 | I51: =+ROUND('610.2'!M84,0) -> 131214 | J51: =ROUND(H51*I51,0) -> 0
A52: 28 | B52: 673.2 | E52: Material Drenante | G52: M3 | H52: =TRUNC('Memoria Muro Gaviones'!F51,2) -> 0 | I52: =+ROUND('673.2'!M85,0) -> 129222 | J52: =ROUND(H52*I52,0) -> 0
A53: 29 | B53: 674.1.1P | D53: X | E53: Dren horizontal de longitud menor o igual a diez (10) metros | G53: M3 | H53: =TRUNC('Memoria Muro Gaviones'!F46,2) -> 0 | I53: =+ROUND('674.1.1P'!M95,0) -> 41814 | J53: =ROUND(H53*I53,0) -> 0
A54: SUB-TOTAL | J54: =SUM(J47:K53) -> 0
A55: SUB-TOTAL BÁSICO DE OBRA | J55: =+ROUND(J26+J37,0) -> 151130895
A56: PAGA (GESTIÓN SOCIAL Y AMBIENTAL) | J56: =ROUND(J55*3%,0) -> 4533927
A58: GASTOS ADMINISTRATIVOS | J58: =+'Costos Admon'!G50 -> 44336233 | L58: =+J58/J55 -> 0.29336313
A59: VALOR ESTIMADO CONVENIO | J59: =+ROUND(J55+J56+J58,0) -> 200001055 | L59: =+J59 -> 200001055 | M59: Valor del presupuesto | N59: 199189424
L60: 1000000 | M60: Aporte de la JAC
L61: =+L59+L60 -> 201001055 | M61: Valor Numeral 3.0 | N61: 200189424
L62: 1160000 | M62: Valor SMMLV
A63: Elaboró: Firma Profesional que elaboró el presupuesto | G63: Revisó: Firma Líder Zona Programa | L63: =+ROUND(L61/L62,2) -> 173.28 | M63: SMMLV
A64: Nombre: Kevin Santiago Bravo | G64: Nombre: Mónica Alexandra Díaz Jaime
A65: Cargo: Profesional de Apoyo de la DT-CAU | G65: Cargo: Líder Estructuración zona Sur Occidente
A66: Matrícula Profesional: 171037-0617538 VLL | G66: Matrícula Profesional: 68202-288483 STD

Sheet Memoria Mantenimiento
A2: MEMORIAS DE CÁLCULO ACTIVIDADES DE MANTENIMIENTO
K4: Jornales | Q4: DISTANCIAS
K5: Obrero | L5: =+'Mano de Obra'!C5 -> 86708
A7: LIMPIEZA OBRAS MENORES DE DRENAJE
B9: ELEMENTO | D9: LOCALIZACIÓN
B10: Alcantarilla No. 1 | E10: =+IF(D10>0,"SI","NO") -> NO
B11: Alcantarilla No. 2 | E11: =+IF(D11>0,"SI","NO") -> NO
B12: Alcantarilla No. 3 | E12: =+IF(D12>0,"SI","NO") -> NO
B13: Alcantarilla No. 4 | E13: =+IF(D13>0,"SI","NO") -> NO
B14: Alcantarilla No. 5 | E14: =+IF(D14>0,"SI","NO") -> NO
B15: TOTAL | D15: =+COUNTIF(E10:E14,"SI") -> 0
A18: DESMONTE Y LIMPIEZA DE ZONAS NO BOSCOSAS
B21: ELEMENTO | D21: Altura Izq (ml) | E21: Altura Der (ml) | F21: Longitud (ml) | G21: TOTAL (Ha)
B22: Rocería | D22: 2 | E22: 2 | F22: 0 | G22: =+((D22+E22)*(F22))/10000 -> 0

Sheet Memoria Placa Huella
A2: MEMORIAS DE CALCULO
A3: SECCIÓN 2 - ACTIVIDADES DE MEJORAMIENTO
A4: CONSTRUCCIÓN PLACA HUELLA
B6: LONGITUD P.H. (m) | C6: ='Alcance Convenio'!G8 -> 165 | D6: LONG V.R. (m) | E6: =C7 -> 3.6 | F6: No V.R. | G6: =+(G7/2)+1 -> 53 | H6: Sobreancho Promedio Ciclópeo (m) | J6: =IF((C7-2.7>1.6),C7-4.1,(0)) -> 0 | M6: CONCRETO - D - P.H. | O6: CONCRETO CICLOPEO
B7: ANCHO P.H. (m) | C7: 3.6 | D7: LONG HUELLA (m) | E7: 3 | F7: No Secciones | G7: =+(ROUND((C6/3.2),0))*2 -> 104 | H7: ALTO VR (m) | J7: 0.25 | M7: CANTIDAD HUELLAS (M3) | N7: =+ROUND((G7*0.9*E10*E7),2) -> 42.12 | O7: CANTIDAD CENTRO (M3) | P7: =+ROUND(((G7/2)*0.9*E10*E7),2) -> 21.06
M8: CANTIDAD VIGAS RIOST. (M3) | N8: =+ROUND((G6*E6*J7*C10),2) -> 9.54 | O8: CANTIDAD SOBREANCHO (M3) | P8: =+ROUND(((G7/2)*J6*E10*E7),2) -> 0
M9: CANTIDAD CUNETA (M3) | N9: =+ROUND((G7*E7*E10*D11),2) -> 21.06
B10: ANCHO VR (m) | C10: 0.2 | D10: ESP P.H (m) | E10: 0.15 | F10: ESP SBG (m) | G10: 0.15 | H10: ESP CUNETA (m) | I10: 0.15 | M10: CANTIDAD BORDILLOS (M3) | N10: =+ROUND((C6*D13*I10*2),2) -> 7.43
B11: ANCHO CUNETA INCL. BORD (m) | D11: =+(C7-2.7-J6)/2 -> 0.45 | M11: TOTAL CONCRETOS P.H. | N11: =+ROUND((N7+N8+N9+N10),2) -> 80.15 | O11: TOTAL CONCRETO | P11: =+ROUND((P7+P8),2) -> 21.06
B12: ANCHO CUNETA PLACA (m) | D12: =+D11-0.15 -> 0.3 | M12: ACERO P.H. Y VR | O12: ACERO CUNETAS Y BORDILLOS
B13: ANCHO BORDILLO | D13: 0.15 | M13: CANTIDAD ACERO REFUERZO VR LONG (KG) | N13: =+ROUND((G6*(E6-0.1)*4*0.56),2) -> 415.52 | O13: CANTIDAD ACERO REFUERZO CUNETA LONG (KG) | P13: =ROUND(3*2*C6*0.56,2) -> 554.4
M14: CANTIDAD ACERO REFUERZO VR TRANSV. (KG) | N14: =+ROUND((((E6/0.25))*0.65*0.56*G6),2) -> 277.8 | O14: CANTIDAD ACERO REFUERZO CUNETA TRANSV. (KG) | P14: =ROUND(15*2*G7*0.45*0.56,2) -> 786.24
M15: CANTIDAD ACERO REFUERZO PH LONG (KG) | N15: =+ROUND(4*2*C6*0.56,2) -> 739.2 | O15: CANTIDAD ACERO REFUERZO BORDILLO LONG (KG) | P15: =ROUND(2*2*$C$6*0.56,2) -> 369.6
B16: Item | E16: "+2% desp" | G16: RELLENOS HOMBROS TALUD | M16: CANTIDAD ACERO REFUERZO PH TRANSV. (KG) | N16: =ROUND((E7/0.2),0)*(0.8*0.56*G7) -> 698.88 | O16: CANT. FLEJES BORDILLO (KG) | P16: =+ROUND((((C6/0.25)+1)*0.4*2*0.56),2) -> 296.13
B17: Concreto clase D (210 kg/cm2 ó 3000 PSI) - Placa, VR, Cuneta y Bordillos | E17: =N11*1.02 -> 81.753 | G17: Ancho | H17: =0.45*2 -> 0.9 | M17: TOTAL ACERO P.H. | N17: =+ROUND((N13+N14+N15++N16),2) -> 2131.4 | O17: TOTAL ACERO CUNETAS | P17: =+ROUND((P13+P14+P15+P16),2) -> 2006.37
B18: Concreto clase D (210 kg/cm2 ó 3000 PSI) - Placa, VR, Cuneta y Bordillos | G18: Alto | H18: 0.15
B19: Acero de refuerzo de FY = 4.200 Kg/cm 2 (60.000 PSI) - Placa, VR, cunetas y bordillos | E19: =+(N17+P17)*1.02 -> 4220.5254 | G19: Longitud | H19: =+C6*2 -> 330
B20: Subbase Granular Clase C | E20: =+C6*((C7+0.5))*G10*1.02*1.2 -> 124.2054 | G20: Volumen M3 | H20: =ROUND(H19*H18*H17,0) -> 45
B21: Concreto Ciclópeo (Concreto Clase D f'c = 21 MPa 60% concreto - 40% agregado ciclópeo) | E21: =P11*1.02 -> 21.4812
B22: Excavaciones Varias sin Clasificar | E22: =+ROUND(((J7-E10)*E6*G6*0.2+(C6*E10*C7)),2)*1.02 -> 94.7784

Sheet Alcan Tipo I 
A8: SECCIÓN 2 - ACTIVIDADES DE MEJORAMIENTO
A9: CONSTRUCCIÓN ALCANTARILLAS
A11: RESUMEN DE LA ACTIVIDAD COMPLETA
A12: Ítems que conforman la actividad:
A13: ÍTEMS DE PAGO | B13: ESP. GRAL. | C13: DESCRIPCIÓN | F13: UNIDAD | G13: CANTIDAD | H13: VR. UNITARIO | I13: VR. PARCIAL
A14: 600.1.1 | B14: 600-13 | C14: Excavaciones varias sin clasificar | F14: m3 | G14: =ROUND(I35*0.85,1) -> 87 | H14: =+'600.1.1'!N78 -> 23590.098 | I14: =+G14*H14 -> 2052338.5
A15: 600.2.1 | B15: 600-13 | C15: Excavaciones Varias en rocas en seco | F15: m3 | G15: =ROUND(I35*0.15,1) -> 15.3 | H15: =+'600.2.1'!N78 -> 51384.882 | I15: =+G15*H15 -> 786188.69
A16: 610.1P | B16: 610-13 | C16: Rellenos para estructuras con material de la excavación | F16: m3 | G16: =ROUND(+I46,1) -> 45.9 | H16: =+'610.1 P'!N78 -> 21197.456 | I16: =+G16*H16 -> 972963.24
A17: 630.1.4.1 | B17: 630-13 | C17: Concreto resistencia 21MPA (D) | F17: m3 | G17: =ROUND(+I59+M98,1) -> 19.1 | H17: =+'630.1.4.1'!N78 -> 644646.31 | I17: =+G17*H17 -> 12312744
A18: 630.6 | B18: 630-13 | C18: Concreto resistencia 14MPA (F) | F18: m3 | G18: =ROUND(+I67,1) -> 0.9 | H18: =+'630.1.6'!N78 -> 465805.2 | I18: =+G18*H18 -> 419224.68 | P18: =18*3 -> 54
A19: 661.1 | B19: 661-13 | C19: Tubería concreto reforzado 21 MPA de 900 mm diámetro interior | F19: m | G19: =ROUND(+I75,1) -> 10 | H19: =+'661.3'!N78 -> 861266.33 | I19: =+G19*H19 -> 8612663.3 | P19: =+P18/0.25 -> 216
A20: 640.1 | B20: 640-13 | C20: Acero de refuerzo fy = 4200 MPA. | F20: kg | G20: =ROUND(+G80+R110,1) -> 1157.8 | H20: =+'640.1'!N78 -> 7012.7297 | I20: =+G20*H20 -> 8119338.5
A21: 201.7 | B21: 201-13 | C21: Demolición de Estructuras | F21: m3 | G21: =+E94 -> 7.16 | H21: =+'201.7'!N78 -> 167468.33 | I21: =+G21*H21 -> 1199073.3
G22: Subtotal Actividad: | I22: =SUM(I14:I21) -> 34474535
A25: PR Inicial | B25: No. De Alcantarillas | C25: DESCRIPCIÓN | H25: Longitud
A26: PR XX+XXX PR XX+XXX | B26: 2 | C26: Alcantarillas longitud de | H26: 5
A28: =+A14 -> 600.1.1 | B28: =+C14 -> Excavaciones varias sin clasificar | H28: Unidad: | I28: (m3)
A29: LOCALIZACIÓN | C29: ELEMENTO | E29: Cant. | F29: DIMENSIONES | I29: Volumen
A30: PR Inicial | B30: CANTIDAD | F30: Longitud | G30: Ancho | H30: Altura
A31: =+A26 -> PR XX+XXX PR XX+XXX | B31: =+B26 -> 2 | C31: Caja entrada | E31: 1 | F31: =1.8+0.3+0.3 -> 2.4 | G31: =+F31 -> 2.4 | H31: 2.75 | I31: =+E31*F31*G31*H31*B31 -> 31.68
C32: Cabezote | E32: 1 | F32: =+(2.25+4.35)/2 -> 3.3 | G32: 2.1 | H32: 2.55 | I32: =+E32*F32*G32*H32*B31 -> 35.343
C33: Tubería | E33: 1 | F33: =+H26 -> 5 | G33: 1.5 | H33: 2.35011 | I33: =+E33*F33*G33*H33*B31 -> 35.25165
A34: DESCOLES | E34: 0 | F34: 1 | G34: 1.5 | H34: 1.5 | I34: =+E34*F34*G34*H34 -> 0
H35: Subtotal ítem | I35: =ROUND(SUM(I31:I34),1) -> 102.3
A37: =+A16 -> 610.1P | B37: =+C16 -> Rellenos para estructuras con material de la excavación | H37: Unidad: | I37: (m3)
A38: LOCALIZACIÓN | C38: ELEMENTO | F38: DIMENSIONES | I38: CANTIDAD
A39: PR Inicial | B39: CANTIDAD | F39: Longitud | G39: Ancho | H39: Altura
A40: =+A31 -> PR XX+XXX PR XX+XXX | B40: =+B26 -> 2 | C40: Muros post/front caja | E40: 2 | F40: 2.4 | G40: 0.3 | H40: 2.75 | I40: =+H40*G40*F40*E40*B40 -> 7.92
C41: Muros laterales caja | E41: 2 | F41: 1.8 | G41: 0.3 | H41: 2.75 | I41: =+H41*G41*F41*E41*B40 -> 5.94
C42: Aletas | E42: 2 | F42: 1.8 | G42: 0.5 | H42: =+(1.6+2.55)/2 -> 2.075 | I42: =+E42*F42*G42*H42*B40 -> 7.47
C43: Tubería/laterales | E43: 2 | F43: =+H26 -> 5 | G43: 0.3 | H43: 1.1 | I43: =+E43*F43*G43*H43*B40 -> 6.6
C44: Tubería/superior | E44: 1 | F44: =+H26 -> 5 | G44: 1.5 | H44: 1.2 | I44: =+E44*F44*G44*H44*B40 -> 18
A45: DESCOLES | E45: =+E34 -> 0 | F45: 1 | G45: =+IF(I34>0,PI()*(0.5*0.5),0) -> 0 | I45: =+I34-G45 -> 0
H46: Subtotal ítem | I46: =ROUND(SUM(I40:I45),1) -> 45.9
A48: =+A17 -> 630.1.4.1 | B48: =+C17 -> Concreto resistencia 21MPA (D) | H48: Unidad: | I48: (m3)
A49: LOCALIZACIÓN | C49: ELEMENTO | F49: DIMENSIONES | I49: CANTIDAD
A50: PR Inicial | B50: CANTIDAD | F50: Longitud | G50: Ancho | H50: Altura
A51: =+A40 -> PR XX+XXX PR XX+XXX | B51: =+B26 -> 2 | C51: Muros post/front caja | E51: 2 | F51: 1.8 | G51: 0.2 | H51: 2.5 | I51: =+H51*G51*F51*E51*B51 -> 3.6
C52: Muros laterales caja | E52: 2 | F52: 1.4 | G52: 0.2 | H52: 2.5 | I52: =+H52*G52*F52*E52*B51 -> 2.8
C53: Piso Caja | E53: 1 | F53: 1.8 | G53: 1.8 | H53: 0.25 | I53: =+H53*G53*F53*E53*B51 -> 1.62
C54: Muro cabezal | E54: 1 | F54: 1.8 | G54: 0.2 | H54: 2.75 | I54: =+H54*G54*F54*E54*B51 -> 1.98
C55: Zarpa muro frontal | E55: 1 | F55: 1.8 | G55: 1.3 | H55: 0.2 | I55: =+H55*G55*F55*E55*B51 -> 0.936
C56: Aletas cabezal | E56: 2 | F56: 1.8 | G56: =+(0.6+0.2)/2 -> 0.4 | H56: =+(2.55+1.6)/2 -> 2.075 | I56: =+H56*G56*F56*E56*B51 -> 5.976
C57: Piso salida cabezal | E57: 1 | F57: 4.3815 | H57: 0.2 | I57: =+H57*E57*B51*F57 -> 1.7526
C58: Diente cabezal | E58: 1 | F58: 4.35 | G58: 0.27 | H58: 0.2 | I58: =+H58*G58*F58*E58*B51 -> 0.4698
H59: Subtotal ítem | I59: =ROUND(SUM(I51:I58),1) -> 19.1
A61: =+A18 -> 630.6 | B61: =+C18 -> Concreto resistencia 14MPA (F) | H61: Unidad: | I61: (m3)
A62: LOCALIZACIÓN | C62: ELEMENTO | F62: DIMENSIONES | I62: CANTIDAD
A63: PR Inicial | B63: CANTIDAD | F63: Longitud | G63: Ancho | H63: Espesor
A64: =+A51 -> PR XX+XXX PR XX+XXX | B64: =+B26 -> 2 | C64: Piso caja | E64: 1 | F64: 1.8 | G64: 1.8 | H64: 0.05 | I64: =+E64*F64*G64*H64*B64 -> 0.324
C65: Piso salida cabezal | E65: 1 | F65: =+F57 -> 4.3815 | H65: 0.05 | I65: =+E65*H65*B64*F65 -> 0.43815
C66: Solado cabezote | E66: 1 | F66: 1.8 | G66: 0.8 | H66: 0.05 | I66: =+E66*F66*G66*H66*B64 -> 0.144
H67: Subtotal ítem | I67: =ROUND(SUM(I64:I66),1) -> 0.9
A69: 661.1 | B69: Tubería de concreto ( 36" ) | H69: Unidad: | I69: ml
A70: LOCALIZACIÓN | C70: DESCRIPCIÓN | G70: Longitud
A71: PR Inicial | B71: CANTIDAD | G71: 16" | H71: 24" | I71: 36"
A72: =+A64 -> PR XX+XXX PR XX+XXX | B72: =+B26 -> 2 | C72: Construcción alcantarilla nueva | I72: =+H26*B72 -> 10
A74: DESCOLES | I74: =+E34 -> 0
F75: Subtotales | G75: =SUM(G72:G72) -> 0 | H75: =SUM(H72:H72) -> 0 | I75: =SUM(I72:I74) -> 10
A77: 640.1 | B77: =+C21 -> Demolición de Estructuras | F77: Unidad: | G77: Kilo
A78: LOCALIZACIÓN | B78: CANTIDAD | C78: DESCRIPCIÓN | F78: UNIDAD | G78: CANTIDAD
A79: =+A72 -> PR XX+XXX PR XX+XXX | B79: =+B26 -> 2 | C79: Cantidad acero para una caja y un cabezal | F79: Kilo | G79: 578.9
F80: Subtotal | G80: =ROUND(SUM(G79:G79)*B79,1) -> 1157.8
B82: Demolición de Alcantarilla
A83: ELEMENTO | B83: CANT | C83: ANCHO (m) | D83: ALTURA (m) | E83: LONGITUD (m) | F83: CANTIDAD
A84: Muros post/front caja | B84: 2 | C84: 0.2 | D84: 1.5 | E84: 1.2 | F84: =E84*D84*C84*B84 -> 0.72
A85: Muros laterales caja | B85: 2 | C85: 0.2 | D85: 1.5 | E85: 1 | F85: =E85*D85*C85*B85 -> 0.6
A86: Piso Caja | B86: 1 | C86: 0.7 | D86: 0.25 | E86: 1.2 | F86: =E86*D86*C86*B86 -> 0.21
A87: Muro cabezal | B87: 1 | C87: 0.2 | D87: 1.8 | E87: 1.2 | F87: =E87*D87*C87*B87 -> 0.432
A88: Zarpa muro frontal | B88: 1 | C88: 0.8 | D88: 0.2 | E88: 1.2 | F88: =E88*D88*C88*B88 -> 0.192
A89: Aletas cabezal | B89: 2 | C89: 0.3 | D89: 1.65 | E89: 1.2 | F89: =E89*D89*C89*B89 -> 1.188
A90: Piso salida cabezal | B90: 1 | C90: 0.2 | D90: 0.2 | E90: 1 | F90: =E90*D90*C90*B90 -> 0.04
A91: Diente cabezal | B91: 1 | C91: 0.2 | D91: 0.2 | E91: 5 | F91: =E91*D91*C91*B91 -> 0.2
B92: TOTAL Demolición | E92: =+SUM(F84:F91) -> 3.582
B93: Número de estructuras | E93: =+B26 -> 2
B94: Total ítem | E94: =ROUND(E92*E93,2) -> 7.16
A96: DISIPADOR | T96: DISIPADORES DE LAS ALCANTARILLAS Y ALIVIADEROS
A97: TIPO | B97: Elemento | C97: Ancho B [m] | D97: Espesor (m) | E97: Altura H (m) | F97: L escalon (m) | G97: H Esc (m) | H97: Volumen Escalon [m3] | I97: Volumen paredes escalón [m3] | J97: Longitud Disipador (m) | K97: Separación (m) | L97: # Escalones | M97: Volumen Total [m3] | T97: Abscisa | U97: TIPO | V97: Elemento | W97: Ancho B [m] | X97: Espesor (m) | Y97: Altura H (m) | Z97: L escalon (m) | AA97: H Esc (m) | AB97: Volumen Escalon [m3] | AC97: Volumen paredes escalón [m3] | AD97: Longitud Disipador (m) | AE97: Separación (m) | AF97: # Escalones | AG97: Volumen Total [m3]
A98: Tipo 1 | B98: Disipador | C98: =VLOOKUP(A98,$U$98:$AA$105,3,FALSE) -> 0.5 | D98: =VLOOKUP(A98,$U$98:$AA$105,4,FALSE) -> 0.1 | E98: =VLOOKUP(A98,$U$98:$AA$105,5,FALSE) -> 0.4 | F98: =VLOOKUP(A98,$U$98:$AA$105,6,FALSE) -> 0.5 | G98: =VLOOKUP(A98,$U$98:$AA$105,7,FALSE) -> 0.5 | H98: =(F98+G98+2*D98)*D98*(C98+2*D98) -> 0.084 | I98: =(2*(E98*((1.5*F98)+D98)*D98)) -> 0.068 | J98: 0 | K98: - | L98: =J98/F98 -> 0 | M98: =(H98+I98)*L98 -> 0 | T98: 0 | U98: Tipo 1 | V98: Disipador | W98: 0.5 | X98: 0.1 | Y98: 0.4 | Z98: 0.5 | AA98: 0.5 | AB98: =(Y98+Z98+AA98+2*X98)*X98*(W98+2*X98) -> 0.112 | AC98: =2*(Y98*Z98*X98) -> 0.04 | AD98: =1*15 -> 15 | AE98: - | AF98: =AD98/Z98 -> 30 | AG98: =(AB98+AC98)*AF98 -> 4.56
T99: 0 | U99: Tipo 2 | V99: Disipador | W99: 1 | X99: 0.15 | Y99: 0.6 | Z99: 0.75 | AA99: 1 | AB99: =(Y99+Z99+AA99+2*X99)*X99*(W99+2*X99) -> 0.51675 | AC99: =2*(Y99*Z99*X99) -> 0.135 | AD99: =1*15 -> 15 | AE99: - | AF99: =AD99/Z99 -> 20 | AG99: =(AB99+AC99)*AF99 -> 13.035
T100: 0 | U100: Tipo 3 | V100: Disipador | W100: 1.2 | X100: 0.15 | Y100: 0.7 | Z100: 1 | AA100: 1 | AB100: =(Y100+Z100+AA100+2*X100)*X100*(W100+2*X100) -> 0.675 | AC100: =2*(Y100*Z100*X100) -> 0.21 | AD100: =1*15 -> 15 | AE100: - | AF100: =AD100/Z100 -> 15 | AG100: =(AB100+AC100)*AF100 -> 13.275
T101: 0 | U101: Tipo 4 | V101: Disipador | W101: 1.5 | X101: 0.15 | Y101: 0.7 | Z101: 1 | AA101: 1 | AB101: =(Y101+Z101+AA101+2*X101)*X101*(W101+2*X101) -> 0.81 | AC101: =2*(Y101*Z101*X101) -> 0.21 | AD101: =1*15 -> 15 | AE101: - | AF101: =AD101/Z101 -> 15 | AG101: =(AB101+AC101)*AF101 -> 15.3
T102: 0 | U102: Tipo 5 | V102: Disipador | W102: 1.5 | X102: 0.15 | Y102: 0.8 | Z102: 1.5 | AA102: 1 | AB102: =(Y102+Z102+AA102+2*X102)*X102*(W102+2*X102) -> 0.972 | AC102: =2*(Y102*Z102*X102) -> 0.36 | AD102: =1*15 -> 15 | AE102: - | AF102: =AD102/Z102 -> 10 | AG102: =(AB102+AC102)*AF102 -> 13.32
T103: 0 | U103: Tipo 6 | V103: Disipador | W103: 1.5 | X103: 0.15 | Y103: 1 | Z103: 2 | AA103: 1.5 | AB103: =(Y103+Z103+AA103+2*X103)*X103*(W103+2*X103) -> 1.296 | AC103: =2*(Y103*Z103*X103) -> 0.6 | AD103: =1*15 -> 15 | AE103: - | AF103: =AD103/Z103 -> 7.5 | AG103: =(AB103+AC103)*AF103 -> 14.22
T104: 0 | U104: Tipo 7 | V104: Disipador | W104: 2 | X104: 0.15 | Y104: 1 | Z104: 2 | AA104: 1.5 | AB104: =(Y104+Z104+AA104+2*X104)*X104*(W104+2*X104) -> 1.656 | AC104: =2*(Y104*Z104*X104) -> 0.6 | AD104: =1*15 -> 15 | AE104: - | AF104: =AD104/Z104 -> 7.5 | AG104: =(AB104+AC104)*AF104 -> 16.92
T105: 0 | U105: Tipo 8 | V105: Disipador | W105: 2 | X105: 0.15 | Y105: 1 | Z105: 2 | AA105: 1.5 | AB105: =(Y105+Z105+AA105+2*X105)*X105*(W105+2*X105) -> 1.656 | AC105: =2*(Y105*Z105*X105) -> 0.6 | AD105: =1*15 -> 15 | AE105: - | AF105: =AD105/Z105 -> 7.5 | AG105: =(AB105+AC105)*AF105 -> 16.92
T106: Subtotal Volumen disipadores (m3) = | AG106: =+SUM(AG98:AG105) -> 107.55
A107: DISIPADORES PARA ALCANTARILLAS
A108: TIPO DE DISIPADOR | B108: Ancho B | C108: ACERO TRANSVERSAL | J108: ACERO LONGITUDINAL | N108: Longitud Disipador (m) | O108: # Escalones | P108: Peso Varilla (kg/ml) | Q108: Longitud Total con Traslapo [m] | R108: PESO ACERO DISIPADORES (KG)
A109: TIPO | C109: Varilla N° | D109: Longitud Varilla (m) | E109: H escalon (m) | F109: L escalon (m) | G109: H pared (m) | H109: Cantidad Varillas por Escalon | I109: Longitud Total Varilla (m) | J109: Varilla N° | K109: Longitud Varilla (m) | L109: Cantidad Varillas por Escalon | M109: Longitud Total Varillas (m)
A110: Tipo 1 | B110: =VLOOKUP(A110,$T$113:$Z$120,2,FALSE) -> 0.5 | C110: =VLOOKUP(A110,$T$113:$Z$120,3,FALSE) -> 3 | D110: =(B110+G110*2)+(G110*2) -> 2.1 | E110: =VLOOKUP(A110,$T$113:$Z$120,4,FALSE) -> 0.5 | F110: =VLOOKUP(A110,$T$113:$Z$120,5,FALSE) -> 0.5 | G110: =VLOOKUP(A110,$T$113:$Z$120,6,FALSE) -> 0.4 | H110: =((E110+F110)/0.15)+1 -> 7.6666667 | I110: =D110*H110 -> 16.1 | J110: =VLOOKUP(A110,$T$113:$Z$120,7,FALSE) -> 3 | K110: =E110+F110+(E110*1/3) -> 1.1666667 | L110: =((B110+G110*2)/0.15)+1 -> 9.6666667 | M110: =K110*L110 -> 11.277778 | N110: =+J98 -> 0 | O110: =ROUNDUP(N110/F110,0) -> 0 | P110: =$AD$112 -> 0.56 | Q110: =(I110+M110)*O110*1.1 -> 0 | R110: =P110*Q110 -> 0 | T110: DISIPADORES PARA ALCANTARILLAS | AC110: # varilla | AD110: peso (kg/m)
T111: TIPO DE DISIPADOR | U111: Ancho B | V111: ACERO TRANSVERSAL | Z111: ACERO LONGITUDINAL | AC111: 2 | AD111: 0.25
T112: TIPO | V112: Varilla N° | W112: H escalon (m) | X112: L escalon (m) | Y112: H pared (m) | Z112: Varilla N° | AC112: 3 | AD112: 0.56
T113: Tipo 1 | U113: 0.5 | V113: 3 | W113: 0.5 | X113: 0.5 | Y113: 0.4 | Z113: 3 | AC113: 4 | AD113: 0.996
T114: Tipo 2 | U114: 1 | V114: 3 | W114: 1 | X114: 1 | Y114: 0.6 | Z114: 3 | AC114: 5 | AD114: 1.56
T115: Tipo 3 | U115: 1.2 | V115: 3 | W115: 1 | X115: 1 | Y115: 0.7 | Z115: 3 | AC115: 6 | AD115: 2.237
T116: Tipo 4 | U116: 1.5 | V116: 3 | W116: 1 | X116: 1 | Y116: 0.7 | Z116: 3 | AC116: 7 | AD116: 3.044
T117: Tipo 5 | U117: 1.5 | V117: 3 | W117: 1 | X117: 1 | Y117: 0.8 | Z117: 3 | AC117: 8 | AD117: 3.977
T118: Tipo 6 | U118: 1.5 | V118: 3 | W118: 1.5 | X118: 1.5 | Y118: 1 | Z118: 3
T119: Tipo 7 | U119: 2 | V119: 3 | W119: 1.5 | X119: 1.5 | Y119: 1 | Z119: 3
...

Sheet Alcan Tipo II
A8: SECCIÓN 2 - ACTIVIDADES DE MEJORAMIENTO
A9: CONSTRUCCIÓN ALCANTARILLAS
A11: RESUMEN DE LA ACTIVIDAD COMPLETA
A12: Ítems que conforman la actividad:
A13: ÍTEMS DE PAGO | B13: ESP. GRAL. | C13: DESCRIPCIÓN | F13: UNIDAD | G13: CANTIDAD | H13: VR. UNITARIO | I13: VR. PARCIAL
A14: 600.1.1 | B14: 600-13 | C14: Excavaciones varias sin clasificar | F14: m3 | G14: =ROUND(I33*0.85,1) -> 0 | H14: =+'600.1.1'!N78 -> 23590.098 | I14: =+G14*H14 -> 0
A15: 600.2.1 | B15: 600-13 | C15: Excavaciones Varias en rocas en seco | F15: m3 | G15: =ROUND(I33*0.15,1) -> 0 | H15: =+'600.2.1'!N78 -> 51384.882 | I15: =+G15*H15 -> 0
A16: 610.1P | B16: 610-13 | C16: Rellenos para estructuras con material de la excavación | F16: m3 | G16: =ROUND(+I44,1) -> 0 | H16: =+'610.1 P'!N78 -> 21197.456 | I16: =+G16*H16 -> 0
A17: 630.4 | B17: 630-13 | C17: Concreto resistencia 21MPA (D) | F17: m3 | G17: =ROUND(+I57+M98,1) -> 0 | H17: =+'630.1.4.1'!N78 -> 644646.31 | I17: =+G17*H17 -> 0
A18: 630.6 | B18: 630-13 | C18: Concreto resistencia 14MPA (F) | F18: m3 | G18: =ROUND(+I65,1) -> 0 | H18: =+'630.1.6'!N78 -> 465805.2 | I18: =+G18*H18 -> 0
A19: 661.1 | B19: 661-13 | C19: Tubería concreto reforzado 21 MPA de 900 mm diámetro interior | F19: m | G19: =ROUND(+I73,1) -> 0 | H19: =+'661.3'!N78 -> 861266.33 | I19: =+G19*H19 -> 0
A20: 640.1 | B20: 640-13 | C20: Acero de refuerzo fy = 4200 MPA. | F20: kg | G20: =ROUND(+G78+R110,1) -> 0 | H20: =+'640.1'!N78 -> 7012.7297 | I20: =+G20*H20 -> 0
G21: Subtotal Actividad: | I21: =SUM(I14:I20) -> 0
A23: PR Inicial | B23: No. De Alcantarillas | C23: DESCRIPCIÓN | H23: Longitud
A24: PR XX+XXX PR XX+XXX | B24: 0 | C24: Alcantarillas longitud de | H24: 6
A26: =+A14 -> 600.1.1 | B26: =+C14 -> Excavaciones varias sin clasificar | H26: Unidad: | I26: (m3)
A27: LOCALIZACIÓN | C27: ELEMENTO | E27: Cant. | F27: DIMENSIONES | I27: Volumen
A28: PR Inicial | B28: CANTIDAD | F28: Longitud | G28: Ancho | H28: Altura
A29: =+A24 -> PR XX+XXX PR XX+XXX | B29: =+B24 -> 0 | C29: Caja entrada | E29: 1 | F29: =1.8+0.3+0.3 -> 2.4 | G29: =+F29 -> 2.4 | H29: 2.75 | I29: =+E29*F29*G29*H29*B29 -> 0
C30: Cabezote | E30: 1 | F30: =+(2.25+4.35)/2 -> 3.3 | G30: 2.1 | H30: 2.55 | I30: =+E30*F30*G30*H30*B29 -> 0
C31: Tubería | E31: 1 | F31: =+H24 -> 6 | G31: 1.5 | H31: 2.35011 | I31: =+E31*F31*G31*H31*B29 -> 0
A32: DESCOLES | E32: 0 | F32: 1 | G32: 1.5 | H32: 1.5 | I32: =+E32*F32*G32*H32 -> 0
H33: Subtotal ítem | I33: =ROUND(SUM(I29:I32),1) -> 0
A35: =+A16 -> 610.1P | B35: =+C16 -> Rellenos para estructuras con material de la excavación | H35: Unidad: | I35: (m3)
A36: LOCALIZACIÓN | C36: ELEMENTO | F36: DIMENSIONES | I36: CANTIDAD
A37: PR Inicial | B37: CANTIDAD | F37: Longitud | G37: Ancho | H37: Altura
A38: =+A29 -> PR XX+XXX PR XX+XXX | B38: =+B24 -> 0 | C38: Muros post/front caja | E38: 2 | F38: 2.4 | G38: 0.3 | H38: 2.75 | I38: =+H38*G38*F38*E38*B38 -> 0
C39: Muros laterales caja | E39: 2 | F39: 1.8 | G39: 0.3 | H39: 2.75 | I39: =+H39*G39*F39*E39*B38 -> 0
C40: Aletas | E40: 2 | F40: 1.8 | G40: 0.5 | H40: =+(1.6+2.55)/2 -> 2.075 | I40: =+E40*F40*G40*H40*B38 -> 0
C41: Tubería/laterales | E41: 2 | F41: =+H24 -> 6 | G41: 0.3 | H41: 1.1 | I41: =+E41*F41*G41*H41*B38 -> 0
C42: Tubería/superior | E42: 1 | F42: =+H24 -> 6 | G42: 1.5 | H42: 1.2 | I42: =+E42*F42*G42*H42*B38 -> 0
A43: DESCOLES | E43: =+E32 -> 0 | F43: 1 | G43: =+IF(I32>0,PI()*(0.5*0.5),0) -> 0 | I43: =+I32-G43 -> 0
H44: Subtotal ítem | I44: =ROUND(SUM(I38:I43),1) -> 0
A46: =+A17 -> 630.4 | B46: =+C17 -> Concreto resistencia 21MPA (D) | H46: Unidad: | I46: (m3)
A47: LOCALIZACIÓN | C47: ELEMENTO | F47: DIMENSIONES | I47: CANTIDAD
A48: PR Inicial | B48: CANTIDAD | F48: Longitud | G48: Ancho | H48: Altura
A49: =+A38 -> PR XX+XXX PR XX+XXX | B49: =+B24 -> 0 | C49: Muros post/front caja | E49: 2 | F49: 1.8 | G49: 0.2 | H49: 2.5 | I49: =+H49*G49*F49*E49*B49 -> 0
C50: Muros laterales caja | E50: 2 | F50: 1.4 | G50: 0.2 | H50: 2.5 | I50: =+H50*G50*F50*E50*B49 -> 0
C51: Piso Caja | E51: 1 | F51: 1.8 | G51: 1.8 | H51: 0.25 | I51: =+H51*G51*F51*E51*B49 -> 0
C52: Muro cabezal | E52: 1 | F52: 1.8 | G52: 0.2 | H52: 2.75 | I52: =+H52*G52*F52*E52*B49 -> 0
C53: Zarpa muro frontal | E53: 1 | F53: 1.8 | G53: 1.3 | H53: 0.2 | I53: =+H53*G53*F53*E53*B49 -> 0
C54: Aletas cabezal | E54: 2 | F54: 1.8 | G54: =+(0.6+0.2)/2 -> 0.4 | H54: =+(2.55+1.6)/2 -> 2.075 | I54: =+H54*G54*F54*E54*B49 -> 0
C55: Piso salida cabezal | E55: 1 | F55: 4.3815 | H55: 0.2 | I55: =+H55*E55*B49*F55 -> 0
C56: Diente cabezal | E56: 1 | F56: 4.35 | G56: 0.27 | H56: 0.2 | I56: =+H56*G56*F56*E56*B49 -> 0
H57: Subtotal ítem | I57: =ROUND(SUM(I49:I56),1) -> 0
A59: =+A18 -> 630.6 | B59: =+C18 -> Concreto resistencia 14MPA (F) | H59: Unidad: | I59: (m3)
A60: LOCALIZACIÓN | C60: ELEMENTO | F60: DIMENSIONES | I60: CANTIDAD
A61: PR Inicial | B61: CANTIDAD | F61: Longitud | G61: Ancho | H61: Espesor
A62: =+A49 -> PR XX+XXX PR XX+XXX | B62: =+B24 -> 0 | C62: Piso caja | E62: 1 | F62: 1.8 | G62: 1.8 | H62: 0.05 | I62: =+E62*F62*G62*H62*B62 -> 0
C63: Piso salida cabezal | E63: 1 | F63: =+F55 -> 4.3815 | H63: 0.05 | I63: =+E63*H63*B62*F63 -> 0
C64: Solado cabezote | E64: 1 | F64: 1.8 | G64: 0.8 | H64: 0.05 | I64: =+E64*F64*G64*H64*B62 -> 0
H65: Subtotal ítem | I65: =ROUND(SUM(I62:I64),1) -> 0
A67: 661.1 | B67: Tubería de concreto ( 36" ) | H67: Unidad: | I67: ml
A68: LOCALIZACIÓN | C68: DESCRIPCIÓN | G68: Longitud
A69: PR Inicial | B69: CANTIDAD | G69: 16" | H69: 24" | I69: 36"
A70: =+A62 -> PR XX+XXX PR XX+XXX | B70: =+B24 -> 0 | C70: Construcción alcantarilla nueva | I70: =+H24*B70 -> 0
A72: DESCOLES | I72: =+E32 -> 0
F73: Subtotales | G73: =SUM(G70:G70) -> 0 | H73: =SUM(H70:H70) -> 0 | I73: =SUM(I70:I72) -> 0
A75: 640.1 | B75: =+C20 -> Acero de refuerzo fy = 4200 MPA. | F75: Unidad: | G75: Kilo
A76: LOCALIZACIÓN | B76: CANTIDAD | C76: DESCRIPCIÓN | F76: UNIDAD | G76: CANTIDAD
A77: =+A70 -> PR XX+XXX PR XX+XXX | B77: =+B24 -> 0 | C77: Cantidad acero para una caja y un cabezal | F77: Kilo | G77: 578.9
F78: Subtotal | G78: =ROUND(SUM(G77:G77)*B77,1) -> 0
B80: Demolición de Alcantarilla
A81: ELEMENTO | B81: CANT | C81: ANCHO (m) | D81: ALTURA (m) | E81: LONGITUD (m) | F81: CANTIDAD
A82: Muros post/front caja | B82: 2 | C82: 0.2 | D82: 1.5 | E82: 1.2 | F82: =E82*D82*C82*B82 -> 0.72
A83: Muros laterales caja | B83: 2 | C83: 0.2 | D83: 1.5 | E83: 1 | F83: =E83*D83*C83*B83 -> 0.6
A84: Piso Caja | B84: 1 | C84: 0.7 | D84: 0.25 | E84: 1.2 | F84: =E84*D84*C84*B84 -> 0.21
A85: Muro cabezal | B85: 1 | C85: 0.2 | D85: 1.8 | E85: 1.2 | F85: =E85*D85*C85*B85 -> 0.432
A86: Zarpa muro frontal | B86: 1 | C86: 0.8 | D86: 0.2 | E86: 1.2 | F86: =E86*D86*C86*B86 -> 0.192
A87: Aletas cabezal | B87: 2 | C87: 0.3 | D87: 1.65 | E87: 1.2 | F87: =E87*D87*C87*B87 -> 1.188
A88: Piso salida cabezal | B88: 1 | C88: 0.2 | D88: 0.2 | E88: 1 | F88: =E88*D88*C88*B88 -> 0.04
A89: Diente cabezal | B89: 1 | C89: 0.2 | D89: 0.2 | E89: 5 | F89: =E89*D89*C89*B89 -> 0.2
B90: TOTAL Demolición | E90: =+SUM(F82:F89) -> 3.582
B91: Número de estructuras | E91: 0
B92: Total ítem | E92: =ROUND(E90*E91,2) -> 0
A96: DISIPADOR | T96: DISIPADORES DE LAS ALCANTARILLAS Y ALIVIADEROS
A97: TIPO | B97: Elemento | C97: Ancho B [m] | D97: Espesor (m) | E97: Altura H (m) | F97: L escalon (m) | G97: H Esc (m) | H97: Volumen Escalon [m3] | I97: Volumen paredes escalón [m3] | J97: Longitud Disipador (m) | K97: Separación (m) | L97: # Escalones | M97: Volumen Total [m3] | T97: Abscisa | U97: TIPO | V97: Elemento | W97: Ancho B [m] | X97: Espesor (m) | Y97: Altura H (m) | Z97: L escalon (m) | AA97: H Esc (m) | AB97: Volumen Escalon [m3] | AC97: Volumen paredes escalón [m3] | AD97: Longitud Disipador (m) | AE97: Separación (m) | AF97: # Escalones | AG97: Volumen Total [m3]
A98: Tipo 1 | B98: Disipador | C98: =VLOOKUP(A98,$U$98:$AA$105,3,FALSE) -> 0.5 | D98: =VLOOKUP(A98,$U$98:$AA$105,4,FALSE) -> 0.1 | E98: =VLOOKUP(A98,$U$98:$AA$105,5,FALSE) -> 0.4 | F98: =VLOOKUP(A98,$U$98:$AA$105,6,FALSE) -> 0.5 | G98: =VLOOKUP(A98,$U$98:$AA$105,7,FALSE) -> 0.5 | H98: =(F98+G98+2*D98)*D98*(C98+2*D98) -> 0.084 | I98: =(2*(E98*((1.5*F98)+D98)*D98)) -> 0.068 | J98: 0 | K98: - | L98: =J98/F98 -> 0 | M98: =(H98+I98)*L98 -> 0 | T98: 0 | U98: Tipo 1 | V98: Disipador | W98: 0.5 | X98: 0.1 | Y98: 0.4 | Z98: 0.5 | AA98: 0.5 | AB98: =(Y98+Z98+AA98+2*X98)*X98*(W98+2*X98) -> 0.112 | AC98: =2*(Y98*Z98*X98) -> 0.04 | AD98: =1*15 -> 15 | AE98: - | AF98: =AD98/Z98 -> 30 | AG98: =(AB98+AC98)*AF98 -> 4.56
T99: 0 | U99: Tipo 2 | V99: Disipador | W99: 1 | X99: 0.15 | Y99: 0.6 | Z99: 0.75 | AA99: 1 | AB99: =(Y99+Z99+AA99+2*X99)*X99*(W99+2*X99) -> 0.51675 | AC99: =2*(Y99*Z99*X99) -> 0.135 | AD99: =1*15 -> 15 | AE99: - | AF99: =AD99/Z99 -> 20 | AG99: =(AB99+AC99)*AF99 -> 13.035
T100: 0 | U100: Tipo 3 | V100: Disipador | W100: 1.2 | X100: 0.15 | Y100: 0.7 | Z100: 1 | AA100: 1 | AB100: =(Y100+Z100+AA100+2*X100)*X100*(W100+2*X100) -> 0.675 | AC100: =2*(Y100*Z100*X100) -> 0.21 | AD100: =1*15 -> 15 | AE100: - | AF100: =AD100/Z100 -> 15 | AG100: =(AB100+AC100)*AF100 -> 13.275
T101: 0 | U101: Tipo 4 | V101: Disipador | W101: 1.5 | X101: 0.15 | Y101: 0.7 | Z101: 1 | AA101: 1 | AB101: =(Y101+Z101+AA101+2*X101)*X101*(W101+2*X101) -> 0.81 | AC101: =2*(Y101*Z101*X101) -> 0.21 | AD101: =1*15 -> 15 | AE101: - | AF101: =AD101/Z101 -> 15 | AG101: =(AB101+AC101)*AF101 -> 15.3
T102: 0 | U102: Tipo 5 | V102: Disipador | W102: 1.5 | X102: 0.15 | Y102: 0.8 | Z102: 1.5 | AA102: 1 | AB102: =(Y102+Z102+AA102+2*X102)*X102*(W102+2*X102) -> 0.972 | AC102: =2*(Y102*Z102*X102) -> 0.36 | AD102: =1*15 -> 15 | AE102: - | AF102: =AD102/Z102 -> 10 | AG102: =(AB102+AC102)*AF102 -> 13.32
T103: 0 | U103: Tipo 6 | V103: Disipador | W103: 1.5 | X103: 0.15 | Y103: 1 | Z103: 2 | AA103: 1.5 | AB103: =(Y103+Z103+AA103+2*X103)*X103*(W103+2*X103) -> 1.296 | AC103: =2*(Y103*Z103*X103) -> 0.6 | AD103: =1*15 -> 15 | AE103: - | AF103: =AD103/Z103 -> 7.5 | AG103: =(AB103+AC103)*AF103 -> 14.22
T104: 0 | U104: Tipo 7 | V104: Disipador | W104: 2 | X104: 0.15 | Y104: 1 | Z104: 2 | AA104: 1.5 | AB104: =(Y104+Z104+AA104+2*X104)*X104*(W104+2*X104) -> 1.656 | AC104: =2*(Y104*Z104*X104) -> 0.6 | AD104: =1*15 -> 15 | AE104: - | AF104: =AD104/Z104 -> 7.5 | AG104: =(AB104+AC104)*AF104 -> 16.92
T105: 0 | U105: Tipo 8 | V105: Disipador | W105: 2 | X105: 0.15 | Y105: 1 | Z105: 2 | AA105: 1.5 | AB105: =(Y105+Z105+AA105+2*X105)*X105*(W105+2*X105) -> 1.656 | AC105: =2*(Y105*Z105*X105) -> 0.6 | AD105: =1*15 -> 15 | AE105: - | AF105: =AD105/Z105 -> 7.5 | AG105: =(AB105+AC105)*AF105 -> 16.92
T106: Subtotal Volumen disipadores (m3) = | AG106: =+SUM(AG98:AG105) -> 107.55
A107: DISIPADORES PARA ALCANTARILLAS
A108: TIPO DE DISIPADOR | B108: Ancho B | C108: ACERO TRANSVERSAL | J108: ACERO LONGITUDINAL | N108: Longitud Disipador (m) | O108: # Escalones | P108: Peso Varilla (kg/ml) | Q108: Longitud Total con Traslapo [m] | R108: PESO ACERO DISIPADORES (KG)
A109: TIPO | C109: Varilla N° | D109: Longitud Varilla (m) | E109: H escalon (m) | F109: L escalon (m) | G109: H pared (m) | H109: Cantidad Varillas por Escalon | I109: Longitud Total Varilla (m) | J109: Varilla N° | K109: Longitud Varilla (m) | L109: Cantidad Varillas por Escalon | M109: Longitud Total Varillas (m)
A110: =+A98 -> Tipo 1 | B110: =VLOOKUP(A110,$T$113:$Z$120,2,FALSE) -> 0.5 | C110: =VLOOKUP(A110,$T$113:$Z$120,3,FALSE) -> 3 | D110: =(B110+G110*2)+(G110*2) -> 2.1 | E110: =VLOOKUP(A110,$T$113:$Z$120,4,FALSE) -> 0.5 | F110: =VLOOKUP(A110,$T$113:$Z$120,5,FALSE) -> 0.5 | G110: =VLOOKUP(A110,$T$113:$Z$120,6,FALSE) -> 0.4 | H110: =((E110+F110)/0.15)+1 -> 7.6666667 | I110: =D110*H110 -> 16.1 | J110: =VLOOKUP(A110,$T$113:$Z$120,7,FALSE) -> 3 | K110: =E110+F110+(E110*1/3) -> 1.1666667 | L110: =((B110+G110*2)/0.15)+1 -> 9.6666667 | M110: =K110*L110 -> 11.277778 | N110: 0 | O110: =ROUNDUP(N110/F110,0) -> 0 | P110: =$AD$112 -> 0.56 | Q110: =(I110+M110)*O110*1.1 -> 0 | R110: =P110*Q110 -> 0 | T110: DISIPADORES PARA ALCANTARILLAS | AC110: # varilla | AD110: peso (kg/m)
T111: TIPO DE DISIPADOR | U111: Ancho B | V111: ACERO TRANSVERSAL | Z111: ACERO LONGITUDINAL | AC111: 2 | AD111: 0.25
T112: TIPO | V112: Varilla N° | W112: H escalon (m) | X112: L escalon (m) | Y112: H pared (m) | Z112: Varilla N° | AC112: 3 | AD112: 0.56
T113: Tipo 1 | U113: 0.5 | V113: 3 | W113: 0.5 | X113: 0.5 | Y113: 0.4 | Z113: 3 | AC113: 4 | AD113: 0.996
T114: Tipo 2 | U114: 1 | V114: 3 | W114: 1 | X114: 1 | Y114: 0.6 | Z114: 3 | AC114: 5 | AD114: 1.56
T115: Tipo 3 | U115: 1.2 | V115: 3 | W115: 1 | X115: 1 | Y115: 0.7 | Z115: 3 | AC115: 6 | AD115: 2.237
T116: Tipo 4 | U116: 1.5 | V116: 3 | W116: 1 | X116: 1 | Y116: 0.7 | Z116: 3 | AC116: 7 | AD116: 3.044
T117: Tipo 5 | U117: 1.5 | V117: 3 | W117: 1 | X117: 1 | Y117: 0.8 | Z117: 3 | AC117: 8 | AD117: 3.977
T118: Tipo 6 | U118: 1.5 | V118: 3 | W118: 1.5 | X118: 1.5 | Y118: 1 | Z118: 3
T119: Tipo 7 | U119: 2 | V119: 3 | W119: 1.5 | X119: 1.5 | Y119: 1 | Z119: 3
T120: Tipo 8 | U120: 2 | V120: 3 | W120: 1.5 | X120: 1.5 | Y120: 1.1 | Z120: 3

Sheet Alcan Tipo III
A8: SECCIÓN 2 - ACTIVIDADES DE MEJORAMIENTO
A9: CONSTRUCCIÓN ALCANTARILLAS
A11: RESUMEN DE LA ACTIVIDAD COMPLETA
A12: Ítems que conforman la actividad:
A13: ÍTEMS DE PAGO | B13: ESP. GRAL. | C13: DESCRIPCIÓN | F13: UNIDAD | G13: CANTIDAD | H13: VR. UNITARIO | I13: VR. PARCIAL
A14: 600.1.1 | B14: 600-13 | C14: Excavaciones varias sin clasificar | F14: m3 | G14: =ROUND(I33*0.85,1) -> 0 | H14: =+'600.1.1'!N78 -> 23590.098 | I14: =+G14*H14 -> 0
A15: 600.2.1 | B15: 600-13 | C15: Excavaciones Varias en rocas en seco | F15: m3 | G15: =ROUND(I33*0.15,1) -> 0 | H15: =+'600.2.1'!N78 -> 51384.882 | I15: =+G15*H15 -> 0
A16: 610.1P | B16: 610-13 | C16: Rellenos para estructuras con material de la excavación | F16: m3 | G16: =ROUND(+I44,1) -> 0 | H16: =+'610.1 P'!N78 -> 21197.456 | I16: =+G16*H16 -> 0
A17: 630.4 | B17: 630-13 | C17: Concreto resistencia 21MPA (D) | F17: m3 | G17: =ROUND(+I57+M99,1) -> 0.8 | H17: =+'630.1.4.1'!N78 -> 644646.31 | I17: =+G17*H17 -> 515717.05
A18: 630.6 | B18: 630-13 | C18: Concreto resistencia 14MPA (F) | F18: m3 | G18: =ROUND(+I65,1) -> 0 | H18: =+'630.1.6'!N78 -> 465805.2 | I18: =+G18*H18 -> 0
A19: 661.1 | B19: 661-13 | C19: Tubería concreto reforzado 21 MPA de 900 mm diámetro interior | F19: m | G19: =ROUND(+I74,1) -> 0 | H19: =+'661.3'!N78 -> 861266.33 | I19: =+G19*H19 -> 0
A20: 640.1 | B20: 640-13 | C20: Acero de refuerzo fy = 4200 MPA. | F20: kg | G20: =ROUND(+G79+R111,1) -> 52.5 | H20: =+'640.1'!N78 -> 7012.7297 | I20: =+G20*H20 -> 368168.31
G21: Subtotal Actividad: | I21: =SUM(I14:I20) -> 883885.36
A23: PR Inicial | B23: No. De Alcantarillas | C23: DESCRIPCIÓN | H23: Longitud
A24: PR XX+XXX PR XX+XXX | B24: 0 | C24: Alcantarillas longitud de | H24: 8
A26: =+A14 -> 600.1.1 | B26: =+C14 -> Excavaciones varias sin clasificar | H26: Unidad: | I26: (m3)
A27: LOCALIZACIÓN | C27: ELEMENTO | E27: Cant. | F27: DIMENSIONES | I27: Volumen
A28: PR Inicial | B28: CANTIDAD | F28: Longitud | G28: Ancho | H28: Altura
A29: =+A24 -> PR XX+XXX PR XX+XXX | B29: =+B24 -> 0 | C29: Caja entrada | E29: 1 | F29: =1.8+0.3+0.3 -> 2.4 | G29: =+F29 -> 2.4 | H29: 2.75 | I29: =+E29*F29*G29*H29*B29 -> 0
C30: Cabezote | E30: 1 | F30: =+(2.25+4.35)/2 -> 3.3 | G30: 2.1 | H30: 2.55 | I30: =+E30*F30*G30*H30*B29 -> 0
C31: Tubería | E31: 1 | F31: =+H24 -> 8 | G31: 1.5 | H31: 2.35011 | I31: =+E31*F31*G31*H31*B29 -> 0
A32: DESCOLES | F32: 1 | G32: 1.5 | H32: 1.5 | I32: =+E32*F32*G32*H32 -> 0
H33: Subtotal ítem | I33: =ROUND(SUM(I29:I32),1) -> 0
A35: =+A16 -> 610.1P | B35: =+C16 -> Rellenos para estructuras con material de la excavación | H35: Unidad: | I35: (m3)
A36: LOCALIZACIÓN | C36: ELEMENTO | F36: DIMENSIONES | I36: CANTIDAD
A37: PR Inicial | B37: CANTIDAD | F37: Longitud | G37: Ancho | H37: Altura
A38: =+A29 -> PR XX+XXX PR XX+XXX | B38: =+B24 -> 0 | C38: Muros post/front caja | E38: 2 | F38: 2.4 | G38: 0.3 | H38: 2.75 | I38: =+H38*G38*F38*E38*B38 -> 0
C39: Muros laterales caja | E39: 2 | F39: 1.8 | G39: 0.3 | H39: 2.75 | I39: =+H39*G39*F39*E39*B38 -> 0
C40: Aletas | E40: 2 | F40: 1.8 | G40: 0.5 | H40: =+(1.6+2.55)/2 -> 2.075 | I40: =+E40*F40*G40*H40*B38 -> 0
C41: Tubería/laterales | E41: 2 | F41: =+H24 -> 8 | G41: 0.3 | H41: 1.1 | I41: =+E41*F41*G41*H41*B38 -> 0
C42: Tubería/superior | E42: 1 | F42: =+H24 -> 8 | G42: 1.5 | H42: 1.2 | I42: =+E42*F42*G42*H42*B38 -> 0
A43: DESCOLES | E43: =+E32 -> 0 | F43: 1 | G43: =+IF(I32>0,PI()*(0.5*0.5),0) -> 0 | I43: =+I32-G43 -> 0
H44: Subtotal ítem | I44: =ROUND(SUM(I38:I43),1) -> 0
A46: =+A17 -> 630.4 | B46: =+C17 -> Concreto resistencia 21MPA (D) | H46: Unidad: | I46: (m3)
A47: LOCALIZACIÓN | C47: ELEMENTO | F47: DIMENSIONES | I47: CANTIDAD
A48: PR Inicial | B48: CANTIDAD | F48: Longitud | G48: Ancho | H48: Altura
A49: =+A38 -> PR XX+XXX PR XX+XXX | B49: =+B24 -> 0 | C49: Muros post/front caja | E49: 2 | F49: 1.8 | G49: 0.2 | H49: 2.5 | I49: =+H49*G49*F49*E49*B49 -> 0
C50: Muros laterales caja | E50: 2 | F50: 1.4 | G50: 0.2 | H50: 2.5 | I50: =+H50*G50*F50*E50*B49 -> 0
C51: Piso Caja | E51: 1 | F51: 1.8 | G51: 1.8 | H51: 0.25 | I51: =+H51*G51*F51*E51*B49 -> 0
C52: Muro cabezal | E52: 1 | F52: 1.8 | G52: 0.2 | H52: 2.75 | I52: =+H52*G52*F52*E52*B49 -> 0
C53: Zarpa muro frontal | E53: 1 | F53: 1.8 | G53: 1.3 | H53: 0.2 | I53: =+H53*G53*F53*E53*B49 -> 0
C54: Aletas cabezal | E54: 2 | F54: 1.8 | G54: =+(0.6+0.2)/2 -> 0.4 | H54: =+(2.55+1.6)/2 -> 2.075 | I54: =+H54*G54*F54*E54*B49 -> 0
C55: Piso salida cabezal | E55: 1 | F55: 4.3815 | H55: 0.2 | I55: =+H55*E55*B49*F55 -> 0
C56: Diente cabezal | E56: 1 | F56: 4.35 | G56: 0.27 | H56: 0.2 | I56: =+H56*G56*F56*E56*B49 -> 0
H57: Subtotal ítem | I57: =ROUND(SUM(I49:I56),1) -> 0
A59: =+A18 -> 630.6 | B59: =+C18 -> Concreto resistencia 14MPA (F) | H59: Unidad: | I59: (m3)
A60: LOCALIZACIÓN | C60: ELEMENTO | F60: DIMENSIONES | I60: CANTIDAD
A61: PR Inicial | B61: CANTIDAD | F61: Longitud | G61: Ancho | H61: Espesor
A62: =+A49 -> PR XX+XXX PR XX+XXX | B62: =+B24 -> 0 | C62: Piso caja | E62: 1 | F62: 1.8 | G62: 1.8 | H62: 0.05 | I62: =+E62*F62*G62*H62*B62 -> 0
C63: Piso salida cabezal | E63: 1 | F63: =+F55 -> 4.3815 | H63: 0.05 | I63: =+E63*H63*B62*F63 -> 0
C64: Solado cabezote | E64: 1 | F64: 1.8 | G64: 0.8 | H64: 0.05 | I64: =+E64*F64*G64*H64*B62 -> 0
H65: Subtotal ítem | I65: =ROUND(SUM(I62:I64),1) -> 0
A67: 661.1 | B67: Tubería de concreto ( 36" ) | H67: Unidad: | I67: ml
A68: LOCALIZACIÓN | C68: DESCRIPCIÓN | G68: Longitud
A69: PR Inicial | B69: CANTIDAD | G69: 16" | H69: 24" | I69: 36"
A70: =+A62 -> PR XX+XXX PR XX+XXX | B70: =+B24 -> 0 | C70: Construcción alcantarilla nueva | I70: =+H24*B70 -> 0
A72: DESCOLES | I72: =+E32 -> 0
F74: Subtotales | G74: =SUM(G70:G70) -> 0 | H74: =SUM(H70:H70) -> 0 | I74: =SUM(I70:I72) -> 0
A76: 640.1 | B76: =+C20 -> Acero de refuerzo fy = 4200 MPA. | F76: Unidad: | G76: Kilo
A77: LOCALIZACIÓN | B77: CANTIDAD | C77: DESCRIPCIÓN | F77: UNIDAD | G77: CANTIDAD
A78: =+A70 -> PR XX+XXX PR XX+XXX | B78: =+B24 -> 0 | C78: Cantidad acero para una caja y un cabezal | F78: Kilo | G78: 578.9
F79: Subtotal | G79: =ROUND(SUM(G78:G78)*B78,1) -> 0
B81: Demolición de Alcantarilla
A82: ELEMENTO | B82: CANT | C82: ANCHO (m) | D82: ALTURA (m) | E82: LONGITUD (m) | F82: CANTIDAD
A83: Muros post/front caja | B83: 2 | C83: 0.2 | D83: 1.5 | E83: 1.2 | F83: =E83*D83*C83*B83 -> 0.72
A84: Muros laterales caja | B84: 2 | C84: 0.2 | D84: 1.5 | E84: 1 | F84: =E84*D84*C84*B84 -> 0.6
A85: Piso Caja | B85: 1 | C85: 0.7 | D85: 0.25 | E85: 1.2 | F85: =E85*D85*C85*B85 -> 0.21
A86: Muro cabezal | B86: 1 | C86: 0.2 | D86: 1.8 | E86: 1.2 | F86: =E86*D86*C86*B86 -> 0.432
A87: Zarpa muro frontal | B87: 1 | C87: 0.8 | D87: 0.2 | E87: 1.2 | F87: =E87*D87*C87*B87 -> 0.192
A88: Aletas cabezal | B88: 2 | C88: 0.3 | D88: 1.65 | E88: 1.2 | F88: =E88*D88*C88*B88 -> 1.188
A89: Piso salida cabezal | B89: 1 | C89: 0.2 | D89: 0.2 | E89: 1 | F89: =E89*D89*C89*B89 -> 0.04
A90: Diente cabezal | B90: 1 | C90: 0.2 | D90: 0.2 | E90: 5 | F90: =E90*D90*C90*B90 -> 0.2
B91: TOTAL Demolición | E91: =+SUM(F83:F90) -> 3.582
B92: Número de estructuras | E92: =+B24 -> 0
B93: Total ítem | E93: =ROUND(E91*E92,2) -> 0
A97: DISIPADOR | T97: DISIPADORES DE LAS ALCANTARILLAS Y ALIVIADEROS
A98: TIPO | B98: Elemento | C98: Ancho B [m] | D98: Espesor (m) | E98: Altura H (m) | F98: L escalon (m) | G98: H Esc (m) | H98: Volumen Escalon [m3] | I98: Volumen paredes escalón [m3] | J98: Longitud Disipador (m) | K98: Separación (m) | L98: # Escalones | M98: Volumen Total [m3] | T98: Abscisa | U98: TIPO | V98: Elemento | W98: Ancho B [m] | X98: Espesor (m) | Y98: Altura H (m) | Z98: L escalon (m) | AA98: H Esc (m) | AB98: Volumen Escalon [m3] | AC98: Volumen paredes escalón [m3] | AD98: Longitud Disipador (m) | AE98: Separación (m) | AF98: # Escalones | AG98: Volumen Total [m3]
A99: Tipo 2 | B99: Disipador | C99: =VLOOKUP(A99,$U$99:$AA$106,3,FALSE) -> 1 | D99: =VLOOKUP(A99,$U$99:$AA$106,4,FALSE) -> 0.15 | E99: =VLOOKUP(A99,$U$99:$AA$106,5,FALSE) -> 0.6 | F99: =VLOOKUP(A99,$U$99:$AA$106,6,FALSE) -> 0.75 | G99: =VLOOKUP(A99,$U$99:$AA$106,7,FALSE) -> 1 | H99: =(F99+G99+2*D99)*D99*(C99+2*D99) -> 0.39975 | I99: =(2*(E99*((1.5*F99)+D99)*D99)) -> 0.2295 | J99: 1 | K99: - | L99: =J99/F99 -> 1.3333333 | M99: =(H99+I99)*L99 -> 0.839 | T99: 0 | U99: Tipo 1 | V99: Disipador | W99: 0.5 | X99: 0.1 | Y99: 0.4 | Z99: 0.5 | AA99: 0.5 | AB99: =(Y99+Z99+AA99+2*X99)*X99*(W99+2*X99) -> 0.112 | AC99: =2*(Y99*Z99*X99) -> 0.04 | AD99: =1*15 -> 15 | AE99: - | AF99: =AD99/Z99 -> 30 | AG99: =(AB99+AC99)*AF99 -> 4.56
T100: 0 | U100: Tipo 2 | V100: Disipador | W100: 1 | X100: 0.15 | Y100: 0.6 | Z100: 0.75 | AA100: 1 | AB100: =(Y100+Z100+AA100+2*X100)*X100*(W100+2*X100) -> 0.51675 | AC100: =2*(Y100*Z100*X100) -> 0.135 | AD100: =1*15 -> 15 | AE100: - | AF100: =AD100/Z100 -> 20 | AG100: =(AB100+AC100)*AF100 -> 13.035
T101: 0 | U101: Tipo 3 | V101: Disipador | W101: 1.2 | X101: 0.15 | Y101: 0.7 | Z101: 1 | AA101: 1 | AB101: =(Y101+Z101+AA101+2*X101)*X101*(W101+2*X101) -> 0.675 | AC101: =2*(Y101*Z101*X101) -> 0.21 | AD101: =1*15 -> 15 | AE101: - | AF101: =AD101/Z101 -> 15 | AG101: =(AB101+AC101)*AF101 -> 13.275
T102: 0 | U102: Tipo 4 | V102: Disipador | W102: 1.5 | X102: 0.15 | Y102: 0.7 | Z102: 1 | AA102: 1 | AB102: =(Y102+Z102+AA102+2*X102)*X102*(W102+2*X102) -> 0.81 | AC102: =2*(Y102*Z102*X102) -> 0.21 | AD102: =1*15 -> 15 | AE102: - | AF102: =AD102/Z102 -> 15 | AG102: =(AB102+AC102)*AF102 -> 15.3
T103: 0 | U103: Tipo 5 | V103: Disipador | W103: 1.5 | X103: 0.15 | Y103: 0.8 | Z103: 1.5 | AA103: 1 | AB103: =(Y103+Z103+AA103+2*X103)*X103*(W103+2*X103) -> 0.972 | AC103: =2*(Y103*Z103*X103) -> 0.36 | AD103: =1*15 -> 15 | AE103: - | AF103: =AD103/Z103 -> 10 | AG103: =(AB103+AC103)*AF103 -> 13.32
T104: 0 | U104: Tipo 6 | V104: Disipador | W104: 1.5 | X104: 0.15 | Y104: 1 | Z104: 2 | AA104: 1.5 | AB104: =(Y104+Z104+AA104+2*X104)*X104*(W104+2*X104) -> 1.296 | AC104: =2*(Y104*Z104*X104) -> 0.6 | AD104: =1*15 -> 15 | AE104: - | AF104: =AD104/Z104 -> 7.5 | AG104: =(AB104+AC104)*AF104 -> 14.22
T105: 0 | U105: Tipo 7 | V105: Disipador | W105: 2 | X105: 0.15 | Y105: 1 | Z105: 2 | AA105: 1.5 | AB105: =(Y105+Z105+AA105+2*X105)*X105*(W105+2*X105) -> 1.656 | AC105: =2*(Y105*Z105*X105) -> 0.6 | AD105: =1*15 -> 15 | AE105: - | AF105: =AD105/Z105 -> 7.5 | AG105: =(AB105+AC105)*AF105 -> 16.92
T106: 0 | U106: Tipo 8 | V106: Disipador | W106: 2 | X106: 0.15 | Y106: 1 | Z106: 2 | AA106: 1.5 | AB106: =(Y106+Z106+AA106+2*X106)*X106*(W106+2*X106) -> 1.656 | AC106: =2*(Y106*Z106*X106) -> 0.6 | AD106: =1*15 -> 15 | AE106: - | AF106: =AD106/Z106 -> 7.5 | AG106: =(AB106+AC106)*AF106 -> 16.92
T107: Subtotal Volumen disipadores (m3) = | AG107: =+SUM(AG99:AG106) -> 107.55
A108: DISIPADORES PARA ALCANTARILLAS
A109: TIPO DE DISIPADOR | B109: Ancho B | C109: ACERO TRANSVERSAL | J109: ACERO LONGITUDINAL | N109: Longitud Disipador (m) | O109: # Escalones | P109: Peso Varilla (kg/ml) | Q109: Longitud Total con Traslapo [m] | R109: PESO ACERO DISIPADORES (KG)
A110: TIPO | C110: Varilla N° | D110: Longitud Varilla (m) | E110: H escalon (m) | F110: L escalon (m) | G110: H pared (m) | H110: Cantidad Varillas por Escalon | I110: Longitud Total Varilla (m) | J110: Varilla N° | K110: Longitud Varilla (m) | L110: Cantidad Varillas por Escalon | M110: Longitud Total Varillas (m)
A111: =+A99 -> Tipo 2 | B111: =VLOOKUP(A111,$T$114:$Z$121,2,FALSE) -> 1 | C111: =VLOOKUP(A111,$T$114:$Z$121,3,FALSE) -> 3 | D111: =(B111+G111*2)+(G111*2) -> 3.4 | E111: =VLOOKUP(A111,$T$114:$Z$121,4,FALSE) -> 1 | F111: =VLOOKUP(A111,$T$114:$Z$121,5,FALSE) -> 1 | G111: =VLOOKUP(A111,$T$114:$Z$121,6,FALSE) -> 0.6 | H111: =((E111+F111)/0.15)+1 -> 14.333333 | I111: =D111*H111 -> 48.733333 | J111: =VLOOKUP(A111,$T$114:$Z$121,7,FALSE) -> 3 | K111: =E111+F111+(E111*1/3) -> 2.3333333 | L111: =((B111+G111*2)/0.15)+1 -> 15.666667 | M111: =K111*L111 -> 36.555556 | N111: =+J99 -> 1 | O111: =ROUNDUP(N111/F111,0) -> 1 | P111: =$AD$113 -> 0.56 | Q111: =(I111+M111)*O111*1.1 -> 93.817778 | R111: =P111*Q111 -> 52.537956 | T111: DISIPADORES PARA ALCANTARILLAS | AC111: # varilla | AD111: peso (kg/m)
T112: TIPO DE DISIPADOR | U112: Ancho B | V112: ACERO TRANSVERSAL | Z112: ACERO LONGITUDINAL | AC112: 2 | AD112: 0.25
T113: TIPO | V113: Varilla N° | W113: H escalon (m) | X113: L escalon (m) | Y113: H pared (m) | Z113: Varilla N° | AC113: 3 | AD113: 0.56
T114: Tipo 1 | U114: 0.5 | V114: 3 | W114: 0.5 | X114: 0.5 | Y114: 0.4 | Z114: 3 | AC114: 4 | AD114: 0.996
T115: Tipo 2 | U115: 1 | V115: 3 | W115: 1 | X115: 1 | Y115: 0.6 | Z115: 3 | AC115: 5 | AD115: 1.56
T116: Tipo 3 | U116: 1.2 | V116: 3 | W116: 1 | X116: 1 | Y116: 0.7 | Z116: 3 | AC116: 6 | AD116: 2.237
T117: Tipo 4 | U117: 1.5 | V117: 3 | W117: 1 | X117: 1 | Y117: 0.7 | Z117: 3 | AC117: 7 | AD117: 3.044
T118: Tipo 5 | U118: 1.5 | V118: 3 | W118: 1 | X118: 1 | Y118: 0.8 | Z118: 3 | AC118: 8 | AD118: 3.977
T119: Tipo 6 | U119: 1.5 | V119: 3 | W119: 1.5 | X119: 1.5 | Y119: 1 | Z119: 3
T120: Tipo 7 | U120: 2 | V120: 3 | W120: 1.5 | X120: 1.5 | Y120: 1 | Z120: 3
T121: Tipo 8 | U121: 2 | V121: 3 | W121: 1.5 | X121: 1.5 | Y121: 1.1 | Z121: 3

Sheet Memoria Box-Culvert
A2: MEMORIAS DE CALCULO
A6: SECCIÓN 2 - ACTIVIDADES DE MEJORAMIENTO
A7: Box Culvert 1X2
A9: ANCHO BOX | B9: ELEMENTO | C9: CANT | D9: CANT X M | E9: ALTURA RELLENO | F9: LONGITUD (M) | G9: UN | H9: CANTIDAD (M3)
A10: 0 | B10: Relleno para Estructuras con Suelo | C10: =C11*0.1 -> 0 | H10: =C10 -> 0
B11: Excavaciones Varias sin Clasificar | C11: =2*1*A10 -> 0 | G11: M3 | H11: =C11 -> 0
B12: Excavaciones en roca en seco | C12: =2*1*A10 -> 0 | G12: M3 | H12: =C12 -> 0
B13: Concreto Clase C (28 MPa ó 4000 PSI) | C13: 1.75 | D13: =C13*$A$10 -> 0 | E13: 1 | G13: M3 | H13: =D13 -> 0
B14: Solado | C14: 0.13 | D14: =C14*$A$10 -> 0 | E14: 1 | G14: M3 | H14: =D14 -> 0
B15: Acero de Refuerzo Fy 4200 Mpa | C15: 200.58 | D15: =C15*$A$10 -> 0 | E15: 1 | G15: Kg | H15: =ROUND(D15,2) -> 0

Sheet Memoria Muro Gaviones
A2: MEMORIAS DE CALCULO
A6: SECCIÓN 2 - ACTIVIDADES DE MEJORAMIENTO
A7: MURO EN GAVIONES
B9: LOCALIZACIÓN | C9: PR XX+XXX | G9: Nota: Los muros de contención en gavión en la cartilla se evaluaron para alturas de 3 m y 4 m, con variaciones en la dimensión de sus bases desde 3 m hasta 5 m.
B11: LARGO (ml) | C11: 0
B12: ANCHO (ml) | C12: 0
B13: ALTURA (ml) | C13: 0
B14: No. GAVIONES POR FILA | C14: =+C11/C40 -> 0
B16: EXCAVACIONES VARIAS SIN CLASIFICAR | D16: Unidad: | E16: m3
B17: CANTIDAD | C17: Largo | D17: Ancho | E17: Alto | F17: TOTAL
B18: 1 | C18: =+C11 -> 0 | D18: =+C12+0.8 -> 0.8 | E18: =+C13 -> 0 | F18: =+C18*E18*D18 -> 0
E19: SUBTOTAL | F19: =+SUM(F18:F18) -> 0
B21: GEOTEXTIL TIPO NO TEJIDO | E21: Unidad: | F21: m2
B22: ELEMENTO | C22: Largo | D22: Ancho | E22: Alto | F22: TOTAL
B23: Espaldón | C23: =+C11 -> 0 | E23: =+C13 -> 0 | F23: =+C23*E23 -> 0
B24: Laterales | C24: =+C13*2 -> 0 | D24: =C12 -> 0 | F24: =+C24*D24 -> 0
E25: SUBTOTAL | F25: =+SUM(F23:F24) -> 0
B27: CONCRETO CLASE F | E27: Unidad: | F27: m3
B28: ELEMENTO | C28: Largo | D28: Ancho | E28: Alto | F28: Volumen
B29: SOLADO | C29: =+C11 -> 0 | D29: =+C12 -> 0 | E29: 0.05 | F29: =+C29*D29*E29 -> 0
E30: SUBTOTAL | F30: =+SUM(F28:F29) -> 0
B32: RELLENO PARA ESTRUCTURAS CON RECEBO | E32: Unidad: | F32: m3
B33: ELEMENTO | C33: Largo | D33: Ancho | E33: Alto | F33: Volumen
B34: Espaldón | C34: =+C11 -> 0 | D34: 0.5 | E34: =+C13 -> 0 | F34: =+C34*D34*E34 -> 0
B35: Laterales | D35: =+C12 -> 0 | E35: =+C13 -> 0 | F35: =(((D35*E35)/2)*0.5)*2 -> 0
E36: SUBTOTAL | F36: =SUM(F34:F35) -> 0
B38: GAVIONES DE MALLA DE ALAMBRE DE ACERO | E38: Unidad: | F38: m3
B39: CANTIDAD | C39: Largo | D39: Ancho | E39: Alto | F39: Volumen
B40: =+C14+(C14*2)+(C14*3)+(C14*4)+(C14*4) -> 0 | C40: 2 | D40: 1 | E40: 1 | F40: =+C40*D40*E40*B40 -> 0
E41: SUBTOTAL | F41: =+SUM(F39:F40) -> 0
B43: DREN HORIZONTAL 4" | E43: Unidad: | F43: ml
B44: CANTIDAD | C44: Largo | D44: Ancho | E44: Alto | F44: Volumen
B45: =+C14 -> 0 | D45: =+C12+0.2 -> 0.2 | F45: =+D45*B45 -> 0
E46: SUBTOTAL | F46: =+SUM(F45:F45) -> 0
B48: FILTRO EN GRAVA FINA | E48: Unidad: | F48: m3
B49: ELEMENTO | C49: Largo | D49: Ancho | E49: Alto | F49: Volumen
B50: ESPALDÓN | C50: =+C11 -> 0 | D50: 0.3 | E50: =+C13 -> 0 | F50: =+C50*D50*E50 -> 0
E51: SUBTOTAL | F51: =+SUM(F49:F50) -> 0

Sheet 200.2
E1: INSTITUTO NACIONAL DE VIAS
E4: ANÁLISIS DE PRECIOS UNITARIOS REGIONALIZADOS DE REFERENCIA
E6: ACTUALIZACIÓN PERIÓDICA
K7: FECHA | M7: 06 | N7: 2023
L8: (Día) | M8: (Mes) | N8: (Año)
B9: ÍTEM BASE DE APU DE REFERENCIA: | E9: ⊠
B11: UNIDAD EJECUTORA: | D11: SUBDIRECCIÓN DE VÍAS REGIONALES | J11: DIRECCIÓN TERRITORIAL: | K11: =+Presupuesto!I7 -> CAUCA
B14: CONVENIO No. | D14: FECHA:
B15: OBJETO DEL CONVENIO: | D15: =+Presupuesto!A5 -> AUNAR ESFUERZOS ENTRE EL INSTITUTO NACIONAL DE VIAS Y LA JUNTA DE ACCION COMUNAL DE LA VEREDA DE LA PALOMERA DEL MUNICIPIO DE SANTANDER DE QUILICHAO EN EL DEPARTAMENTO DE CAUCA PARA EL MEJORAMIENTO VIAL EN EL MARCO DEL PROGRAMA CAMINOS COMUNITARIOS DE LA PAZ TOTAL.
B19: CONTRATISTA:
B21: INTERVENTOR: | K21: CONTRATO No. | M21: FECHA: | N21: ______________
B24: DATOS ESPECÍFICOS
B26: ÍTEM | C26: DESCRIPCIÓN | L26: UNIDAD | N26: CANTIDAD
B27: =+Presupuesto!B17 -> 200.2 | C27: Desmonte y limpieza de zonas no boscosas | L27: =+Presupuesto!G17 -> Ha
B29: I. EQUIPO
B31: CÓDIGO | C31: DESCRIPCIÓN | J31: TIPO | K31: TARIFA/HORA | L31: RENDIMIENTO | N31: Vr. UNITARIO
B32: C0010530 | C32: Guadañadora cilindraje 38-58 cm3 | K32: =+Equipos!G83 -> 8212 | L32: =1/0.36 -> 2.7777778 | N32: =K32*L32 -> 22811.111
B33: C0010620 | C33: Motosierra, 4.5 HP - 7.1 HP, longitud de espada 45-90 cm | K33: =+Equipos!G97 -> 9591 | L33: =1/0.103 -> 9.7087379 | N33: =K33*L33 -> 93116.505
N34: =K34*L34 -> 0
N35: =K35*L35 -> 0
N36: =K36*L36 -> 0
N37: =K37*L37 -> 0
N38: =K38*L38 -> 0
N39: =K39*L39 -> 0
B41: SUBTOTAL $ | N41: =SUM(N32:N40) -> 115927.62
B43: II. MATERIALES
B45: CÓDIGO | C45: DESCRIPCIÓN | J45: UNIDAD | K45: CANTIDAD | L45: PRECIO UNIT. | N45: Vr. UNITARIO
N46: =K46*L46 -> 0
N47: =K47*L47 -> 0
N48: =K48*L48 -> 0
N49: =K49*L49 -> 0
N50: =K50*L50 -> 0
N51: =K51*L51 -> 0
N52: =K52*L52 -> 0
N53: =K53*L53 -> 0
N54: =K54*L54 -> 0
N55: =K55*L55 -> 0
B56: SUBTOTAL $ | N56: =SUM(N46:N55) -> 0
B58: III. TRANSPORTES
B60: CÓDIGO | C60: DESCRIPCIÓN | I60: UNIDAD | J60: CANTIDAD (1) | K60: DISTANCIA (2) | L60: (1) * (2) | M60: TARIFA | N60: Vr. UNITARIO
B61: T0010025 | C61: Transporte de material de excavación | I61: m3-km | J61: 1 | K61: =+'Distancia Fuentes Materiales'!D20 -> 5 | L61: =J61*K61 -> 5 | M61: =VLOOKUP(B61,TRANSPORTE!$C$6:$F$40,4,FALSE) -> 1300 | N61: =L61*M61 -> 6500 | O61: 1075.059
N62: =L62*O61 -> 0
N63: =L63*M63 -> 0
N64: =L64*M64 -> 0
N65: =L65*M65 -> 0
B66: SUBTOTAL $ | N66: =SUM(N61:N65) -> 6500
B68: IV. MANO DE OBRA
B70: CÓDIGO | C70: DESCRIPCIÓN | I70: JORNAL | J70: PRESTACIONES (%) | K70: JR. TOTAL | L70: RENDIMIENTO | N70: Vr. UNITARIO
B71: A0030020 | C71: Obrero (2) | I71: =+'Mano de Obra'!C6*2 -> 86708 | J71: 1.85 | K71: =+I71*J71 -> 160409.8 | L71: 2.88 | N71: =K71/L71 -> 55697.847
B76: SUBTOTAL $ | N76: =SUM(N71:N75) -> 55697.847
B78: TOTAL COSTO DIRECTO $ | N78: =N41+N56+N66+N76 -> 178125.46
C84: Firma | J84: Vo. Bo. Firma
C85: Nombre: | J85: Nombre:
C86: Representante Legal del Contratista o su Apoderado | J86: Ingeniero Residente
C87: Matricula No. : | J87: Matricula No. :
B89: OBSERVACIONES INTERVENTORÍA:
B95: APROBACIÓN POR INTERVENTORÍA
E98: Firma
E99: Nombre:
E100: Representante Legal del Interventor o su Apoderado
E101: Matricula No. :
B103: Nota 1: Este APU es de referencia, la OAC deberá ajustar este documento conforme a los precios de mercado la zona y aprobados en comité operativo, para lo cual deberá presentar al interventor la actualización de este desglose para aprobación con relación a los materiales y transportes.
B105: Nota 2: Los documentos publicados periódicamente son propiedad del Instituto Nacional de Vías. Su uso con fines comerciales o de lucro a cualquier título sin previa autorización, está totalmente prohibido y constituye una infracción a la normatividad vigente.

Sheet 201.7
E1: INSTITUTO NACIONAL DE VIAS
E4: ANÁLISIS DE PRECIOS UNITARIOS REGIONALIZADOS DE REFERENCIA
E6: ACTUALIZACIÓN PERIÓDICA
K7: FECHA | M7: 06 | N7: 2023
L8: (Día) | M8: (Mes) | N8: (Año)
B9: ÍTEM BASE DE APU DE REFERENCIA: | E9: ⊠
B11: UNIDAD EJECUTORA: | D11: SUBDIRECCIÓN DE VÍAS REGIONALES | J11: DIRECCIÓN TERRITORIAL: | K11: =+Presupuesto!I7 -> CAUCA
B14: CONVENIO No. | D14: FECHA:
B15: OBJETO DEL CONVENIO: | D15: =+Presupuesto!A5 -> AUNAR ESFUERZOS ENTRE EL INSTITUTO NACIONAL DE VIAS Y LA JUNTA DE ACCION COMUNAL DE LA VEREDA DE LA PALOMERA DEL MUNICIPIO DE SANTANDER DE QUILICHAO EN EL DEPARTAMENTO DE CAUCA PARA EL MEJORAMIENTO VIAL EN EL MARCO DEL PROGRAMA CAMINOS COMUNITARIOS DE LA PAZ TOTAL.
B19: CONTRATISTA:
B21: INTERVENTOR: | K21: CONTRATO No. | M21: FECHA: | N21: ______________
B24: DATOS ESPECÍFICOS
B26: ÍTEM | C26: DESCRIPCIÓN | L26: UNIDAD | N26: CANTIDAD
B27: 201.7 | C27: DEMOLICIÓN DE ESTRUCTURAS | L27: m3
B29: I. EQUIPO
B31: CÓDIGO | C31: DESCRIPCIÓN | J31: TIPO | K31: TARIFA/HORA | L31: RENDIMIENTO | N31: Vr. UNITARIO
B32: C0010790 | C32: Retroexcavadora sobre oruga, potencia 158 kw, balde de 1.5 m3 | K32: =VLOOKUP(B32,Equipos!$C$6:$G$137,5,0) -> 141000 | L32: =1/2.5 -> 0.4 | N32: =K32*L32 -> 56400
B33: C0010270 | C33: Compresor portátil de 70 a 120 HP, con martillo | K33: =VLOOKUP(B33,Equipos!$C$6:$G$137,5,0) -> 83650 | L33: =1/2.5 -> 0.4 | N33: =K33*L33 -> 33460
B34: C0010330 | C34: Equipo de oxicorte y soldadura, capacidad de corte 6"-14" | K34: =VLOOKUP(B34,Equipos!$C$6:$G$137,5,0) -> 15000 | L34: =1/2.5 -> 0.4 | N34: =K34*L34 -> 6000
N35: =K35*L35 -> 0
N36: =K36*L36 -> 0
N37: =K37*L37 -> 0
N38: =K38*L38 -> 0
N39: =K39*L39 -> 0
B41: SUBTOTAL $ | N41: =SUM(N32:N40) -> 95860
B43: II. MATERIALES
B45: CÓDIGO | C45: DESCRIPCIÓN | J45: UNIDAD | K45: CANTIDAD | L45: PRECIO UNIT. | N45: Vr. UNITARIO
B46: B0013791 | C46: Derechos de conformación y/o disposición de materiales sobrantes (Incluye todos los costos inherentes a las posibles obras requeridas en los sitios de disposición de sobrantes) | J46: m3 | K46: 1.4 | L46: =VLOOKUP(B46,Materiales!$C$6:$F$373,4,0) -> 6456 | N46: =K46*L46 -> 9038.4
N47: =K47*L47 -> 0
N48: =K48*L48 -> 0
N49: =K49*L49 -> 0
N50: =K50*L50 -> 0
N51: =K51*L51 -> 0
N52: =K52*L52 -> 0
N53: =K53*L53 -> 0
N54: =K54*L54 -> 0
N55: =K55*L55 -> 0
B56: SUBTOTAL $ | N56: =SUM(N46:N55) -> 9038.4
B58: III. TRANSPORTES
B60: CÓDIGO | C60: DESCRIPCIÓN | I60: UNIDAD | J60: CANTIDAD (1) | K60: DISTANCIA (2) | L60: (1) * (2) | M60: TARIFA | N60: Vr. UNITARIO
B61: T0010032 | C61: Transporte de material de demolición | I61: m3-km | J61: 1.4 | K61: =+'Distancia Fuentes Materiales'!D20 -> 5 | L61: =J61*K61 -> 7 | M61: =VLOOKUP(B61,TRANSPORTE!$C$6:$F$40,4,FALSE) -> 1300 | N61: =L61*M61 -> 9100 | O61: 1026.1039
N62: =L62*M62 -> 0
N63: =L63*M63 -> 0
N64: =L64*M64 -> 0
N65: =L65*M65 -> 0
B66: SUBTOTAL $ | N66: =SUM(N61:N65) -> 9100
B68: IV. MANO DE OBRA
B70: CÓDIGO | C70: DESCRIPCIÓN | I70: JORNAL | J70: PRESTACIONES (%) | K70: JR. TOTAL | L70: RENDIMIENTO | N70: Vr. UNITARIO
B71: A0030020 | C71: Obrero (2) | I71: =+'Mano de Obra'!C6*2 -> 86708 | J71: 1.85 | K71: =+I71*J71 -> 160409.8 | L71: 6 | N71: =K71/L71 -> 26734.967
B72: A0040010 | C72: Oficial | I72: =+'Mano de Obra'!C5 -> 86708 | J72: 1.85 | K72: =+I72*J72 -> 160409.8 | L72: 6 | N72: =K72/L72 -> 26734.967
B76: SUBTOTAL $ | N76: =SUM(N71:N75) -> 53469.933
B78: TOTAL COSTO DIRECTO $ | N78: =N41+N56+N66+N76 -> 167468.33
C84: Firma | J84: Vo. Bo. Firma
C85: Nombre: | J85: Nombre:
C86: Representante Legal del Contratista o su Apoderado | J86: Ingeniero Residente
C87: Matricula No. : | J87: Matricula No. :
B89: OBSERVACIONES INTERVENTORÍA:
B94: APROBACIÓN POR INTERVENTORÍA
E97: Firma
E98: Nombre:
E99: Representante Legal del Interventor o su Apoderado
E100: Matricula No. :
B102: Nota 1: Este APU es de referencia, la OAC deberá ajustar este documento conforme a los precios de mercado la zona y aprobados en comité operativo, para lo cual deberá presentar al interventor la actualización de este desglose para aprobación con relación a los materiales y transportes.
B104: Nota 2: Los documentos publicados periódicamente son propiedad del Instituto Nacional de Vías. Su uso con fines comerciales o de lucro a cualquier título sin previa autorización, está totalmente prohibido y constituye una infracción a la normatividad vigente.

Sheet 230.1
E1: INSTITUTO NACIONAL DE VIAS
E4: ANÁLISIS DE PRECIOS UNITARIOS REGIONALIZADOS DE REFERENCIA
E6: ACTUALIZACIÓN PERIÓDICA
K7: FECHA | M7: 06 | N7: 2023
L8: (Día) | M8: (Mes) | N8: (Año)
B9: ÍTEM BASE DE APU DE REFERENCIA: | E9: ⊠
B11: UNIDAD EJECUTORA: | D11: SUBDIRECCIÓN DE VÍAS REGIONALES | J11: DIRECCIÓN TERRITORIAL: | K11: =+Presupuesto!I7 -> CAUCA
B14: CONVENIO No. | D14: FECHA:
B15: OBJETO DEL CONVENIO: | D15: =+Presupuesto!A5 -> AUNAR ESFUERZOS ENTRE EL INSTITUTO NACIONAL DE VIAS Y LA JUNTA DE ACCION COMUNAL DE LA VEREDA DE LA PALOMERA DEL MUNICIPIO DE SANTANDER DE QUILICHAO EN EL DEPARTAMENTO DE CAUCA PARA EL MEJORAMIENTO VIAL EN EL MARCO DEL PROGRAMA CAMINOS COMUNITARIOS DE LA PAZ TOTAL.
B19: CONTRATISTA:
B21: INTERVENTOR: | K21: CONTRATO No. | M21: FECHA: | N21: ______________
B24: DATOS ESPECÍFICOS
B26: ÍTEM | C26: DESCRIPCIÓN | L26: UNIDAD | N26: CANTIDAD
B27: 230.1 | C27: MEJORAMIENTO DE LA SUBRASANTE CON ADICION DE MATERIALES | L27: m2
B29: I. EQUIPO
B31: CÓDIGO | C31: DESCRIPCIÓN | J31: TIPO | K31: TARIFA/HORA | L31: RENDIMIENTO | N31: Vr. UNITARIO
B32: C0010610 | C32: =+Equipos!E95 -> Motoniveladora potencia 215 HP, ancho de cuchilla 4,27 m, peso 18 ton | K32: =VLOOKUP(B32,Equipos!$C$6:$G$137,5,0) -> 180000 | L32: 0.028571429 | N32: =K32*L32 -> 5142.8571
B33: =+Equipos!C133 -> C0010923 | C33: =+Equipos!E133 -> Vibrocompactador, potencia 153 HP, peso 10 ton | K33: =VLOOKUP(B33,Equipos!$C$6:$G$137,5,0) -> 102367 | L33: 0.028571429 | N33: =K33*L33 -> 2924.7714
B34: =+Equipos!C30 -> C0010150 | C34: =+Equipos!E30 -> Carrotanque de agua(1000 Galones) | K34: =VLOOKUP(B34,Equipos!$C$6:$G$137,5,0) -> 107655 | L34: 0.028571429 | N34: =K34*L34 -> 3075.8571
N35: =K35*L35 -> 0
N36: =K36*L36 -> 0
N37: =K37*L37 -> 0
N38: =K38*L38 -> 0
N39: =K39*L39 -> 0
B41: SUBTOTAL $ | N41: =SUM(N32:N40) -> 11143.486
B43: II. MATERIALES
B45: CÓDIGO | C45: DESCRIPCIÓN | J45: UNIDAD | K45: CANTIDAD | L45: PRECIO UNIT. | N45: Vr. UNITARIO
B46: =Materiales!$C$218 -> B0014270 | C46: =Materiales!$E$218 -> Material de afirmado CBR ≥ 15% | J46: m3 | K46: 1.25 | L46: =VLOOKUP(B46,Materiales!$C$6:$F$373,4,0) -> 33828.693 | N46: =K46*L46 -> 42285.866
B47: =+Materiales!C44 -> B0063200 | C47: =+Materiales!E44 -> Agua | J47: L | K47: 25 | L47: =VLOOKUP(B47,Materiales!$C$6:$F$373,4,0) -> 89 | N47: =K47*L47 -> 2225
N48: =K48*L48 -> 0
N49: =K49*L49 -> 0
N50: =K50*L50 -> 0
N51: =K51*L51 -> 0
N52: =K52*L52 -> 0
N53: =K53*L53 -> 0
N54: =K54*L54 -> 0
N55: =K55*L55 -> 0
B56: SUBTOTAL $ | N56: =SUM(N46:N55) -> 44510.866
B58: III. TRANSPORTES
B60: CÓDIGO | C60: DESCRIPCIÓN | I60: UNIDAD | J60: CANTIDAD (1) | K60: DISTANCIA (2) | L60: (1) * (2) | M60: TARIFA | N60: Vr. UNITARIO
B61: T0010010 | C61: Transporte de material de afirmado | I61: m3-km | J61: =K46 -> 1.25 | K61: =+'Distancia Fuentes Materiales'!D9 -> 10 | L61: =J61*K61 -> 12.5 | M61: =VLOOKUP(B61,TRANSPORTE!$C$6:$F$40,4,FALSE) -> 1300 | N61: =L61*M61 -> 16250 | O61: 1075.059
N62: =L62*M62 -> 0
N63: =L63*M63 -> 0
N64: =L64*M64 -> 0
N65: =L65*M65 -> 0
B66: SUBTOTAL $ | N66: =SUM(N61:N65) -> 16250
B68: IV. MANO DE OBRA
B70: CÓDIGO | C70: DESCRIPCIÓN | I70: JORNAL | J70: PRESTACIONES (%) | K70: JR. TOTAL | L70: RENDIMIENTO | N70: Vr. UNITARIO
B71: A0030020 | C71: Obrero (2) | I71: =+'Mano de Obra'!C6*2 -> 86708 | J71: 1.85 | K71: =+I71*J71 -> 160409.8 | L71: 180 | N71: =K71/L71 -> 891.16556
B72: A0040010 | C72: Oficial | I72: =+'Mano de Obra'!C5 -> 86708 | J72: 1.85 | K72: =+I72*J72 -> 160409.8 | L72: 180 | N72: =K72/L72 -> 891.16556
B76: SUBTOTAL $ | N76: =SUM(N71:N75) -> 1782.3311
B78: TOTAL COSTO DIRECTO $ | N78: =N41+N56+N66+N76 -> 73686.683
C84: Firma | J84: Vo. Bo. Firma
C85: Nombre: | J85: Nombre:
C86: Representante Legal del Contratista o su Apoderado | J86: Ingeniero Residente
C87: Matricula No. : | J87: Matricula No. :
B89: OBSERVACIONES INTERVENTORÍA:
B94: APROBACIÓN POR INTERVENTORÍA
E97: Firma
E98: Nombre:
E99: Representante Legal del Interventor o su Apoderado
E100: Matricula No. :
B102: Nota 1: Este APU es de referencia, la OAC deberá ajustar este documento conforme a los precios de mercado la zona y aprobados en comité operativo, para lo cual deberá presentar al interventor la actualización de este desglose para aprobación con relación a los materiales y transportes.
B104: Nota 2: Los documentos publicados periódicamente son propiedad del Instituto Nacional de Vías. Su uso con fines comerciales o de lucro a cualquier título sin previa autorización, está totalmente prohibido y constituye una infracción a la normatividad vigente.

Sheet 310.1
E1: INSTITUTO NACIONAL DE VIAS
E4: ANÁLISIS DE PRECIOS UNITARIOS REGIONALIZADOS DE REFERENCIA
E6: ACTUALIZACIÓN PERIÓDICA
K7: FECHA | M7: 06 | N7: 2023
L8: (Día) | M8: (Mes) | N8: (Año)
B9: ÍTEM BASE DE APU DE REFERENCIA: | E9: ⊠
B11: UNIDAD EJECUTORA: | D11: SUBDIRECCIÓN DE VÍAS REGIONALES | J11: DIRECCIÓN TERRITORIAL: | K11: =+Presupuesto!I7 -> CAUCA
B14: CONVENIO No. | D14: FECHA:
B15: OBJETO DEL CONVENIO: | D15: =+Presupuesto!A5 -> AUNAR ESFUERZOS ENTRE EL INSTITUTO NACIONAL DE VIAS Y LA JUNTA DE ACCION COMUNAL DE LA VEREDA DE LA PALOMERA DEL MUNICIPIO DE SANTANDER DE QUILICHAO EN EL DEPARTAMENTO DE CAUCA PARA EL MEJORAMIENTO VIAL EN EL MARCO DEL PROGRAMA CAMINOS COMUNITARIOS DE LA PAZ TOTAL.
B19: CONTRATISTA:
B21: INTERVENTOR: | K21: CONTRATO No. | M21: FECHA: | N21: ______________
B24: DATOS ESPECÍFICOS
B26: ÍTEM | C26: DESCRIPCIÓN | L26: UNIDAD | N26: CANTIDAD
B27: 310.1 | C27: CONFORMACIÓN DE LA CALZADA EXISTENTE | L27: m2
B29: I. EQUIPO
B31: CÓDIGO | C31: DESCRIPCIÓN | J31: TIPO | K31: TARIFA/HORA | L31: RENDIMIENTO | N31: Vr. UNITARIO
B32: C0010150 | C32: Carrotanque de agua(1000 Galones) | K32: =VLOOKUP(B32,Equipos!$C$6:$G$137,5,0) -> 107655 | L32: =1/619.375 -> 0.0016145308 | N32: =K32*L32 -> 173.81231
B33: C0010610 | C33: Motoniveladora potencia 215 HP, ancho de cuchilla 4,27 m, peso 18 ton | K33: =VLOOKUP(B33,Equipos!$C$6:$G$137,5,0) -> 180000 | L33: =1/619.375 -> 0.0016145308 | N33: =K33*L33 -> 290.61554
B34: C0010923 | C34: Vibrocompactador, potencia 153 HP, peso 10 ton | K34: =VLOOKUP(B34,Equipos!$C$6:$G$137,5,0) -> 102367 | L34: =1/619.375 -> 0.0016145308 | N34: =K34*L34 -> 165.27467
B35: C0010130 | C35: Cargador: potencia en el volante 110 hp, clasificación de rpm del motor 2300 | K35: =VLOOKUP(B35,Equipos!$C$6:$G$137,5,0) -> 132000 | L35: =1/619.375 -> 0.0016145308 | N35: =K35*L35 -> 213.11806
N36: =K36*L36 -> 0
N37: =K37*L37 -> 0
N38: =K38*L38 -> 0
N39: =K39*L39 -> 0
B41: SUBTOTAL $ | N41: =SUM(N32:N40) -> 842.82059
B43: II. MATERIALES
B45: CÓDIGO | C45: DESCRIPCIÓN | J45: UNIDAD | K45: CANTIDAD | L45: PRECIO UNIT. | N45: Vr. UNITARIO
B46: B0063200 | C46: Agua | J46: L | K46: 3 | L46: =VLOOKUP(B46,Materiales!$C$6:$F$373,4,0) -> 89 | N46: =K46*L46 -> 267
N47: =K47*L47 -> 0
N48: =K48*L48 -> 0
N49: =K49*L49 -> 0
N50: =K50*L50 -> 0
N51: =K51*L51 -> 0
N52: =K52*L52 -> 0
N53: =K53*L53 -> 0
N54: =K54*L54 -> 0
N55: =K55*L55 -> 0
B56: SUBTOTAL $ | N56: =SUM(N46:N55) -> 267
B58: III. TRANSPORTES
B60: CÓDIGO | C60: DESCRIPCIÓN | I60: UNIDAD | J60: CANTIDAD (1) | K60: DISTANCIA (2) | L60: (1) * (2) | M60: TARIFA | N60: Vr. UNITARIO
N61: =L61*M61 -> 0
N62: =L62*M62 -> 0
N63: =L63*M63 -> 0
N64: =L64*M64 -> 0
N65: =L65*M65 -> 0
B66: SUBTOTAL $ | N66: =SUM(N61:N65) -> 0
B68: IV. MANO DE OBRA
B70: CÓDIGO | C70: DESCRIPCIÓN | I70: JORNAL | J70: PRESTACIONES (%) | K70: JR. TOTAL | L70: RENDIMIENTO | N70: Vr. UNITARIO
B71: A0040010 | C71: Oficial | I71: =+'Mano de Obra'!C5 -> 86708 | J71: 1.85 | K71: =+I71*J71 -> 160409.8 | L71: 4955 | N71: =K71/L71 -> 32.37332
B72: A0030020 | C72: Obrero (3) | I72: =+'Mano de Obra'!C6*3 -> 130062 | J72: 1.85 | K72: =+I72*J72 -> 240614.7 | L72: 4955 | N72: =K72/L72 -> 48.55998
B76: SUBTOTAL $ | N76: =SUM(N71:N75) -> 80.9333
B78: TOTAL COSTO DIRECTO $ | N78: =N41+N56+N66+N76 -> 1190.7539
C84: Firma | J84: Vo. Bo. Firma
C85: Nombre: | J85: Nombre:
C86: Representante Legal del Contratista o su Apoderado | J86: Ingeniero Residente
C87: Matricula No. : | J87: Matricula No. :
B89: OBSERVACIONES INTERVENTORÍA:
B94: APROBACIÓN POR INTERVENTORÍA
E97: Firma
E98: Nombre:
E99: Representante Legal del Interventor o su Apoderado
E100: Matricula No. :
B102: Nota 1: Este APU es de referencia, la OAC deberá ajustar este documento conforme a los precios de mercado la zona y aprobados en comité operativo, para lo cual deberá presentar al interventor la actualización de este desglose para aprobación con relación a los materiales y transportes.
B104: Nota 2: Los documentos publicados periódicamente son propiedad del Instituto Nacional de Vías. Su uso con fines comerciales o de lucro a cualquier título sin previa autorización, está totalmente prohibido y constituye una infracción a la normatividad vigente.

Sheet 311.1
E1: INSTITUTO NACIONAL DE VIAS
E4: ANÁLISIS DE PRECIOS UNITARIOS REGIONALIZADOS DE REFERENCIA
E6: ACTUALIZACIÓN PERIÓDICA
K7: FECHA | M7: 06 | N7: 2023
L8: (Día) | M8: (Mes) | N8: (Año)
B9: ÍTEM BASE DE APU DE REFERENCIA: | E9: ⊠
B11: UNIDAD EJECUTORA: | D11: SUBDIRECCIÓN DE VÍAS REGIONALES | J11: DIRECCIÓN TERRITORIAL: | K11: =+Presupuesto!I7 -> CAUCA
B14: CONVENIO No. | D14: FECHA:
B15: OBJETO DEL CONVENIO: | D15: =+Presupuesto!A5 -> AUNAR ESFUERZOS ENTRE EL INSTITUTO NACIONAL DE VIAS Y LA JUNTA DE ACCION COMUNAL DE LA VEREDA DE LA PALOMERA DEL MUNICIPIO DE SANTANDER DE QUILICHAO EN EL DEPARTAMENTO DE CAUCA PARA EL MEJORAMIENTO VIAL EN EL MARCO DEL PROGRAMA CAMINOS COMUNITARIOS DE LA PAZ TOTAL.
B19: CONTRATISTA:
B21: INTERVENTOR: | K21: CONTRATO No. | M21: FECHA: | N21: ______________
B24: DATOS ESPECÍFICOS
B26: ÍTEM | C26: DESCRIPCIÓN | L26: UNIDAD | N26: CANTIDAD
B27: 311.1 | C27: AFIRMADO | L27: m3
B29: I. EQUIPO
B31: CÓDIGO | C31: DESCRIPCIÓN | J31: TIPO | K31: TARIFA/HORA | L31: RENDIMIENTO | N31: Vr. UNITARIO
B32: C0010150 | C32: =VLOOKUP(B32,Equipos!$C$6:$G$137,3,0) -> Carrotanque de agua(1000 Galones) | K32: =VLOOKUP(B32,Equipos!$C$6:$G$137,5,0) -> 107655 | L32: =1/45 -> 0.022222222 | N32: =K32*L32 -> 2392.3333
B33: C0010610 | C33: =VLOOKUP(B33,Equipos!$C$6:$G$137,3,0) -> Motoniveladora potencia 215 HP, ancho de cuchilla 4,27 m, peso 18 ton | K33: =VLOOKUP(B33,Equipos!$C$6:$G$137,5,0) -> 180000 | L33: =1/45 -> 0.022222222 | N33: =K33*L33 -> 4000
B34: C0010923 | C34: =VLOOKUP(B34,Equipos!$C$6:$G$137,3,0) -> Vibrocompactador, potencia 153 HP, peso 10 ton | K34: =VLOOKUP(B34,Equipos!$C$6:$G$137,5,0) -> 102367 | L34: =1/45 -> 0.022222222 | N34: =K34*L34 -> 2274.8222
N35: =K35*L35 -> 0
N36: =K36*L36 -> 0
N37: =K37*L37 -> 0
N38: =K38*L38 -> 0
N39: =K39*L39 -> 0
B41: SUBTOTAL $ | N41: =SUM(N32:N40) -> 8667.1556
B43: II. MATERIALES
B45: CÓDIGO | C45: DESCRIPCIÓN | J45: UNIDAD | K45: CANTIDAD | L45: PRECIO UNIT. | N45: Vr. UNITARIO
B46: B0063200 | C46: Agua | J46: L | K46: 22 | L46: =VLOOKUP(B46,Materiales!$C$6:$F$373,4,0) -> 89 | N46: =K46*L46 -> 1958
B47: B0014270 | C47: Material de afirmado CBR ≥ 15% | J47: m3 | K47: 1.25 | L47: =VLOOKUP(B47,Materiales!$C$6:$F$373,4,0) -> 33828.693 | N47: =K47*L47 -> 42285.866
N48: =K48*L48 -> 0
N49: =K49*L49 -> 0
N50: =K50*L50 -> 0
N51: =K51*L51 -> 0
N52: =K52*L52 -> 0
N53: =K53*L53 -> 0
N54: =K54*L54 -> 0
N55: =K55*L55 -> 0
B56: SUBTOTAL $ | N56: =SUM(N46:N55) -> 44243.866
B58: III. TRANSPORTES
B60: CÓDIGO | C60: DESCRIPCIÓN | I60: UNIDAD | J60: CANTIDAD (1) | K60: DISTANCIA (2) | L60: (1) * (2) | M60: TARIFA | N60: Vr. UNITARIO
B61: T0010010 | C61: Transporte de material de afirmado | I61: m3-km | J61: 1.25 | K61: =+'Distancia Fuentes Materiales'!D9 -> 10 | L61: =J61*K61 -> 12.5 | M61: =VLOOKUP(B61,TRANSPORTE!$C$6:$F$40,4,FALSE) -> 1300 | N61: =L61*M61 -> 16250 | O61: 1044.9953
N62: =L62*M62 -> 0
N63: =L63*M63 -> 0
N64: =L64*M64 -> 0
N65: =L65*M65 -> 0
B66: SUBTOTAL $ | N66: =SUM(N61:N65) -> 16250
B68: IV. MANO DE OBRA
B70: CÓDIGO | C70: DESCRIPCIÓN | I70: JORNAL | J70: PRESTACIONES (%) | K70: JR. TOTAL | L70: RENDIMIENTO | N70: Vr. UNITARIO
B71: A0040010 | C71: Oficial | I71: =+'Mano de Obra'!C5 -> 86708 | J71: 1.85 | K71: =+I71*J71 -> 160409.8 | L71: 50 | N71: =K71/L71 -> 3208.196
B72: A0030020 | C72: Obrero (2) | I72: =+'Mano de Obra'!C6*2 -> 86708 | J72: 1.85 | K72: =+I72*J72 -> 160409.8 | L72: 50 | N72: =K72/L72 -> 3208.196
B76: SUBTOTAL $ | N76: =SUM(N71:N75) -> 6416.392
B78: TOTAL COSTO DIRECTO $ | N78: =N41+N56+N66+N76 -> 75577.414
C84: Firma | J84: Vo. Bo. Firma
C85: Nombre: | J85: Nombre:
C86: Representante Legal del Contratista o su Apoderado | J86: Ingeniero Residente
C87: Matricula No. : | J87: Matricula No. :
B89: OBSERVACIONES INTERVENTORÍA:
B94: APROBACIÓN POR INTERVENTORÍA
E97: Firma
E98: Nombre:
E99: Representante Legal del Interventor o su Apoderado
E100: Matricula No. :
B102: Nota 1: Este APU es de referencia, la OAC deberá ajustar este documento conforme a los precios de mercado la zona y aprobados en comité operativo, para lo cual deberá presentar al interventor la actualización de este desglose para aprobación con relación a los materiales y transportes.
B104: Nota 2: Los documentos publicados periódicamente son propiedad del Instituto Nacional de Vías. Su uso con fines comerciales o de lucro a cualquier título sin previa autorización, está totalmente prohibido y constituye una infracción a la normatividad vigente.

Sheet 320.3.1
E1: INSTITUTO NACIONAL DE VIAS
E4: ANÁLISIS DE PRECIOS UNITARIOS REGIONALIZADOS DE REFERENCIA
E6: ACTUALIZACIÓN PERIÓDICA
K7: FECHA | M7: 06 | N7: 2023
L8: (Día) | M8: (Mes) | N8: (Año)
B9: ÍTEM BASE DE APU DE REFERENCIA: | E9: ⊠
B11: UNIDAD EJECUTORA: | D11: SUBDIRECCIÓN DE VÍAS REGIONALES | J11: DIRECCIÓN TERRITORIAL: | K11: =+Presupuesto!I7 -> CAUCA
B14: CONVENIO No. | D14: FECHA:
B15: OBJETO DEL CONVENIO: | D15: =+Presupuesto!A5 -> AUNAR ESFUERZOS ENTRE EL INSTITUTO NACIONAL DE VIAS Y LA JUNTA DE ACCION COMUNAL DE LA VEREDA DE LA PALOMERA DEL MUNICIPIO DE SANTANDER DE QUILICHAO EN EL DEPARTAMENTO DE CAUCA PARA EL MEJORAMIENTO VIAL EN EL MARCO DEL PROGRAMA CAMINOS COMUNITARIOS DE LA PAZ TOTAL.
B19: CONTRATISTA:
B21: INTERVENTOR: | K21: CONTRATO No. | M21: FECHA: | N21: ______________
B24: DATOS ESPECÍFICOS
B26: ÍTEM | C26: DESCRIPCIÓN | L26: UNIDAD | N26: CANTIDAD
B27: 320.3.1 | C27: SUBBASE GRANULAR CLASE C SBG-50 | L27: m3
B29: I. EQUIPO
B31: CÓDIGO | C31: DESCRIPCIÓN | J31: TIPO | K31: TARIFA/HORA | L31: RENDIMIENTO | N31: Vr. UNITARIO
B32: C0010150 | C32: Carrotanque de agua(1000 Galones) | K32: =VLOOKUP(B32,Equipos!$C$6:$G$137,5,0) -> 107655 | L32: =1/40 -> 0.025 | N32: =K32*L32 -> 2691.375
B33: C0010610 | C33: Motoniveladora potencia 215 HP, ancho de cuchilla 4,27 m, peso 18 ton | K33: =VLOOKUP(B33,Equipos!$C$6:$G$137,5,0) -> 180000 | L33: =1/40 -> 0.025 | N33: =K33*L33 -> 4500
B34: C0010923 | C34: Vibrocompactador, potencia 153 HP, peso 10 ton | K34: =VLOOKUP(B34,Equipos!$C$6:$G$137,5,0) -> 102367 | L34: =1/40 -> 0.025 | N34: =K34*L34 -> 2559.175
N35: =K35*L35 -> 0
N36: =K36*L36 -> 0
N37: =K37*L37 -> 0
N38: =K38*L38 -> 0
B41: SUBTOTAL $ | N41: =SUM(N32:N40) -> 9750.55
B43: II. MATERIALES
B45: CÓDIGO | C45: DESCRIPCIÓN | J45: UNIDAD | K45: CANTIDAD | L45: PRECIO UNIT. | N45: Vr. UNITARIO
B46: B0014347 | C46: Material de sub- base clase C (NT1) gradación SBG-50 | J46: m3 | K46: 1.3 | L46: =VLOOKUP(B46,Materiales!$C$6:$F$373,4,0) -> 54740 | N46: =K46*L46 -> 71162
B47: B0063200 | C47: Agua | J47: L | K47: 22 | L47: =VLOOKUP(B47,Materiales!$C$6:$F$373,4,0) -> 89 | N47: =K47*L47 -> 1958
N48: =K48*L48 -> 0
N49: =K49*L49 -> 0
N50: =K50*L50 -> 0
N51: =K51*L51 -> 0
N52: =K52*L52 -> 0
N53: =K53*L53 -> 0
N54: =K54*L54 -> 0
N55: =K55*L55 -> 0
B56: SUBTOTAL $ | N56: =SUM(N46:N55) -> 73120
B58: III. TRANSPORTES
B60: CÓDIGO | C60: DESCRIPCIÓN | I60: UNIDAD | J60: CANTIDAD (1) | K60: DISTANCIA (2) | L60: (1) * (2) | M60: TARIFA | N60: Vr. UNITARIO
B61: T0010030 | C61: Transporte de material de sub-base | I61: m3-km | J61: =K46 -> 1.3 | K61: =+'Distancia Fuentes Materiales'!D10 -> 33 | L61: =J61*K61 -> 42.9 | M61: =VLOOKUP(B61,TRANSPORTE!$C$6:$F$40,4,FALSE) -> 1300 | N61: =L61*M61 -> 55770 | O61: 1073.2511
N62: =L62*M62 -> 0
N63: =L63*M63 -> 0
N64: =L64*M64 -> 0
N65: =L65*M65 -> 0
B66: SUBTOTAL $ | N66: =SUM(N61:N65) -> 55770
B68: IV. MANO DE OBRA
B70: CÓDIGO | C70: DESCRIPCIÓN | I70: JORNAL | J70: PRESTACIONES (%) | K70: JR. TOTAL | L70: RENDIMIENTO | N70: Vr. UNITARIO
B71: A0030020 | C71: Obrero (2) | I71: =+'Mano de Obra'!C6*2 -> 86708 | J71: 1.85 | K71: =+I71*J71 -> 160409.8 | L71: =40*8 -> 320 | N71: =K71/L71 -> 501.28063
B76: SUBTOTAL $ | N76: =SUM(N71:N75) -> 501.28063
B78: TOTAL COSTO DIRECTO $ | N78: =N41+N56+N66+N76 -> 139141.83
C84: Firma | J84: Vo. Bo. Firma
C85: Nombre: | J85: Nombre:
C86: Representante Legal del Contratista o su Apoderado | J86: Ingeniero Residente
C87: Matricula No. : | J87: Matricula No. :
B89: OBSERVACIONES INTERVENTORÍA:
B94: APROBACIÓN POR INTERVENTORÍA
E97: Firma
E98: Nombre:
E99: Representante Legal del Interventor o su Apoderado
E100: Matricula No. :
B102: Nota 1: Este APU es de referencia, la OAC deberá ajustar este documento conforme a los precios de mercado la zona y aprobados en comité operativo, para lo cual deberá presentar al interventor la actualización de este desglose para aprobación con relación a los materiales y transportes.
B104: Nota 2: Los documentos publicados periódicamente son propiedad del Instituto Nacional de Vías. Su uso con fines comerciales o de lucro a cualquier título sin previa autorización, está totalmente prohibido y constituye una infracción a la normatividad vigente.

Sheet 600.1.1
E1: INSTITUTO NACIONAL DE VIAS
E4: ANÁLISIS DE PRECIOS UNITARIOS REGIONALIZADOS DE REFERENCIA
E6: ACTUALIZACIÓN PERIÓDICA
K7: FECHA | M7: 06 | N7: 2023
L8: (Día) | M8: (Mes) | N8: (Año)
B9: ÍTEM BASE DE APU DE REFERENCIA: | E9: ⊠
B11: UNIDAD EJECUTORA: | D11: SUBDIRECCIÓN DE VÍAS REGIONALES | J11: DIRECCIÓN TERRITORIAL: | K11: =+Presupuesto!I7 -> CAUCA
B14: CONVENIO No. | D14: FECHA:
B15: OBJETO DEL CONVENIO: | D15: =+Presupuesto!A5 -> AUNAR ESFUERZOS ENTRE EL INSTITUTO NACIONAL DE VIAS Y LA JUNTA DE ACCION COMUNAL DE LA VEREDA DE LA PALOMERA DEL MUNICIPIO DE SANTANDER DE QUILICHAO EN EL DEPARTAMENTO DE CAUCA PARA EL MEJORAMIENTO VIAL EN EL MARCO DEL PROGRAMA CAMINOS COMUNITARIOS DE LA PAZ TOTAL.
B19: CONTRATISTA:
B21: INTERVENTOR: | K21: CONTRATO No. | M21: FECHA: | N21: ______________
B24: DATOS ESPECÍFICOS
B26: ÍTEM | C26: DESCRIPCIÓN | L26: UNIDAD | N26: CANTIDAD
B27: 600.1.1 | C27: EXCAVACIONES VARIAS SIN CLASIFICAR | L27: m3
B29: I. EQUIPO
B31: CÓDIGO | C31: DESCRIPCIÓN | J31: TIPO | K31: TARIFA/HORA | L31: RENDIMIENTO | N31: Vr. UNITARIO
B32: C0010270 | C32: Compresor portátil de 70 a 120 HP, con martillo | K32: =VLOOKUP(B32,Equipos!$C$6:$G$137,5,0) -> 83650 | L32: =1/25 -> 0.04 | N32: =K32*L32 -> 3346
B33: C0010790 | C33: Retroexcavadora sobre oruga, potencia 158 kw, balde de 1.5 m3 | K33: =VLOOKUP(B33,Equipos!$C$6:$G$137,5,0) -> 141000 | L33: =1/25 -> 0.04 | N33: =K33*L33 -> 5640
N34: =K34*L34 -> 0
N35: =K35*L35 -> 0
N36: =K36*L36 -> 0
N37: =K37*L37 -> 0
N38: =K38*L38 -> 0
N39: =K39*L39 -> 0
B41: SUBTOTAL $ | N41: =SUM(N32:N40) -> 8986
B43: II. MATERIALES
B45: CÓDIGO | C45: DESCRIPCIÓN | J45: UNIDAD | K45: CANTIDAD | L45: PRECIO UNIT. | N45: Vr. UNITARIO
B46: B0013790 | C46: Derecho de explotación y/o disposición de materiales | J46: m3 | K46: 1.3 | L46: =VLOOKUP(B46,Materiales!$C$6:$F$373,4,0) -> 3500 | N46: =K46*L46 -> 4550
N47: =K47*L47 -> 0
N48: =K48*L48 -> 0
N49: =K49*L49 -> 0
N50: =K50*L50 -> 0
N51: =K51*L51 -> 0
N52: =K52*L52 -> 0
N53: =K53*L53 -> 0
N54: =K54*L54 -> 0
N55: =K55*L55 -> 0
B56: SUBTOTAL $ | N56: =SUM(N46:N55) -> 4550
B58: III. TRANSPORTES
B60: CÓDIGO | C60: DESCRIPCIÓN | I60: UNIDAD | J60: CANTIDAD (1) | K60: DISTANCIA (2) | L60: (1) * (2) | M60: TARIFA | N60: Vr. UNITARIO
B61: T0010025 | C61: Transporte de material de excavación | I61: m3-km | J61: =K46 -> 1.3 | K61: =+'Distancia Fuentes Materiales'!D20 -> 5 | L61: =J61*K61 -> 6.5 | M61: =VLOOKUP(B61,TRANSPORTE!$C$6:$F$40,4,FALSE) -> 1300 | N61: =L61*M61 -> 8450 | O61: 1075.059
N62: =L62*M62 -> 0
N63: =L63*M63 -> 0
N64: =L64*M64 -> 0
N65: =L65*M65 -> 0
B66: SUBTOTAL $ | N66: =SUM(N61:N65) -> 8450
B68: IV. MANO DE OBRA
B70: CÓDIGO | C70: DESCRIPCIÓN | I70: JORNAL | J70: PRESTACIONES (%) | K70: JR. TOTAL | L70: RENDIMIENTO | N70: Vr. UNITARIO
B71: A0030020 | C71: Obrero (2) | I71: =+'Mano de Obra'!C6*2 -> 86708 | J71: 1.85 | K71: =+I71*J71 -> 160409.8 | L71: 200 | N71: =K71/L71 -> 802.049
B72: A0040010 | C72: Oficial | I72: =+'Mano de Obra'!C5 -> 86708 | J72: 1.85 | K72: =+I72*J72 -> 160409.8 | L72: 200 | N72: =K72/L72 -> 802.049
B76: SUBTOTAL $ | N76: =SUM(N71:N75) -> 1604.098
B78: TOTAL COSTO DIRECTO $ | N78: =N41+N56+N66+N76 -> 23590.098
C84: Firma | J84: Vo. Bo. Firma
C85: Nombre: | J85: Nombre:
C86: Representante Legal del Contratista o su Apoderado | J86: Ingeniero Residente
C87: Matricula No. : | J87: Matricula No. :
B89: OBSERVACIONES INTERVENTORÍA:
B94: APROBACIÓN POR INTERVENTORÍA
E97: Firma
E98: Nombre:
E99: Representante Legal del Interventor o su Apoderado
E100: Matricula No. :
B102: Nota 1: Este APU es de referencia, la OAC deberá ajustar este documento conforme a los precios de mercado la zona y aprobados en comité operativo, para lo cual deberá presentar al interventor la actualización de este desglose para aprobación con relación a los materiales y transportes.
B104: Nota 2: Los documentos publicados periódicamente son propiedad del Instituto Nacional de Vías. Su uso con fines comerciales o de lucro a cualquier título sin previa autorización, está totalmente prohibido y constituye una infracción a la normatividad vigente.

Sheet 600.2.1
E1: INSTITUTO NACIONAL DE VIAS
E4: ANÁLISIS DE PRECIOS UNITARIOS REGIONALIZADOS DE REFERENCIA
E6: ACTUALIZACIÓN PERIÓDICA
K7: FECHA | M7: 06 | N7: 2023
L8: (Día) | M8: (Mes) | N8: (Año)
B9: ÍTEM BASE DE APU DE REFERENCIA: | E9: ⊠
B11: UNIDAD EJECUTORA: | D11: SUBDIRECCIÓN DE VÍAS REGIONALES | J11: DIRECCIÓN TERRITORIAL: | K11: =+Presupuesto!I7 -> CAUCA
B14: CONVENIO No. | D14: FECHA:
B15: OBJETO DEL CONVENIO: | D15: =+Presupuesto!A5 -> AUNAR ESFUERZOS ENTRE EL INSTITUTO NACIONAL DE VIAS Y LA JUNTA DE ACCION COMUNAL DE LA VEREDA DE LA PALOMERA DEL MUNICIPIO DE SANTANDER DE QUILICHAO EN EL DEPARTAMENTO DE CAUCA PARA EL MEJORAMIENTO VIAL EN EL MARCO DEL PROGRAMA CAMINOS COMUNITARIOS DE LA PAZ TOTAL.
B19: CONTRATISTA:
B21: INTERVENTOR: | K21: CONTRATO No. | M21: FECHA: | N21: ______________
B24: DATOS ESPECÍFICOS
B26: ÍTEM | C26: DESCRIPCIÓN | L26: UNIDAD | N26: CANTIDAD
B27: 600.2.1 | C27: EXCAVACIONES VARIAS EN ROCA EN SECO | L27: m3
B29: I. EQUIPO
B31: CÓDIGO | C31: DESCRIPCIÓN | J31: TIPO | K31: TARIFA/HORA | L31: RENDIMIENTO | N31: Vr. UNITARIO
B32: C0010270 | C32: Compresor portátil de 70 a 120 HP, con martillo | K32: =VLOOKUP(B32,Equipos!$C$6:$G$137,5,0) -> 83650 | L32: =1/10 -> 0.1 | N32: =K32*L32 -> 8365
B33: C0010790 | C33: Retroexcavadora sobre oruga, potencia 158 kw, balde de 1.5 m3 | K33: =VLOOKUP(B33,Equipos!$C$6:$G$137,5,0) -> 141000 | L33: =1/16 -> 0.0625 | N33: =K33*L33 -> 8812.5
N34: =K34*L34 -> 0
N35: =K35*L35 -> 0
N36: =K36*L36 -> 0
N37: =K37*L37 -> 0
N38: =K38*L38 -> 0
N39: =K39*L39 -> 0
B41: SUBTOTAL $ | N41: =SUM(N32:N40) -> 17177.5
B43: II. MATERIALES
B45: CÓDIGO | C45: DESCRIPCIÓN | J45: UNIDAD | K45: CANTIDAD | L45: PRECIO UNIT. | N45: Vr. UNITARIO
B46: B0013270 | C46: Anfo | J46: kg | K46: 0.3 | L46: =VLOOKUP(B46,Materiales!$C$6:$F$373,4,0) -> 8069.9763 | N46: =K46*L46 -> 2420.9929
B47: B0013730 | C47: Cordón detonante | J47: m | K47: 3 | L47: =VLOOKUP(B47,Materiales!$C$6:$F$373,4,0) -> 2365.017 | N47: =K47*L47 -> 7095.051
B48: B0013980 | C48: Explosivos 75% (INDUGEL) | J48: lb | K48: 0.25 | L48: =VLOOKUP(B48,Materiales!$C$6:$F$373,4,0) -> 9181.8154 | N48: =K48*L48 -> 2295.4539
B49: B0014040 | C49: Fulminantes común, con tiempos de retardo de explosión para voladuras controladas | J49: u | K49: 1 | L49: =VLOOKUP(B49,Materiales!$C$6:$F$373,4,0) -> 914.54939 | N49: =K49*L49 -> 914.54939
B50: B0014420 | C50: Mecha Lenta | J50: m | K50: 1 | L50: =VLOOKUP(B50,Materiales!$C$6:$F$373,4,0) -> 1465.967 | N50: =K50*L50 -> 1465.967
B51: B0013790 | C51: Derecho de explotación y/o disposición de materiales | J51: m3 | K51: 1.4 | L51: =VLOOKUP(B51,Materiales!$C$6:$F$373,4,0) -> 3500 | N51: =K51*L51 -> 4900
N52: =K52*L52 -> 0
N53: =K53*L53 -> 0
N54: =K54*L54 -> 0
N55: =K55*L55 -> 0
B56: SUBTOTAL $ | N56: =SUM(N46:N55) -> 19092.014
B58: III. TRANSPORTES
B60: CÓDIGO | C60: DESCRIPCIÓN | I60: UNIDAD | J60: CANTIDAD (1) | K60: DISTANCIA (2) | L60: (1) * (2) | M60: TARIFA | N60: Vr. UNITARIO
B61: T0010025 | C61: Transporte de material de excavación | I61: m3-km | J61: =K51 -> 1.4 | K61: =+'Distancia Fuentes Materiales'!D20 -> 5 | L61: =J61*K61 -> 7 | M61: =VLOOKUP(B61,TRANSPORTE!$C$6:$F$40,4,FALSE) -> 1300 | N61: =L61*M61 -> 9100 | O61: 1075.059
N62: =L62*M62 -> 0
N63: =L63*M63 -> 0
N64: =L64*M64 -> 0
N65: =L65*M65 -> 0
B66: SUBTOTAL $ | N66: =SUM(N61:N65) -> 9100
B68: IV. MANO DE OBRA
B70: CÓDIGO | C70: DESCRIPCIÓN | I70: JORNAL | J70: PRESTACIONES (%) | K70: JR. TOTAL | L70: RENDIMIENTO | N70: Vr. UNITARIO
B71: A0030040 | C71: Obrero (4) | I71: =+'Mano de Obra'!C6*4 -> 173416 | J71: 1.85 | K71: =+I71*J71 -> 320819.6 | L71: 80 | N71: =K71/L71 -> 4010.245
B72: A0040010 | C72: Oficial | I72: =+'Mano de Obra'!C5 -> 86708 | J72: 1.85 | K72: =+I72*J72 -> 160409.8 | L72: 80 | N72: =K72/L72 -> 2005.1225
B76: SUBTOTAL $ | N76: =SUM(N71:N75) -> 6015.3675
B78: TOTAL COSTO DIRECTO $ | N78: =N41+N56+N66+N76 -> 51384.882
C84: Firma | J84: Vo. Bo. Firma
C85: Nombre: | J85: Nombre:
C86: Representante Legal del Contratista o su Apoderado | J86: Ingeniero Residente
C87: Matricula No. : | J87: Matricula No. :
B89: OBSERVACIONES INTERVENTORÍA:
B94: APROBACIÓN POR INTERVENTORÍA
E97: Firma
E98: Nombre:
E99: Representante Legal del Interventor o su Apoderado
E100: Matricula No. :
B102: Nota 1: Este APU es de referencia, la OAC deberá ajustar este documento conforme a los precios de mercado la zona y aprobados en comité operativo, para lo cual deberá presentar al interventor la actualización de este desglose para aprobación con relación a los materiales y transportes.
B104: Nota 2: Los documentos publicados periódicamente son propiedad del Instituto Nacional de Vías. Su uso con fines comerciales o de lucro a cualquier título sin previa autorización, está totalmente prohibido y constituye una infracción a la normatividad vigente.

Sheet 610.1
E1: INSTITUTO NACIONAL DE VIAS
E4: ANÁLISIS DE PRECIOS UNITARIOS REGIONALIZADOS DE REFERENCIA
E6: ACTUALIZACIÓN PERIÓDICA
K7: FECHA | M7: 06 | N7: 2023
L8: (Día) | M8: (Mes) | N8: (Año)
B9: ÍTEM BASE DE APU DE REFERENCIA: | E9: ⊠
B11: UNIDAD EJECUTORA: | D11: SUBDIRECCIÓN DE VÍAS REGIONALES | J11: DIRECCIÓN TERRITORIAL: | K11: =+Presupuesto!I7 -> CAUCA
B14: CONVENIO No. | D14: FECHA:
B15: OBJETO DEL CONVENIO: | D15: =+Presupuesto!A5 -> AUNAR ESFUERZOS ENTRE EL INSTITUTO NACIONAL DE VIAS Y LA JUNTA DE ACCION COMUNAL DE LA VEREDA DE LA PALOMERA DEL MUNICIPIO DE SANTANDER DE QUILICHAO EN EL DEPARTAMENTO DE CAUCA PARA EL MEJORAMIENTO VIAL EN EL MARCO DEL PROGRAMA CAMINOS COMUNITARIOS DE LA PAZ TOTAL.
B19: CONTRATISTA:
B21: INTERVENTOR: | K21: CONTRATO No. | M21: FECHA: | N21: ______________
B24: DATOS ESPECÍFICOS
B26: ÍTEM | C26: DESCRIPCIÓN | L26: UNIDAD | N26: CANTIDAD
B27: 610.1 | C27: RELLENO PARA ESTRUCTURAS CON SUELO (analizado sin preparación de la superficie base del relleno) | L27: m3
B29: I. EQUIPO
B31: CÓDIGO | C31: DESCRIPCIÓN | J31: TIPO | K31: TARIFA/HORA | L31: RENDIMIENTO | N31: Vr. UNITARIO
B32: C0010200 | C32: Compactador manual (saltarín) peso de operación (kg.) 52, fuerza de impacto por golpe (KN) 12 | K32: =VLOOKUP(B32,Equipos!$C$6:$G$137,5,0) -> 8679.125 | L32: 0.3745 | N32: =K32*L32 -> 3250.3323
N33: =K33*L33 -> 0
N34: =K34*L34 -> 0
N35: =K35*L35 -> 0
N36: =K36*L36 -> 0
N37: =K37*L37 -> 0
N38: =K38*L38 -> 0
N39: =K39*L39 -> 0
B41: SUBTOTAL $ | N41: =SUM(N32:N40) -> 3250.3323
B43: II. MATERIALES
B45: CÓDIGO | C45: DESCRIPCIÓN | J45: UNIDAD | K45: CANTIDAD | L45: PRECIO UNIT. | N45: Vr. UNITARIO
B46: B0014410 | C46: Material seleccionado para relleno | J46: m3 | K46: 1.3 | L46: =VLOOKUP(B46,Materiales!$C$6:$F$373,4,0) -> 34113 | N46: =K46*L46 -> 44346.9
B47: B0063200 | C47: Agua | J47: L | K47: 30 | L47: =VLOOKUP(B47,Materiales!$C$6:$F$373,4,0) -> 89 | N47: =K47*L47 -> 2670
N48: =K48*L48 -> 0
N49: =K49*L49 -> 0
N50: =K50*L50 -> 0
N51: =K51*L51 -> 0
N52: =K52*L52 -> 0
N53: =K53*L53 -> 0
N54: =K54*L54 -> 0
N55: =K55*L55 -> 0
B56: SUBTOTAL $ | N56: =SUM(N46:N55) -> 47016.9
B58: III. TRANSPORTES
B60: CÓDIGO | C60: DESCRIPCIÓN | I60: UNIDAD | J60: CANTIDAD (1) | K60: DISTANCIA (2) | L60: (1) * (2) | M60: TARIFA | N60: Vr. UNITARIO
B61: T0010062 | C61: Transporte de material de relleno | I61: m3-km | J61: 1.3 | K61: =+'Distancia Fuentes Materiales'!D13 -> 33 | L61: =J61*K61 -> 42.9 | M61: =VLOOKUP(B61,TRANSPORTE!$C$6:$F$40,4,FALSE) -> 1300 | N61: =L61*M61 -> 55770 | O61: 1075.059
N62: =L62*M62 -> 0
N63: =L63*M63 -> 0
N64: =L64*M64 -> 0
N65: =L65*M65 -> 0
B66: SUBTOTAL $ | N66: =SUM(N61:N65) -> 55770
B68: IV. MANO DE OBRA
B70: CÓDIGO | C70: DESCRIPCIÓN | I70: JORNAL | J70: PRESTACIONES (%) | K70: JR. TOTAL | L70: RENDIMIENTO | N70: Vr. UNITARIO
B71: A0030040 | C71: Obrero (3) | I71: =+'Mano de Obra'!C6*3 -> 130062 | J71: 1.85 | K71: =+I71*J71 -> 240614.7 | L71: 21 | N71: =K71/L71 -> 11457.843
B76: SUBTOTAL $ | N76: =SUM(N71:N75) -> 11457.843
B78: TOTAL COSTO DIRECTO $ | N78: =N41+N56+N66+N76 -> 117495.08
C84: Firma | J84: Vo. Bo. Firma
C85: Nombre: | J85: Nombre:
C86: Representante Legal del Contratista o su Apoderado | J86: Ingeniero Residente
C87: Matricula No. : | J87: Matricula No. :
B89: OBSERVACIONES INTERVENTORÍA:
B94: APROBACIÓN POR INTERVENTORÍA
E97: Firma
E98: Nombre:
E99: Representante Legal del Interventor o su Apoderado
E100: Matricula No. :
B102: Nota 1: Este APU es de referencia, la OAC deberá ajustar este documento conforme a los precios de mercado la zona y aprobados en comité operativo, para lo cual deberá presentar al interventor la actualización de este desglose para aprobación con relación a los materiales y transportes.
B104: Nota 2: Los documentos publicados periódicamente son propiedad del Instituto Nacional de Vías. Su uso con fines comerciales o de lucro a cualquier título sin previa autorización, está totalmente prohibido y constituye una infracción a la normatividad vigente.

Sheet 610.1 P
E1: INSTITUTO NACIONAL DE VIAS
E4: ANÁLISIS DE PRECIOS UNITARIOS REGIONALIZADOS DE REFERENCIA
E6: ACTUALIZACIÓN PERIÓDICA
K7: FECHA | M7: 06 | N7: 2023
L8: (Día) | M8: (Mes) | N8: (Año)
B9: ÍTEM BASE DE APU DE REFERENCIA: | E9: ⊠
B11: UNIDAD EJECUTORA: | D11: SUBDIRECCIÓN DE VÍAS REGIONALES | J11: DIRECCIÓN TERRITORIAL: | K11: =+Presupuesto!I7 -> CAUCA
B14: CONVENIO No. | D14: FECHA:
B15: OBJETO DEL CONVENIO:
B19: CONTRATISTA:
B21: INTERVENTOR: | K21: CONTRATO No. | M21: FECHA: | N21: ______________
B24: DATOS ESPECÍFICOS
B26: ÍTEM | C26: DESCRIPCIÓN | L26: UNIDAD | N26: CANTIDAD
B27: 610.1 P | C27: RELLENO PARA ESTRUCTURAS CON MATERIAL PRODUCTO DE LA EXCAVACIÓN | L27: m3
B29: I. EQUIPO
B31: CÓDIGO | C31: DESCRIPCIÓN | J31: TIPO | K31: TARIFA/HORA | L31: RENDIMIENTO | N31: Vr. UNITARIO
B32: C0010200 | C32: Compactador manual (saltarín) peso de operación (kg.) 52, fuerza de impacto por golpe (KN) 12 | K32: =VLOOKUP(B32,Equipos!$C$6:$G$137,5,0) -> 8679.125 | L32: 0.3745 | N32: =K32*L32 -> 3250.3323
N33: =K33*L33 -> 0
N34: =K34*L34 -> 0
N35: =K35*L35 -> 0
N36: =K36*L36 -> 0
N37: =K37*L37 -> 0
N38: =K38*L38 -> 0
N39: =K39*L39 -> 0
B41: SUBTOTAL $ | N41: =SUM(N32:N40) -> 3250.3323
B43: II. MATERIALES
B45: CÓDIGO | C45: DESCRIPCIÓN | J45: UNIDAD | K45: CANTIDAD | L45: PRECIO UNIT. | N45: Vr. UNITARIO
B47: B0063200 | C47: Agua | J47: L | K47: 30 | L47: =VLOOKUP(B47,Materiales!$C$6:$F$373,4,0) -> 89 | N47: =K47*L47 -> 2670
N48: =K48*L48 -> 0
N49: =K49*L49 -> 0
N50: =K50*L50 -> 0
N51: =K51*L51 -> 0
N52: =K52*L52 -> 0
N53: =K53*L53 -> 0
N54: =K54*L54 -> 0
N55: =K55*L55 -> 0
B56: SUBTOTAL $ | N56: =SUM(N46:N55) -> 2670
B58: III. TRANSPORTES
B60: CÓDIGO | C60: DESCRIPCIÓN | I60: UNIDAD | J60: CANTIDAD (1) | K60: DISTANCIA (2) | L60: (1) * (2) | M60: TARIFA | N60: Vr. UNITARIO
N62: =L62*M62 -> 0
N63: =L63*M63 -> 0
N64: =L64*M64 -> 0
N65: =L65*M65 -> 0
B66: SUBTOTAL $ | N66: =SUM(N61:N65) -> 0
B68: IV. MANO DE OBRA
B70: CÓDIGO | C70: DESCRIPCIÓN | I70: JORNAL | J70: PRESTACIONES (%) | K70: JR. TOTAL | L70: RENDIMIENTO | N70: Vr. UNITARIO
B71: A0030040 | C71: Obrero (4) | I71: =+'Mano de Obra'!C6*4 -> 173416 | J71: 1.85 | K71: =+I71*J71 -> 320819.6 | L71: 21 | N71: =K71/L71 -> 15277.124
B76: SUBTOTAL $ | N76: =SUM(N71:N75) -> 15277.124
B78: TOTAL COSTO DIRECTO $ | N78: =N41+N56+N66+N76 -> 21197.456
C84: Firma | J84: Vo. Bo. Firma
C85: Nombre: | J85: Nombre:
C86: Representante Legal del Contratista o su Apoderado | J86: Ingeniero Residente
C87: Matricula No. : | J87: Matricula No. :
B89: OBSERVACIONES INTERVENTORÍA:
B94: APROBACIÓN POR INTERVENTORÍA
E97: Firma
E98: Nombre:
E99: Representante Legal del Interventor o su Apoderado
E100: Matricula No. :
B102: Nota 1: Este APU es de referencia, la OAC deberá ajustar este documento conforme a los precios de mercado la zona y aprobados en comité operativo, para lo cual deberá presentar al interventor la actualización de este desglose para aprobación con relación a los materiales y transportes.
B104: Nota 2: Los documentos publicados periódicamente son propiedad del Instituto Nacional de Vías. Su uso con fines comerciales o de lucro a cualquier título sin previa autorización, está totalmente prohibido y constituye una infracción a la normatividad vigente.

Sheet 610.2
B2: INSTITUTO NACIONAL DE VIAS
B3: ANÁLISIS DE PRECIOS UNITARIOS REGIONALIZADOS DE REFERENCIA
B5: ACTUALIZACIÓN PERIÓDICA
J8: FECHA
K9: (Día) | L9: (Mes) | M9: (Año)
A10: ÍTEM BASE DE APU DE REFERENCIA: | D10: ⊠
A11: UNIDAD EJECUTORA: | C11: SUBDIRECCIÓN DE VÍAS REGIONALES | I11: DIRECCIÓN TERRITORIAL: | J11: =+Presupuesto!I7 -> CAUCA
A14: CONVENIO No. | C14: FECHA:
A16: OBJETO DEL CONVENIO: | B16: =+Presupuesto!A5 -> AUNAR ESFUERZOS ENTRE EL INSTITUTO NACIONAL DE VIAS Y LA JUNTA DE ACCION COMUNAL DE LA VEREDA DE LA PALOMERA DEL MUNICIPIO DE SANTANDER DE QUILICHAO EN EL DEPARTAMENTO DE CAUCA PARA EL MEJORAMIENTO VIAL EN EL MARCO DEL PROGRAMA CAMINOS COMUNITARIOS DE LA PAZ TOTAL.
A20: CONTRATISTA:
A22: INTERVENTOR: | J22: CONTRATO No. | L22: FECHA: | M22: ______________
A25: DATOS ESPECÍFICOS
A27: ÍTEM | B27: DESCRIPCIÓN | I27: GRUPO DE AJUSTE | K27: UNIDAD | M27: CANTIDAD
A28: 610.2 | B28: RELLENO PARA ESTRUCTURAS CON RECEBO (Analizado sin preparación de la superficie base del relleno) | K28: m3
A30: I. EQUIPO
A32: CÓDIGO | B32: DESCRIPCIÓN | I32: TIPO | J32: TARIFA/HORA | K32: RENDIMIENTO | M32: Vr. UNITARIO
A33: C0010200 | B33: Compactador manual (saltarín) peso de operación (kg.) 52, fuerza de impacto por golpe (KN) 12 | J33: =VLOOKUP(A33,Equipos!$C$6:$G$137,5,0) -> 8679.125 | K33: =1/2.737 -> 0.36536354 | M33: =J33*K33 -> 3171.0358 | N33: 9831.6114
M34: =J34*K34 -> 0
A37: SUBTOTAL $ | M37: =SUM(M33:M36) -> 3171.0358
A39: II. MATERIALES
A41: CÓDIGO | B41: DESCRIPCIÓN | I41: UNIDAD | J41: CANTIDAD | K41: PRECIO UNIT. | M41: Vr. UNITARIO
A42: B0014373 | B42: Material de recebo para relleno | I42: m3 | J42: 1.3 | K42: =VLOOKUP(A42,Materiales!$C$6:$F$373,4,0) -> 43700 | M42: =J42*K42 -> 56810 | N42: 29769.25
A43: B0063200 | B43: Agua | I43: L | J43: 45 | K43: =VLOOKUP(A43,Materiales!$C$6:$F$373,4,0) -> 89 | M43: =J43*K43 -> 4005 | N43: 97.193242
M44: =J44*K44 -> 0
M45: =J45*K45 -> 0
M46: =J46*K46 -> 0
M47: =J47*K47 -> 0
M48: =J48*K48 -> 0
M49: =J49*K49 -> 0
M50: =J50*K50 -> 0
M51: =J51*K51 -> 0
M52: =J52*K52 -> 0
M53: =J53*K53 -> 0
M54: =J54*K54 -> 0
M55: =J55*K55 -> 0
M56: =J56*K56 -> 0
A57: SUBTOTAL $ | M57: =SUM(M42:M56) -> 60815
A59: III. TRANSPORTES
A61: CÓDIGO | B61: DESCRIPCIÓN | H61: UNIDAD | I61: CANTIDAD (1) | J61: DISTANCIA (2) | K61: (1) * (2) | L61: TARIFA | M61: Vr. UNITARIO | N61: DISTANCIA | O61: TARIFA
A62: T0010062 | B62: Transporte de material de relleno | H62: m3-km | I62: 1.3 | J62: =+'Distancia Fuentes Materiales'!D13 -> 33 | K62: =I62*J62 -> 42.9 | L62: =VLOOKUP(A62,TRANSPORTE!$C$6:$F$40,4,FALSE) -> 1300 | M62: =K62*L62 -> 55770 | N62: 1 | O62: 1238.3876
M63: =K63*L63 -> 0
M64: =K64*L64 -> 0
M65: =K65*L65 -> 0
M66: =K66*L66 -> 0
A67: SUBTOTAL $ | M67: =SUM(M62:M66) -> 55770
A69: IV. MANO DE OBRA
A71: CÓDIGO | B71: DESCRIPCIÓN | H71: JORNAL | I71: PRESTACIONES (%) | J71: JR. TOTAL | K71: RENDIMIENTO | M71: Vr. UNITARIO | N71: JORNAL
A72: A0030030 | B72: Obrero (3) | H72: =+'Mano de Obra'!C6*3 -> 130062 | I72: 1.85 | J72: =+H72*I72 -> 240614.7 | K72: 21 | M72: =J72/K72 -> 11457.843 | N72: 100000
A82: SUBTOTAL $ | M82: =SUM(M72:M81) -> 11457.843
A84: TOTAL COSTO DIRECTO $ | M84: =M37+M57+M67+M82 -> 131213.88
B89: Firma | I89: Vo. Bo. Firma
B90: Nombre: | I90: Nombre:
B91: Representante Legal del Contratista o su Apoderado | I91: Ingeniero Residente
B92: Matricula No. : | I92: Matricula No. :
A94: OBSERVACIONES INTERVENTORÍA:
A99: APROBACIÓN POR INTERVENTORÍA
D102: Firma
D103: Nombre:
D104: Representante Legal del Interventor o su Apoderado
D105: Matricula No. :
A107: Nota 1: Este APU es de referencia, la OAC deberá ajustar este documento conforme a los precios de mercado la zona y aprobados en comité operativo, para lo cual deberá presentar al interventor la actualización de este desglose para aprobación con relación a los materiales y transportes.
A109: Nota 2: Los documentos publicados periódicamente son propiedad del Instituto Nacional de Vías. Su uso con fines comerciales o de lucro a cualquier título sin previa autorización, está totalmente prohibido y constituye una infracción a la normatividad vigente.

Sheet 630.1.4.1
E1: INSTITUTO NACIONAL DE VIAS
E4: ANÁLISIS DE PRECIOS UNITARIOS REGIONALIZADOS DE REFERENCIA
E6: ACTUALIZACIÓN PERIÓDICA
K7: FECHA | M7: 06 | N7: 2023
L8: (Día) | M8: (Mes) | N8: (Año)
B9: ÍTEM BASE DE APU DE REFERENCIA: | E9: ⊠
B11: UNIDAD EJECUTORA: | D11: SUBDIRECCIÓN DE VÍAS REGIONALES | J11: DIRECCIÓN TERRITORIAL: | K11: =+Presupuesto!I7 -> CAUCA
B14: CONVENIO No. | D14: FECHA:
B15: OBJETO DEL CONVENIO: | D15: =+Presupuesto!A5 -> AUNAR ESFUERZOS ENTRE EL INSTITUTO NACIONAL DE VIAS Y LA JUNTA DE ACCION COMUNAL DE LA VEREDA DE LA PALOMERA DEL MUNICIPIO DE SANTANDER DE QUILICHAO EN EL DEPARTAMENTO DE CAUCA PARA EL MEJORAMIENTO VIAL EN EL MARCO DEL PROGRAMA CAMINOS COMUNITARIOS DE LA PAZ TOTAL.
B19: CONTRATISTA:
B21: INTERVENTOR: | K21: CONTRATO No. | M21: FECHA: | N21: ______________
B24: DATOS ESPECÍFICOS
B26: ÍTEM | C26: DESCRIPCIÓN | L26: UNIDAD | N26: CANTIDAD
B27: 630.1.4.1 | C27: CONCRETO REFORZADO RESISTENCIA 21MPa (D) - MEZCLA IN SITU | L27: m3
B29: I. EQUIPO
B31: CÓDIGO | C31: DESCRIPCIÓN | J31: TIPO | K31: TARIFA/HORA | L31: RENDIMIENTO | N31: Vr. UNITARIO
B32: C0010010 | C32: Aspersor manual de 20 litros | K32: =VLOOKUP(B32,Equipos!$C$6:$G$137,5,0) -> 3397 | L32: 0.8 | N32: =K32*L32 -> 2717.6
B33: C0010922 | C33: Vibrador de concreto, potencia aproximada de 3 hp, mangueras de 4 a 6 metros | K33: =VLOOKUP(B33,Equipos!$C$6:$G$137,5,0) -> 9608 | L33: 0.8 | N33: =K33*L33 -> 7686.4
B34: C0010550 | C34: Mezcladora de concreto tipo trompo | K34: =VLOOKUP(B34,Equipos!$C$6:$G$137,5,0) -> 7558.375 | L34: 0.8 | N34: =K34*L34 -> 6046.7
N35: =K35*L35 -> 0
N36: =K36*L36 -> 0
N37: =K37*L37 -> 0
N38: =K38*L38 -> 0
N39: =K39*L39 -> 0
B41: SUBTOTAL $ | N41: =SUM(N32:N40) -> 16450.7
B43: II. MATERIALES
B45: CÓDIGO | C45: DESCRIPCIÓN | J45: UNIDAD | K45: CANTIDAD | L45: PRECIO UNIT. | N45: Vr. UNITARIO
B46: B0063290 | C46: Emulsion acuosa de parafina para curado de concreto, que evite la pérdida prematura de humedad de concretos y morteros | J46: kg | K46: 1 | L46: =VLOOKUP(B46,Materiales!$C$6:$F$373,4,0) -> 7525 | N46: =K46*L46 -> 7525
B47: B021000 | C47: Formaleta de madera para concreto | J47: m2 | K47: 4.71 | L47: =VLOOKUP(B47,Materiales!$C$6:$F$373,4,0) -> 25875.802 | N47: =K47*L47 -> 121875.03
B48: B0063200 | C48: Agua | J48: L | K48: 167.175 | L48: =VLOOKUP(B48,Materiales!$C$6:$F$373,4,0) -> 89 | N48: =K48*L48 -> 14878.575
B49: B0053103 | C49: Agregado grueso (grava, grava triturada y/o roca triturada) | J49: m3 | K49: 0.779 | L49: =VLOOKUP(B49,Materiales!$C$6:$F$373,4,0) -> 65450 | N49: =K49*L49 -> 50985.55
B50: B0093350 | C50: Agregado fino | J50: m3 | K50: 0.585 | L50: =VLOOKUP(B50,Materiales!$C$6:$F$373,4,0) -> 39270 | N50: =K50*L50 -> 22972.95
B51: B0103569 | C51: Cemento hidráulico NTC 121 tipo UG | J51: kg | K51: 358.925 | L51: =VLOOKUP(B51,Materiales!$C$6:$F$373,4,0) -> 630 | N51: =K51*L51 -> 226122.75
N52: =K52*L52 -> 0
N53: =K53*L53 -> 0
N54: =K54*L54 -> 0
N55: =K55*L55 -> 0
B56: SUBTOTAL $ | N56: =SUM(N46:N55) -> 444359.85
B58: III. TRANSPORTES
B60: CÓDIGO | C60: DESCRIPCIÓN | I60: UNIDAD | J60: CANTIDAD (1) | K60: DISTANCIA (2) | L60: (1) * (2) | M60: TARIFA | N60: Vr. UNITARIO
B61: T0010400 | C61: Transporte de agregados | I61: m3-km | J61: =K49+K50 -> 1.364 | K61: =+'Distancia Fuentes Materiales'!D14 -> 33 | L61: =J61*K61 -> 45.012 | M61: =VLOOKUP(B61,TRANSPORTE!$C$6:$F$40,4,FALSE) -> 1300 | N61: =L61*M61 -> 58515.6 | O61: 1068.1644
N62: =L62*M62 -> 0
N63: =L63*M63 -> 0
N64: =L64*M64 -> 0
N65: =L65*M65 -> 0
B66: SUBTOTAL $ | N66: =SUM(N61:N65) -> 58515.6
B68: IV. MANO DE OBRA
B70: CÓDIGO | C70: DESCRIPCIÓN | I70: JORNAL | J70: PRESTACIONES (%) | K70: JR. TOTAL | L70: RENDIMIENTO | N70: Vr. UNITARIO
B71: A0030080 | C71: Obrero (8) | I71: =+'Mano de Obra'!C6*8 -> 346832 | J71: 1.85 | K71: =+I71*J71 -> 641639.2 | L71: =8*0.8 -> 6.4 | N71: =K71/L71 -> 100256.12
B72: A0040010 | C72: Oficial | I72: =+'Mano de Obra'!C5 -> 86708 | J72: 1.85 | K72: =+I72*J72 -> 160409.8 | L72: =8*0.8 -> 6.4 | N72: =K72/L72 -> 25064.031
B76: SUBTOTAL $ | N76: =SUM(N71:N75) -> 125320.16
B78: TOTAL COSTO DIRECTO $ | N78: =N41+N56+N66+N76 -> 644646.31
C84: Firma | J84: Vo. Bo. Firma
C85: Nombre: | J85: Nombre:
C86: Representante Legal del Contratista o su Apoderado | J86: Ingeniero Residente
C87: Matricula No. : | J87: Matricula No. :
B89: OBSERVACIONES INTERVENTORÍA:
B94: APROBACIÓN POR INTERVENTORÍA
E97: Firma
E98: Nombre:
E99: Representante Legal del Interventor o su Apoderado
E100: Matricula No. :
B102: Nota 1: Este APU es de referencia, la OAC deberá ajustar este documento conforme a los precios de mercado la zona y aprobados en comité operativo, para lo cual deberá presentar al interventor la actualización de este desglose para aprobación con relación a los materiales y transportes.
B104: Nota 2: Los documentos publicados periódicamente son propiedad del Instituto Nacional de Vías. Su uso con fines comerciales o de lucro a cualquier título sin previa autorización, está totalmente prohibido y constituye una infracción a la normatividad vigente.

Sheet 630.1.6
E1: INSTITUTO NACIONAL DE VIAS
E4: ANÁLISIS DE PRECIOS UNITARIOS REGIONALIZADOS DE REFERENCIA
E6: ACTUALIZACIÓN PERIÓDICA
K7: FECHA | M7: 06 | N7: 2023
L8: (Día) | M8: (Mes) | N8: (Año)
B9: ÍTEM BASE DE APU DE REFERENCIA: | E9: ⊠
B11: UNIDAD EJECUTORA: | D11: SUBDIRECCIÓN DE VÍAS REGIONALES | J11: DIRECCIÓN TERRITORIAL: | K11: =+Presupuesto!I7 -> CAUCA
B14: CONVENIO No. | D14: FECHA:
B15: OBJETO DEL CONVENIO: | D15: =+Presupuesto!A5 -> AUNAR ESFUERZOS ENTRE EL INSTITUTO NACIONAL DE VIAS Y LA JUNTA DE ACCION COMUNAL DE LA VEREDA DE LA PALOMERA DEL MUNICIPIO DE SANTANDER DE QUILICHAO EN EL DEPARTAMENTO DE CAUCA PARA EL MEJORAMIENTO VIAL EN EL MARCO DEL PROGRAMA CAMINOS COMUNITARIOS DE LA PAZ TOTAL.
B19: CONTRATISTA:
B21: INTERVENTOR: | K21: CONTRATO No. | M21: FECHA: | N21: ______________
B24: DATOS ESPECÍFICOS
B26: ÍTEM | C26: DESCRIPCIÓN | L26: UNIDAD | N26: CANTIDAD
B27: 630.1.6 | C27: CONCRETO LIVIANO RESISTENCIA 14MPa (F) - MEZCLA IN SITU | L27: m3
B29: I. EQUIPO
B31: CÓDIGO | C31: DESCRIPCIÓN | J31: TIPO | K31: TARIFA/HORA | L31: RENDIMIENTO | N31: Vr. UNITARIO
B32: C0010550 | C32: Mezcladora de concreto tipo trompo | K32: =VLOOKUP(B32,Equipos!$C$6:$G$137,5,0) -> 7558.375 | L32: 0.9 | N32: =K32*L32 -> 6802.5375
B33: C0010922 | C33: Vibrador de concreto, potencia aproximada de 3 hp, mangueras de 4 a 6 metros | K33: =VLOOKUP(B33,Equipos!$C$6:$G$137,5,0) -> 9608 | L33: 0.9 | N33: =K33*L33 -> 8647.2
N34: =K34*L34 -> 0
N35: =K35*L35 -> 0
N36: =K36*L36 -> 0
N37: =K37*L37 -> 0
N38: =K38*L38 -> 0
N39: =K39*L39 -> 0
B41: SUBTOTAL $ | N41: =SUM(N32:N40) -> 15449.738
B43: II. MATERIALES
B45: CÓDIGO | C45: DESCRIPCIÓN | J45: UNIDAD | K45: CANTIDAD | L45: PRECIO UNIT. | N45: Vr. UNITARIO
B46: B0053103 | C46: Agregado grueso (grava, grava triturada y/o roca triturada) | J46: m3 | K46: 0.84 | L46: =VLOOKUP(B46,Materiales!$C$6:$F$373,4,0) -> 65450 | N46: =K46*L46 -> 54978
B47: B0063200 | C47: Agua | J47: L | K47: 185 | L47: =VLOOKUP(B47,Materiales!$C$6:$F$373,4,0) -> 89 | N47: =K47*L47 -> 16465
B48: B0093350 | C48: Agregado fino | J48: m3 | K48: 0.63 | L48: =VLOOKUP(B48,Materiales!$C$6:$F$373,4,0) -> 39270 | N48: =K48*L48 -> 24740.1
B49: B0103569 | C49: Cemento hidráulico NTC 121 tipo UG | J49: kg | K49: 260 | L49: =VLOOKUP(B49,Materiales!$C$6:$F$373,4,0) -> 630 | N49: =K49*L49 -> 163800
N50: =K50*L50 -> 0
N51: =K51*L51 -> 0
N52: =K52*L52 -> 0
N53: =K53*L53 -> 0
N54: =K54*L54 -> 0
N55: =K55*L55 -> 0
B56: SUBTOTAL $ | N56: =SUM(N46:N55) -> 259983.1
B58: III. TRANSPORTES
B60: CÓDIGO | C60: DESCRIPCIÓN | I60: UNIDAD | J60: CANTIDAD (1) | K60: DISTANCIA (2) | L60: (1) * (2) | M60: TARIFA | N60: Vr. UNITARIO
B61: T0010400 | C61: Transporte de agregados | I61: m3-km | J61: =K46+K48 -> 1.47 | K61: =+'Distancia Fuentes Materiales'!D14 -> 33 | L61: =J61*K61 -> 48.51 | M61: =VLOOKUP(B61,TRANSPORTE!$C$6:$F$40,4,FALSE) -> 1300 | N61: =L61*M61 -> 63063 | O61: 1068.1644
N62: =L62*M62 -> 0
N63: =L63*M63 -> 0
N64: =L64*M64 -> 0
N65: =L65*M65 -> 0
B66: SUBTOTAL $ | N66: =SUM(N61:N65) -> 63063
B68: IV. MANO DE OBRA
B70: CÓDIGO | C70: DESCRIPCIÓN | I70: JORNAL | J70: PRESTACIONES (%) | K70: JR. TOTAL | L70: RENDIMIENTO | N70: Vr. UNITARIO
B71: A0030080 | C71: Obrero (8) | I71: =+'Mano de Obra'!C6*8 -> 346832 | J71: 1.85 | K71: =+I71*J71 -> 641639.2 | L71: =7*L32 -> 6.3 | N71: =K71/L71 -> 101847.49
B72: A0040010 | C72: Oficial | I72: =+'Mano de Obra'!C5 -> 86708 | J72: 1.85 | K72: =+I72*J72 -> 160409.8 | L72: =7*L33 -> 6.3 | N72: =K72/L72 -> 25461.873
B76: SUBTOTAL $ | N76: =SUM(N71:N75) -> 127309.37
B78: TOTAL COSTO DIRECTO $ | N78: =N41+N56+N66+N76 -> 465805.2
C84: Firma | J84: Vo. Bo. Firma
C85: Nombre: | J85: Nombre:
C86: Representante Legal del Contratista o su Apoderado | J86: Ingeniero Residente
C87: Matricula No. : | J87: Matricula No. :
B89: OBSERVACIONES INTERVENTORÍA:
B94: APROBACIÓN POR INTERVENTORÍA
E97: Firma
E98: Nombre:
E99: Representante Legal del Interventor o su Apoderado
E100: Matricula No. :
B102: Nota 1: Este APU es de referencia, la OAC deberá ajustar este documento conforme a los precios de mercado la zona y aprobados en comité operativo, para lo cual deberá presentar al interventor la actualización de este desglose para aprobación con relación a los materiales y transportes.
B104: Nota 2: Los documentos publicados periódicamente son propiedad del Instituto Nacional de Vías. Su uso con fines comerciales o de lucro a cualquier título sin previa autorización, está totalmente prohibido y constituye una infracción a la normatividad vigente.

Sheet 630.1.7
E1: INSTITUTO NACIONAL DE VIAS
E4: ANÁLISIS DE PRECIOS UNITARIOS REGIONALIZADOS DE REFERENCIA
E6: ACTUALIZACIÓN PERIÓDICA
K7: FECHA | M7: 06 | N7: 2023
L8: (Día) | M8: (Mes) | N8: (Año)
B9: ÍTEM BASE DE APU DE REFERENCIA: | E9: ⊠
B11: UNIDAD EJECUTORA: | D11: SUBDIRECCIÓN DE VÍAS REGIONALES | J11: DIRECCIÓN TERRITORIAL: | K11: =+Presupuesto!I7 -> CAUCA
B14: CONVENIO No. | D14: FECHA:
B15: OBJETO DEL CONVENIO: | D15: =+Presupuesto!A5 -> AUNAR ESFUERZOS ENTRE EL INSTITUTO NACIONAL DE VIAS Y LA JUNTA DE ACCION COMUNAL DE LA VEREDA DE LA PALOMERA DEL MUNICIPIO DE SANTANDER DE QUILICHAO EN EL DEPARTAMENTO DE CAUCA PARA EL MEJORAMIENTO VIAL EN EL MARCO DEL PROGRAMA CAMINOS COMUNITARIOS DE LA PAZ TOTAL.
B19: CONTRATISTA:
B21: INTERVENTOR: | K21: CONTRATO No. | M21: FECHA: | N21: ______________
B24: DATOS ESPECÍFICOS
B26: ÍTEM | C26: DESCRIPCIÓN | L26: UNIDAD | N26: CANTIDAD
B27: 630.1.7 | C27: CONCRETO CICLÓPEO RESISTENCIA 14MPa (G) | L27: m3
B29: I. EQUIPO
B31: CÓDIGO | C31: DESCRIPCIÓN | J31: TIPO | K31: TARIFA/HORA | L31: RENDIMIENTO | N31: Vr. UNITARIO
B32: C0010550 | C32: Mezcladora de concreto tipo trompo | K32: =VLOOKUP(B32,Equipos!$C$6:$G$137,5,0) -> 7558.375 | L32: 0.8 | N32: =K32*L32 -> 6046.7
N33: =K33*L33 -> 0
N34: =K34*L34 -> 0
N35: =K35*L35 -> 0
N36: =K36*L36 -> 0
N37: =K37*L37 -> 0
N38: =K38*L38 -> 0
N39: =K39*L39 -> 0
B41: SUBTOTAL $ | N41: =SUM(N32:N40) -> 6046.7
B43: II. MATERIALES
B45: CÓDIGO | C45: DESCRIPCIÓN | J45: UNIDAD | K45: CANTIDAD | L45: PRECIO UNIT. | N45: Vr. UNITARIO
B46: B0053103 | C46: Agregado grueso (grava, grava triturada y/o roca triturada) | J46: m3 | K46: 0.504 | L46: =VLOOKUP(B46,Materiales!$C$6:$F$373,4,0) -> 65450 | N46: =K46*L46 -> 32986.8
B47: B0063200 | C47: Agua | J47: L | K47: 111 | L47: =VLOOKUP(B47,Materiales!$C$6:$F$373,4,0) -> 89 | N47: =K47*L47 -> 9879
B48: B0014700 | C48: Piedra para concreto ciclópeo (rajón o canto rodado) | J48: m3 | K48: 0.4 | L48: =VLOOKUP(B48,Materiales!$C$6:$F$373,4,0) -> 72121 | N48: =K48*L48 -> 28848.4
B49: B0093350 | C49: Agregado fino | J49: m3 | K49: 0.378 | L49: =VLOOKUP(B49,Materiales!$C$6:$F$373,4,0) -> 39270 | N49: =K49*L49 -> 14844.06
B50: B0103569 | C50: Cemento hidráulico NTC 121 tipo UG | J50: kg | K50: 156 | L50: =VLOOKUP(B50,Materiales!$C$6:$F$373,4,0) -> 630 | N50: =K50*L50 -> 98280
N51: =K51*L51 -> 0
N52: =K52*L52 -> 0
N53: =K53*L53 -> 0
N54: =K54*L54 -> 0
N55: =K55*L55 -> 0
B56: SUBTOTAL $ | N56: =SUM(N46:N55) -> 184838.26
B58: III. TRANSPORTES
B60: CÓDIGO | C60: DESCRIPCIÓN | I60: UNIDAD | J60: CANTIDAD (1) | K60: DISTANCIA (2) | L60: (1) * (2) | M60: TARIFA | N60: Vr. UNITARIO
B61: T0010091 | C61: Transporte de piedra para concreto ciclópeo | I61: m3-km | J61: 0.378 | K61: =+'Distancia Fuentes Materiales'!D17 -> 33 | L61: =J61*K61 -> 12.474 | M61: =VLOOKUP(B61,TRANSPORTE!$C$6:$F$40,4,FALSE) -> 1300 | N61: =L61*M61 -> 16216.2
B62: T0010400 | C62: Transporte de agregados | I62: m3-km | J62: =K46+K49 -> 0.882 | K62: =+'Distancia Fuentes Materiales'!D14 -> 33 | L62: =J62*K62 -> 29.106 | M62: =VLOOKUP(B62,TRANSPORTE!$C$6:$F$40,4,FALSE) -> 1300 | N62: =L62*M62 -> 37837.8
N63: =L63*M63 -> 0
N64: =L64*M64 -> 0
N65: =L65*M65 -> 0
B66: SUBTOTAL $ | N66: =SUM(N61:N65) -> 54054
B68: IV. MANO DE OBRA
B70: CÓDIGO | C70: DESCRIPCIÓN | I70: JORNAL | J70: PRESTACIONES (%) | K70: JR. TOTAL | L70: RENDIMIENTO | N70: Vr. UNITARIO
B71: A0030080 | C71: Obrero (8) | I71: =+'Mano de Obra'!C6*8 -> 346832 | J71: 1.85 | K71: =+I71*J71 -> 641639.2 | L71: =8*L32 -> 6.4 | N71: =K71/L71 -> 100256.12
B72: A0040010 | C72: Oficial | I72: =+'Mano de Obra'!C5 -> 86708 | J72: 1.85 | K72: =+I72*J72 -> 160409.8 | L72: =8*L32 -> 6.4 | N72: =K72/L72 -> 25064.031
B76: SUBTOTAL $ | N76: =SUM(N71:N75) -> 125320.16
B78: TOTAL COSTO DIRECTO $ | N78: =N41+N56+N66+N76 -> 370259.12
C84: Firma | J84: Vo. Bo. Firma
C85: Nombre: | J85: Nombre:
C86: Representante Legal del Contratista o su Apoderado | J86: Ingeniero Residente
C87: Matricula No. : | J87: Matricula No. :
B89: OBSERVACIONES INTERVENTORÍA:
B94: APROBACIÓN POR INTERVENTORÍA
E97: Firma
E98: Nombre:
E99: Representante Legal del Interventor o su Apoderado
E100: Matricula No. :
B102: Nota 1: Este APU es de referencia, la OAC deberá ajustar este documento conforme a los precios de mercado la zona y aprobados en comité operativo, para lo cual deberá presentar al interventor la actualización de este desglose para aprobación con relación a los materiales y transportes.
B104: Nota 2: Los documentos publicados periódicamente son propiedad del Instituto Nacional de Vías. Su uso con fines comerciales o de lucro a cualquier título sin previa autorización, está totalmente prohibido y constituye una infracción a la normatividad vigente.

Sheet 640.1
E1: INSTITUTO NACIONAL DE VIAS
E4: ANÁLISIS DE PRECIOS UNITARIOS REGIONALIZADOS DE REFERENCIA
E6: ACTUALIZACIÓN PERIÓDICA
K7: FECHA | M7: 06 | N7: 2023
L8: (Día) | M8: (Mes) | N8: (Año)
B9: ÍTEM BASE DE APU DE REFERENCIA: | E9: ⊠
B11: UNIDAD EJECUTORA: | D11: SUBDIRECCIÓN DE VÍAS REGIONALES | J11: DIRECCIÓN TERRITORIAL: | K11: =+Presupuesto!I7 -> CAUCA
B14: CONVENIO No. | D14: FECHA:
B15: OBJETO DEL CONVENIO: | D15: =+Presupuesto!A5 -> AUNAR ESFUERZOS ENTRE EL INSTITUTO NACIONAL DE VIAS Y LA JUNTA DE ACCION COMUNAL DE LA VEREDA DE LA PALOMERA DEL MUNICIPIO DE SANTANDER DE QUILICHAO EN EL DEPARTAMENTO DE CAUCA PARA EL MEJORAMIENTO VIAL EN EL MARCO DEL PROGRAMA CAMINOS COMUNITARIOS DE LA PAZ TOTAL.
B19: CONTRATISTA:
B21: INTERVENTOR: | K21: CONTRATO No. | M21: FECHA: | N21: ______________
B24: DATOS ESPECÍFICOS
B26: ÍTEM | C26: DESCRIPCIÓN | L26: UNIDAD | N26: CANTIDAD
B27: 640.1 | C27: ACERO DE REFUERZO Fy 4200 MPa | L27: kg
B29: I. EQUIPO
B31: CÓDIGO | C31: DESCRIPCIÓN | J31: TIPO | K31: TARIFA/HORA | L31: RENDIMIENTO | N31: Vr. UNITARIO
B32: C0010170 | C32: Cizalla manual de 90 cm | K32: =VLOOKUP(B32,Equipos!$C$6:$G$137,5,0) -> 1757 | L32: =1/38.125 -> 0.026229508 | N32: =K32*L32 -> 46.085246
N33: =K33*L33 -> 0
N34: =K34*L34 -> 0
N35: =K35*L35 -> 0
N36: =K36*L36 -> 0
N37: =K37*L37 -> 0
N38: =K38*L38 -> 0
N39: =K39*L39 -> 0
B41: SUBTOTAL $ | N41: =SUM(N32:N40) -> 46.085246
B43: II. MATERIALES
B45: CÓDIGO | C45: DESCRIPCIÓN | J45: UNIDAD | K45: CANTIDAD | L45: PRECIO UNIT. | N45: Vr. UNITARIO
B46: B0020003 | C46: Acero de refuerzo PDR-60, Fy: 4200 kg/cm2 | J46: kg | K46: 1.051 | L46: =VLOOKUP(B46,Materiales!$C$6:$F$373,4,0) -> 5500 | N46: =K46*L46 -> 5780.5
B47: B0073230 | C47: Alambre negro para amarre calibre 18 | J47: kg | K47: 0.0376 | L47: =VLOOKUP(B47,Materiales!$C$6:$F$373,4,0) -> 9850 | N47: =K47*L47 -> 370.36
N48: =K48*L48 -> 0
N49: =K49*L49 -> 0
N50: =K50*L50 -> 0
N51: =K51*L51 -> 0
N52: =K52*L52 -> 0
N53: =K53*L53 -> 0
N54: =K54*L54 -> 0
N55: =K55*L55 -> 0
B56: SUBTOTAL $ | N56: =SUM(N46:N55) -> 6150.86
B58: III. TRANSPORTES
B60: CÓDIGO | C60: DESCRIPCIÓN | I60: UNIDAD | J60: CANTIDAD (1) | K60: DISTANCIA (2) | L60: (1) * (2) | M60: TARIFA | N60: Vr. UNITARIO
B61: T0100002 | C61: Transporte de acero | I61: kg-km | J61: 1.051 | K61: =+'Distancia Fuentes Materiales'!D18 -> 18 | L61: =J61*K61 -> 18.918 | M61: =VLOOKUP(B61,TRANSPORTE!$C$6:$F$40,4,FALSE) -> 0.72605358 | N61: =L61*M61 -> 13.735482 | O61: 0.72605358
N62: =L62*M62 -> 0
N63: =L63*M63 -> 0
N64: =L64*M64 -> 0
N65: =L65*M65 -> 0
B66: SUBTOTAL $ | N66: =SUM(N61:N65) -> 13.735482
B68: IV. MANO DE OBRA
B70: CÓDIGO | C70: DESCRIPCIÓN | I70: JORNAL | J70: PRESTACIONES (%) | K70: JR. TOTAL | L70: RENDIMIENTO | N70: Vr. UNITARIO
B71: A0030010 | C71: Obrero | I71: =+'Mano de Obra'!C6 -> 43354 | J71: 1.85 | K71: =+I71*J71 -> 80204.9 | L71: 300 | N71: =K71/L71 -> 267.34967
B72: A0040010 | C72: Oficial | I72: =+'Mano de Obra'!C5 -> 86708 | J72: 1.85 | K72: =+I72*J72 -> 160409.8 | L72: 300 | N72: =K72/L72 -> 534.69933
B76: SUBTOTAL $ | N76: =SUM(N71:N75) -> 802.049
B78: TOTAL COSTO DIRECTO $ | N78: =N41+N56+N66+N76 -> 7012.7297
C84: Firma | J84: Vo. Bo. Firma
C85: Nombre: | J85: Nombre:
C86: Representante Legal del Contratista o su Apoderado | J86: Ingeniero Residente
C87: Matricula No. : | J87: Matricula No. :
B89: OBSERVACIONES INTERVENTORÍA:
B94: APROBACIÓN POR INTERVENTORÍA
E97: Firma
E98: Nombre:
E99: Representante Legal del Interventor o su Apoderado
E100: Matricula No. :
B102: Nota 1: Este APU es de referencia, la OAC deberá ajustar este documento conforme a los precios de mercado la zona y aprobados en comité operativo, para lo cual deberá presentar al interventor la actualización de este desglose para aprobación con relación a los materiales y transportes.
B104: Nota 2: Los documentos publicados periódicamente son propiedad del Instituto Nacional de Vías. Su uso con fines comerciales o de lucro a cualquier título sin previa autorización, está totalmente prohibido y constituye una infracción a la normatividad vigente.

Sheet 661.3
E1: INSTITUTO NACIONAL DE VIAS
E4: ANÁLISIS DE PRECIOS UNITARIOS REGIONALIZADOS DE REFERENCIA
E6: ACTUALIZACIÓN PERIÓDICA
K7: FECHA | M7: 06 | N7: 2023
L8: (Día) | M8: (Mes) | N8: (Año)
B9: ÍTEM BASE DE APU DE REFERENCIA: | E9: ⊠
B11: UNIDAD EJECUTORA: | D11: SUBDIRECCIÓN DE VÍAS REGIONALES | J11: DIRECCIÓN TERRITORIAL: | K11: =+Presupuesto!I7 -> CAUCA
B14: CONVENIO No. | D14: FECHA:
B15: OBJETO DEL CONVENIO: | D15: =+Presupuesto!A5 -> AUNAR ESFUERZOS ENTRE EL INSTITUTO NACIONAL DE VIAS Y LA JUNTA DE ACCION COMUNAL DE LA VEREDA DE LA PALOMERA DEL MUNICIPIO DE SANTANDER DE QUILICHAO EN EL DEPARTAMENTO DE CAUCA PARA EL MEJORAMIENTO VIAL EN EL MARCO DEL PROGRAMA CAMINOS COMUNITARIOS DE LA PAZ TOTAL.
B19: CONTRATISTA:
B21: INTERVENTOR: | K21: CONTRATO No. | M21: FECHA: | N21: ______________
B24: DATOS ESPECÍFICOS
B26: ÍTEM | C26: DESCRIPCIÓN | L26: UNIDAD | N26: CANTIDAD
B27: 661.3 | C27: TUBERIA DE CONCRETO REFORZADO, CLASE III DE 900mm DE DIAMETRO INTERIOR | L27: m
B29: I. EQUIPO
B31: CÓDIGO | C31: DESCRIPCIÓN | J31: TIPO | K31: TARIFA/HORA | L31: RENDIMIENTO | N31: Vr. UNITARIO
B32: C0010790 | C32: Retroexcavadora | K32: =VLOOKUP(B32,Equipos!$C$6:$G$137,5,0) -> 141000 | L32: =1/3 -> 0.33333333 | N32: =K32*L32 -> 47000
N34: =K34*L34 -> 0
N35: =K35*L35 -> 0
N36: =K36*L36 -> 0
N37: =K37*L37 -> 0
N38: =K38*L38 -> 0
N39: =K39*L39 -> 0
B41: SUBTOTAL $ | N41: =SUM(N32:N40) -> 47000
B43: II. MATERIALES
B45: CÓDIGO | C45: DESCRIPCIÓN | J45: UNIDAD | K45: CANTIDAD | L45: PRECIO UNIT. | N45: Vr. UNITARIO
B46: B0014610 | C46: Mortero 1:3 para juntas | J46: m3 | K46: 0.03 | L46: =VLOOKUP(B46,Materiales!$C$6:$F$373,4,0) -> 394413.36 | N46: =K46*L46 -> 11832.401
B47: B0015240 | C47: Tubo concreto reforzado 900mm (clase III) | J47: m | K47: 1 | L47: =VLOOKUP(B47,Materiales!$C$6:$F$373,4,0) -> 665700 | N47: =K47*L47 -> 665700
B48: B0013580 | C48: Material para solado y atraque | J48: m3 | K48: 0.6 | L48: =VLOOKUP(B48,Materiales!$C$6:$F$373,4,0) -> 105000 | N48: =K48*L48 -> 63000
N49: =K49*L49 -> 0
N50: =K50*L50 -> 0
N51: =K51*L51 -> 0
N52: =K52*L52 -> 0
N53: =K53*L53 -> 0
N54: =K54*L54 -> 0
N55: =K55*L55 -> 0
B56: SUBTOTAL $ | N56: =SUM(N46:N55) -> 740532.4
B58: III. TRANSPORTES
B60: CÓDIGO | C60: DESCRIPCIÓN | I60: UNIDAD | J60: CANTIDAD (1) | K60: DISTANCIA (2) | L60: (1) * (2) | M60: TARIFA | N60: Vr. UNITARIO
B61: T0010115 | C61: Transporte de tubería de concreto | I61: kg-km | J61: 771 | K61: =+'Distancia Fuentes Materiales'!D19 -> 18 | L61: =J61*K61 -> 13878 | M61: =VLOOKUP(B61,TRANSPORTE!$C$6:$F$40,4,FALSE) -> 3.145777 | N61: =L61*M61 -> 43657.093
N62: =L62*M62 -> 0
N63: =L63*M63 -> 0
N64: =L64*M64 -> 0
N65: =L65*M65 -> 0
B66: SUBTOTAL $ | N66: =SUM(N61:N65) -> 43657.093
B68: IV. MANO DE OBRA
B70: CÓDIGO | C70: DESCRIPCIÓN | I70: JORNAL | J70: PRESTACIONES (%) | K70: JR. TOTAL | L70: RENDIMIENTO | N70: Vr. UNITARIO
B71: A0030040 | C71: Obrero (4) | I71: =+'Mano de Obra'!C6*4 -> 173416 | J71: 1.85 | K71: =+I71*J71 -> 320819.6 | L71: 16 | N71: =K71/L71 -> 20051.225
B72: A0040010 | C72: Oficial | I72: =+'Mano de Obra'!C5 -> 86708 | J72: 1.85 | K72: =+I72*J72 -> 160409.8 | L72: 16 | N72: =K72/L72 -> 10025.613
B76: SUBTOTAL $ | N76: =SUM(N71:N75) -> 30076.838
B78: TOTAL COSTO DIRECTO $ | N78: =N41+N56+N66+N76 -> 861266.33
C84: Firma | J84: Vo. Bo. Firma
C85: Nombre: | J85: Nombre:
C86: Representante Legal del Contratista o su Apoderado | J86: Ingeniero Residente
C87: Matricula No. : | J87: Matricula No. :
B89: OBSERVACIONES INTERVENTORÍA:
B94: APROBACIÓN POR INTERVENTORÍA
E97: Firma
E98: Nombre:
E99: Representante Legal del Interventor o su Apoderado
E100: Matricula No. :
B102: Nota 1: Este APU es de referencia, la OAC deberá ajustar este documento conforme a los precios de mercado la zona y aprobados en comité operativo, para lo cual deberá presentar al interventor la actualización de este desglose para aprobación con relación a los materiales y transportes.
B104: Nota 2: Los documentos publicados periódicamente son propiedad del Instituto Nacional de Vías. Su uso con fines comerciales o de lucro a cualquier título sin previa autorización, está totalmente prohibido y constituye una infracción a la normatividad vigente.

Sheet 671.3
E1: INSTITUTO NACIONAL DE VIAS
E4: ANÁLISIS DE PRECIOS UNITARIOS REGIONALIZADOS DE REFERENCIA
E6: ACTUALIZACIÓN PERIÓDICA
K7: FECHA | M7: 06 | N7: 2023
L8: (Día) | M8: (Mes) | N8: (Año)
B9: ÍTEM BASE DE APU DE REFERENCIA: | E9: ⊠
B11: UNIDAD EJECUTORA: | D11: SUBDIRECCIÓN DE VÍAS REGIONALES | J11: DIRECCIÓN TERRITORIAL: | K11: =+Presupuesto!I7 -> CAUCA
B14: CONVENIO No. | D14: FECHA:
B15: OBJETO DEL CONVENIO: | D15: =+Presupuesto!A5 -> AUNAR ESFUERZOS ENTRE EL INSTITUTO NACIONAL DE VIAS Y LA JUNTA DE ACCION COMUNAL DE LA VEREDA DE LA PALOMERA DEL MUNICIPIO DE SANTANDER DE QUILICHAO EN EL DEPARTAMENTO DE CAUCA PARA EL MEJORAMIENTO VIAL EN EL MARCO DEL PROGRAMA CAMINOS COMUNITARIOS DE LA PAZ TOTAL.
B19: CONTRATISTA:
B21: INTERVENTOR: | K21: CONTRATO No. | M21: FECHA: | N21: ______________
B24: DATOS ESPECÍFICOS
B26: ÍTEM | C26: DESCRIPCIÓN | L26: UNIDAD | N26: CANTIDAD
B27: 671.3 | C27: CUNETA DE CONCRETO VACIADA IN SITU; INCLUYE LA CONFORMACIÓN DE LA SUPERFICIE DE APOYO | L27: m3
B29: I. EQUIPO
B31: CÓDIGO | C31: DESCRIPCIÓN | J31: TIPO | K31: TARIFA/HORA | L31: RENDIMIENTO | N31: Vr. UNITARIO
B32: C0010190 | C32: Compactador manual vibratorio (rana) con motor de 6 hp | K32: =VLOOKUP(B32,Equipos!$C$6:$G$137,5,0) -> 8881.5764 | L32: 1 | N32: =K32*L32 -> 8881.5764
B33: C0010922 | C33: Vibrador de concreto, potencia aproximada de 3 hp, mangueras de 4 a 6 metros | K33: =VLOOKUP(B33,Equipos!$C$6:$G$137,5,0) -> 9608 | L33: 1 | N33: =K33*L33 -> 9608
B34: C0010550 | C34: Mezcladora de concreto tipo trompo | K34: =VLOOKUP(B34,Equipos!$C$6:$G$137,5,0) -> 7558.375 | L34: =1/1 -> 1 | N34: =K34*L34 -> 7558.375
N35: =K35*L35 -> 0
N36: =K36*L36 -> 0
N37: =K37*L37 -> 0
N38: =K38*L38 -> 0
N39: =K39*L39 -> 0
B41: SUBTOTAL $ | N41: =SUM(N32:N40) -> 26047.951
B43: II. MATERIALES
B45: CÓDIGO | C45: DESCRIPCIÓN | J45: UNIDAD | K45: CANTIDAD | L45: PRECIO UNIT. | N45: Vr. UNITARIO
B46: B0014410 | C46: Material seleccionado para relleno | J46: m3 | K46: 0.5 | L46: =VLOOKUP(B46,Materiales!$C$6:$F$373,4,0) -> 34113 | N46: =K46*L46 -> 17056.5
B47: B0063290 | C47: Emulsion acuosa de parafina para curado de concreto, que evite la pérdida prematura de humedad de concretos y morteros | J47: kg | K47: 1 | L47: =VLOOKUP(B47,Materiales!$C$6:$F$373,4,0) -> 7525 | N47: =K47*L47 -> 7525
B48: B021000 | C48: Formaleta de madera para concreto | J48: m2 | K48: 4.71 | L48: =VLOOKUP(B48,Materiales!$C$6:$F$373,4,0) -> 25875.802 | N48: =K48*L48 -> 121875.03
B49: B0063200 | C49: Agua | J49: L | K49: 167.175 | L49: =VLOOKUP(B49,Materiales!$C$6:$F$373,4,0) -> 89 | N49: =K49*L49 -> 14878.575
B50: B0053103 | C50: Agregado grueso (grava, grava triturada y/o roca triturada) | J50: m3 | K50: 0.779 | L50: =VLOOKUP(B50,Materiales!$C$6:$F$373,4,0) -> 65450 | N50: =K50*L50 -> 50985.55
B51: B0093350 | C51: Agregado fino | J51: m3 | K51: 0.585 | L51: =VLOOKUP(B51,Materiales!$C$6:$F$373,4,0) -> 39270 | N51: =K51*L51 -> 22972.95
B52: B0103569 | C52: Cemento hidráulico NTC 121 tipo UG | J52: kg | K52: 358.925 | L52: =VLOOKUP(B52,Materiales!$C$6:$F$373,4,0) -> 630 | N52: =K52*L52 -> 226122.75
B53: SUBTOTAL $ | N53: =SUM(N46:N52) -> 461416.35
B55: III. TRANSPORTES
B57: CÓDIGO | C57: DESCRIPCIÓN | I57: UNIDAD | J57: CANTIDAD (1) | K57: DISTANCIA (2) | L57: (1) * (2) | M57: TARIFA | N57: Vr. UNITARIO
B58: T0010062 | C58: Transporte de material de relleno | I58: m3-km | J58: =K46 -> 0.5 | K58: =+'Distancia Fuentes Materiales'!D13 -> 33 | L58: =J58*K58 -> 16.5 | M58: =VLOOKUP(B58,TRANSPORTE!$C$6:$F$40,4,FALSE) -> 1300 | N58: =L58*M58 -> 21450
B59: T0010400 | C59: Transporte de agregados | I59: m3-km | J59: =K50+K51 -> 1.364 | K59: =+'Distancia Fuentes Materiales'!D12 -> 10 | L59: =J59*K59 -> 13.64 | M59: =VLOOKUP(B59,TRANSPORTE!$C$6:$F$40,4,FALSE) -> 1300 | N59: =L59*M59 -> 17732
N60: =L60*M60 -> 0
N61: =L61*M61 -> 0
N62: =L62*M62 -> 0
B63: SUBTOTAL $ | N63: =SUM(N58:N62) -> 39182
B65: IV. MANO DE OBRA
B67: CÓDIGO | C67: DESCRIPCIÓN | I67: JORNAL | J67: PRESTACIONES (%) | K67: JR. TOTAL | L67: RENDIMIENTO | N67: Vr. UNITARIO
B68: A0030040 | C68: Obrero (4) | I68: =+'Mano de Obra'!C6*4 -> 173416 | J68: 1.85 | K68: =+I68*J68 -> 320819.6 | L68: 4 | N68: =K68/L68 -> 80204.9
B69: A0040010 | C69: Oficial | I69: =+'Mano de Obra'!C5 -> 86708 | J69: 1.85 | K69: =+I69*J69 -> 160409.8 | L69: 4 | N69: =K69/L69 -> 40102.45
B73: SUBTOTAL $ | N73: =SUM(N68:N72) -> 120307.35
B75: TOTAL COSTO DIRECTO $ | N75: =N41+N53+N63+N73 -> 646953.65
C81: Firma | J81: Vo. Bo. Firma
C82: Nombre: | J82: Nombre:
C83: Representante Legal del Contratista o su Apoderado | J83: Ingeniero Residente
C84: Matricula No. : | J84: Matricula No. :
B86: OBSERVACIONES INTERVENTORÍA:
B91: APROBACIÓN POR INTERVENTORÍA
E94: Firma
E95: Nombre:
E96: Representante Legal del Interventor o su Apoderado
E97: Matricula No. :
B99: Nota 1: Este APU es de referencia, la OAC deberá ajustar este documento conforme a los precios de mercado la zona y aprobados en comité operativo, para lo cual deberá presentar al interventor la actualización de este desglose para aprobación con relación a los materiales y transportes.
B101: Nota 2: Los documentos publicados periódicamente son propiedad del Instituto Nacional de Vías. Su uso con fines comerciales o de lucro a cualquier título sin previa autorización, está totalmente prohibido y constituye una infracción a la normatividad vigente.

Sheet 673.1.1
B2: INSTITUTO NACIONAL DE VIAS
B3: ANÁLISIS DE PRECIOS UNITARIOS REGIONALIZADOS DE REFERENCIA
B5: ACTUALIZACIÓN PERIÓDICA
J8: FECHA
K9: (Día) | L9: (Mes) | M9: (Año)
A10: ÍTEM BASE DE APU DE REFERENCIA: | D10: ⊠ | E10: PUBLICACIÓN: | G10: 2022-2 DICIEMBRE 2022
A11: UNIDAD EJECUTORA: | I11: DIRECCIÓN TERRITORIAL: | J11: =+Presupuesto!I7 -> CAUCA
A14: CONVENIO No. | C14: FECHA:
A16: OBJETO DEL CONVENIO: | B16: =+Presupuesto!A5 -> AUNAR ESFUERZOS ENTRE EL INSTITUTO NACIONAL DE VIAS Y LA JUNTA DE ACCION COMUNAL DE LA VEREDA DE LA PALOMERA DEL MUNICIPIO DE SANTANDER DE QUILICHAO EN EL DEPARTAMENTO DE CAUCA PARA EL MEJORAMIENTO VIAL EN EL MARCO DEL PROGRAMA CAMINOS COMUNITARIOS DE LA PAZ TOTAL.
A20: CONTRATISTA:
A22: INTERVENTOR: | J22: CONTRATO No. | L22: FECHA: | M22: ______________
A25: DATOS ESPECÍFICOS
A27: ÍTEM | B27: DESCRIPCIÓN | I27: GRUPO DE AJUSTE | K27: UNIDAD | M27: CANTIDAD
A28: 673.1.1 | B28: GEOTEXTIL TIPO NO TEJIDO CON RESISTENCIA A LA TENSIÓN GRAB MÍNIMA DE 700 N APROXIMADAMENTE | K28: m2
A30: I. EQUIPO
A32: CÓDIGO | B32: DESCRIPCIÓN | I32: TIPO | J32: TARIFA/HORA | K32: RENDIMIENTO | M32: Vr. UNITARIO
M33: =J33*K33 -> 0
M34: =J34*K34 -> 0
M35: =J35*K35 -> 0
M36: =J36*K36 -> 0
M37: =J37*K37 -> 0
M38: =J38*K38 -> 0
M39: =J39*K39 -> 0
M40: =J40*K40 -> 0
M41: =J41*K41 -> 0
A43: SUBTOTAL $ | M43: =SUM(M33:M42) -> 0
A45: II. MATERIALES
A47: CÓDIGO | B47: DESCRIPCIÓN | I47: UNIDAD | J47: CANTIDAD | K47: PRECIO UNIT. | M47: Vr. UNITARIO
A48: B025005 | B48: Geotextil no tejido con resistencia a la tensión Grab de 700 N aproximadamente | I48: m2 | J48: 1.1 | K48: =VLOOKUP(A48,Materiales!$C$6:$F$373,4,0) -> 7402.9006 | M48: =J48*K48 -> 8143.1907 | N48: 7402.9006
M49: =J49*K49 -> 0
M50: =J50*K50 -> 0
M51: =J51*K51 -> 0
M52: =J52*K52 -> 0
M53: =J53*K53 -> 0
M54: =J54*K54 -> 0
M55: =J55*K55 -> 0
M56: =J56*K56 -> 0
M57: =J57*K57 -> 0
A58: SUBTOTAL $ | M58: =SUM(M48:M57) -> 8143.1907
A60: III. TRANSPORTES
A62: CÓDIGO | B62: DESCRIPCIÓN | H62: UNIDAD | I62: CANTIDAD (1) | J62: DISTANCIA (2) | K62: (1) * (2) | L62: TARIFA | M62: Vr. UNITARIO
M63: =K63*L63 -> 0
M64: =K64*L64 -> 0
M65: =K65*L65 -> 0
M66: =K66*L66 -> 0
M67: =K67*L67 -> 0
A68: SUBTOTAL $ | M68: =SUM(M63:M67) -> 0
A70: IV. MANO DE OBRA
A72: CÓDIGO | B72: DESCRIPCIÓN | H72: JORNAL | I72: PRESTACIONES (%) | J72: JR. TOTAL | K72: RENDIMIENTO | M72: Vr. UNITARIO
A73: A0030020 | B73: Obrero (2) | H73: =+'Mano de Obra'!C6*2 -> 86708 | I73: 1.85 | J73: =+H73*I73 -> 160409.8 | K73: 100 | M73: =J73/K73 -> 1604.098
A83: SUBTOTAL $ | M83: =SUM(M73:M82) -> 1604.098
A85: TOTAL COSTO DIRECTO $ | M85: =M43+M58+M68+M83 -> 9747.2887
B90: Firma | I90: Vo. Bo. Firma
B91: Nombre: | I91: Nombre:
B92: Representante Legal del Contratista o su Apoderado | I92: Ingeniero Residente
B93: Matricula No. : | I93: Matricula No. :
A95: OBSERVACIONES INTERVENTORÍA:
A100: APROBACIÓN POR INTERVENTORÍA
D103: Firma
D104: Nombre:
D105: Representante Legal del Interventor o su Apoderado
D106: Matricula No. :
A108: Nota 1: Este APU es de referencia, la OAC deberá ajustar este documento conforme a los precios de mercado la zona y aprobados en comité operativo, para lo cual deberá presentar al interventor la actualización de este desglose para aprobación con relación a los materiales y transportes.
A110: Nota 2: Los documentos publicados periódicamente son propiedad del Instituto Nacional de Vías. Su uso con fines comerciales o de lucro a cualquier título sin previa autorización, está totalmente prohibido y constituye una infracción a la normatividad vigente.

Sheet 673.2
D1: INSTITUTO NACIONAL DE VIAS
D4: ANÁLISIS DE PRECIOS UNITARIOS REGIONALIZADOS DE REFERENCIA
D6: ACTUALIZACIÓN PERIÓDICA
J8: FECHA
K9: (Día) | L9: (Mes) | M9: (Año)
A10: ÍTEM BASE DE APU DE REFERENCIA: | D10: ⊠
A11: UNIDAD EJECUTORA: | I11: DIRECCIÓN TERRITORIAL: | J11: =+Presupuesto!I7 -> CAUCA
A14: CONVENIO No. | C14: FECHA:
A16: OBJETO DEL CONVENIO: | B16: =+Presupuesto!A5 -> AUNAR ESFUERZOS ENTRE EL INSTITUTO NACIONAL DE VIAS Y LA JUNTA DE ACCION COMUNAL DE LA VEREDA DE LA PALOMERA DEL MUNICIPIO DE SANTANDER DE QUILICHAO EN EL DEPARTAMENTO DE CAUCA PARA EL MEJORAMIENTO VIAL EN EL MARCO DEL PROGRAMA CAMINOS COMUNITARIOS DE LA PAZ TOTAL.
A20: CONTRATISTA:
A22: INTERVENTOR: | J22: CONTRATO No. | L22: FECHA: | M22: ______________
A25: DATOS ESPECÍFICOS
A27: ÍTEM | B27: DESCRIPCIÓN | I27: GRUPO DE AJUSTE | K27: UNIDAD | M27: CANTIDAD
A28: 673.2 | B28: MATERIAL GRANULAR DRENANTE | K28: m3
A30: I. EQUIPO
A32: CÓDIGO | B32: DESCRIPCIÓN | I32: TIPO | J32: TARIFA/HORA | K32: RENDIMIENTO | M32: Vr. UNITARIO
A43: SUBTOTAL $ | M43: =SUM(M33:M42) -> 0
A45: II. MATERIALES
A47: CÓDIGO | B47: DESCRIPCIÓN | I47: UNIDAD | J47: CANTIDAD | K47: PRECIO UNIT. | M47: Vr. UNITARIO
A48: B0014380 | B48: Material drenante (3") | I48: m3 | J48: 1.06 | K48: =VLOOKUP(A48,Materiales!$C$6:$F$373,4,0) -> 67657.386 | M48: =J48*K48 -> 71716.829 | N48: 57755.528
M49: =J49*K49 -> 0
M50: =J50*K50 -> 0
M51: =J51*K51 -> 0
M52: =J52*K52 -> 0
M53: =J53*K53 -> 0
M54: =J54*K54 -> 0
M55: =J55*K55 -> 0
M56: =J56*K56 -> 0
M57: =J57*K57 -> 0
A58: SUBTOTAL $ | M58: =SUM(M48:M57) -> 71716.829
A60: III. TRANSPORTES
A62: CÓDIGO | B62: DESCRIPCIÓN | H62: UNIDAD | I62: CANTIDAD (1) | J62: DISTANCIA (2) | K62: (1) * (2) | L62: TARIFA | M62: Vr. UNITARIO | N62: DISTANCIA | O62: TARIFA
A63: T0010028 | B63: Transporte de material drenante | H63: m3-km | I63: =J48 -> 1.06 | J63: =+'Distancia Fuentes Materiales'!D17 -> 33 | K63: =I63*J63 -> 34.98 | L63: =VLOOKUP(A63,TRANSPORTE!$C$6:$F$40,4,FALSE) -> 1300 | M63: =K63*L63 -> 45474 | N63: 1 | O63: 1238.3876
M64: =K64*L64 -> 0
M65: =K65*L65 -> 0
M66: =K66*L66 -> 0
M67: =K67*L67 -> 0
A68: SUBTOTAL $ | M68: =SUM(M63:M67) -> 45474
A70: IV. MANO DE OBRA
A72: CÓDIGO | B72: DESCRIPCIÓN | H72: JORNAL | I72: PRESTACIONES (%) | J72: JR. TOTAL | K72: RENDIMIENTO | M72: Vr. UNITARIO
A73: A0030030 | B73: Obrero (3) | H73: =+'Mano de Obra'!C6*3 -> 130062 | I73: 1.85 | J73: =+H73*I73 -> 240614.7 | K73: 20 | M73: =J73/K73 -> 12030.735
A83: SUBTOTAL $ | M83: =SUM(M73:M82) -> 12030.735
A85: TOTAL COSTO DIRECTO $ | M85: =M43+M58+M68+M83 -> 129221.56
B90: Firma | I90: Vo. Bo. Firma
B91: Nombre: | I91: Nombre:
B92: Representante Legal del Contratista o su Apoderado | I92: Ingeniero Residente
B93: Matricula No. : | I93: Matricula No. :
A95: OBSERVACIONES INTERVENTORÍA:
A100: APROBACIÓN POR INTERVENTORÍA
D103: Firma
D104: Nombre:
D105: Representante Legal del Interventor o su Apoderado
D106: Matricula No. :
A108: Nota 1: Este APU es de referencia, la OAC deberá ajustar este documento conforme a los precios de mercado la zona y aprobados en comité operativo, para lo cual deberá presentar al interventor la actualización de este desglose para aprobación con relación a los materiales y transportes.
A110: Nota 2: Los documentos publicados periódicamente son propiedad del Instituto Nacional de Vías. Su uso con fines comerciales o de lucro a cualquier título sin previa autorización, está totalmente prohibido y constituye una infracción a la normatividad vigente.

Sheet 674.1.1P
B2: INSTITUTO NACIONAL DE VIAS
B3: ANÁLISIS DE PRECIOS UNITARIOS REGIONALIZADOS DE REFERENCIA
B5: ACTUALIZACIÓN PERIÓDICA
J8: FECHA
K9: (Día) | L9: (Mes) | M9: (Año)
A10: ÍTEM BASE DE APU DE REFERENCIA: | D10: ⊠
A11: UNIDAD EJECUTORA: | I11: DIRECCIÓN TERRITORIAL: | J11: =+Presupuesto!I7 -> CAUCA
A14: CONVENIO No. | C14: FECHA:
A16: OBJETO DEL CONVENIO: | B16: =+Presupuesto!A5 -> AUNAR ESFUERZOS ENTRE EL INSTITUTO NACIONAL DE VIAS Y LA JUNTA DE ACCION COMUNAL DE LA VEREDA DE LA PALOMERA DEL MUNICIPIO DE SANTANDER DE QUILICHAO EN EL DEPARTAMENTO DE CAUCA PARA EL MEJORAMIENTO VIAL EN EL MARCO DEL PROGRAMA CAMINOS COMUNITARIOS DE LA PAZ TOTAL.
A20: CONTRATISTA:
A22: INTERVENTOR: | J22: CONTRATO No. | L22: FECHA: | M22: ______________
A25: DATOS ESPECÍFICOS
A27: ÍTEM | B27: DESCRIPCIÓN | I27: GRUPO DE AJUSTE | K27: UNIDAD | M27: CANTIDAD
A28: 674.1 | B28: DREN HORIZONTAL DE LONGITUD MENOR O IGUAL A DIEZ (10) METROS | K28: m
A30: I. EQUIPO
A32: CÓDIGO | B32: DESCRIPCIÓN | I32: TIPO | J32: TARIFA/HORA | K32: RENDIMIENTO | M32: Vr. UNITARIO
A43: SUBTOTAL $ | M43: =SUM(M33:M42) -> 0
A45: II. MATERIALES
A47: CÓDIGO | B47: DESCRIPCIÓN | I47: UNIDAD | J47: CANTIDAD | K47: PRECIO UNIT. | M47: Vr. UNITARIO
A48: B0015200 | B48: Tubería Perforada en PVC de 2" | I48: m | J48: 1.01 | K48: =VLOOKUP(A48,Materiales!$C$6:$F$373,4,0) -> 19934.505 | M48: =J48*K48 -> 20133.85 | N48: 19934.505
M49: =J49*K49 -> 0
M50: =J50*K50 -> 0
M51: =J51*K51 -> 0
M52: =J52*K52 -> 0
M53: =J53*K53 -> 0
M54: =J54*K54 -> 0
M55: =J55*K55 -> 0
M56: =J56*K56 -> 0
M57: =J57*K57 -> 0
A58: SUBTOTAL $ | M58: =SUM(M48:M57) -> 20133.85
A60: III. TRANSPORTES
A62: CÓDIGO | B62: DESCRIPCIÓN | H62: UNIDAD | I62: CANTIDAD (1) | J62: DISTANCIA (2) | K62: (1) * (2) | L62: TARIFA | M62: Vr. UNITARIO
M63: =K63*L63 -> 0
M64: =K64*L64 -> 0
M65: =K65*L65 -> 0
M66: =K66*L66 -> 0
M67: =K67*L67 -> 0
A68: SUBTOTAL $ | M68: =SUM(M63:M67) -> 0
A70: IV. MANO DE OBRA
A72: CÓDIGO | B72: DESCRIPCIÓN | H72: JORNAL | I72: PRESTACIONES (%) | J72: JR. TOTAL | K72: RENDIMIENTO | M72: Vr. UNITARIO
A73: A0030010 | B73: Obrero | H73: =+'Mano de Obra'!C6 -> 43354 | I73: 1.85 | J73: =+H73*I73 -> 80204.9 | K73: 20 | M73: =J73/K73 -> 4010.245
A74: A0040010 | B74: Oficial | H74: =+'Mano de Obra'!C5 -> 86708 | I74: 1.85 | J74: =+H74*I74 -> 160409.8 | K74: 20 | M74: =J74/K74 -> 8020.49
A83: SUBTOTAL $ | M83: =SUM(M73:M82) -> 12030.735
A85: TOTAL COSTO DIRECTO $ | M85: =M43+M58+M68+M83 -> 32164.585
A87: V. COSTOS INDIRECTOS
A89: DESCRIPCIÓN | J89: Porcentaje | K89: Valor Total
A90: ADMINISTRACION | J90: 0.2 | K90: =J90*M85 -> 6432.9169
A91: IMPREVISTOS | J91: 0.05 | K91: =J91*M85 -> 1608.2292
A92: UTILIDAD | J92: 0.05 | K92: =J92*M85 -> 1608.2292
A93: SUBTOTAL $ | M93: =K90+K91+K92 -> 9649.3754
A95: Precio Unitario Total Aproximado al Peso $ | M95: =M85+M93 -> 41813.96
B100: Firma | I100: Vo. Bo. Firma
B101: Nombre: | I101: Nombre:
B102: Representante Legal del Contratista o su Apoderado | I102: Ingeniero Residente
B103: Matricula No. : | I103: Matricula No. :
A105: OBSERVACIONES INTERVENTORÍA:
A110: APROBACIÓN POR INTERVENTORÍA
D113: Firma
D114: Nombre:
D115: Representante Legal del Interventor o su Apoderado
D116: Matricula No. :
A118: Nota 1: Este APU es de referencia, la OAC deberá ajustar este documento conforme a los precios de mercado la zona y aprobados en comité operativo, para lo cual deberá presentar al interventor la actualización de este desglose para aprobación con relación a los materiales y transportes.
A120: Nota 2: Los documentos publicados periódicamente son propiedad del Instituto Nacional de Vías. Su uso con fines comerciales o de lucro a cualquier título sin previa autorización, está totalmente prohibido y constituye una infracción a la normatividad vigente.

Sheet 681.1
B2: INSTITUTO NACIONAL DE VIAS
B3: ANÁLISIS DE PRECIOS UNITARIOS REGIONALIZADOS DE REFERENCIA
B5: ACTUALIZACIÓN PERIÓDICA
J8: FECHA
K9: (Día) | L9: (Mes) | M9: (Año)
A10: ÍTEM BASE DE APU DE REFERENCIA: | D10: ⊠
A11: UNIDAD EJECUTORA: | I11: DIRECCIÓN TERRITORIAL: | J11: =+Presupuesto!I7 -> CAUCA
A14: CONVENIO No. | C14: FECHA:
A16: OBJETO DEL CONVENIO: | B16: =+Presupuesto!A5 -> AUNAR ESFUERZOS ENTRE EL INSTITUTO NACIONAL DE VIAS Y LA JUNTA DE ACCION COMUNAL DE LA VEREDA DE LA PALOMERA DEL MUNICIPIO DE SANTANDER DE QUILICHAO EN EL DEPARTAMENTO DE CAUCA PARA EL MEJORAMIENTO VIAL EN EL MARCO DEL PROGRAMA CAMINOS COMUNITARIOS DE LA PAZ TOTAL.
A20: CONTRATISTA:
A22: INTERVENTOR: | J22: CONTRATO No. | L22: FECHA: | M22: ______________
A25: DATOS ESPECÍFICOS
A27: ÍTEM | B27: DESCRIPCIÓN | I27: GRUPO DE AJUSTE | K27: UNIDAD | M27: CANTIDAD
A28: 681.1 | B28: GAVIONES DE MALLA DE ALAMBRE DE ACERO ENTRELAZADO CLASE 1; RECUBRIMIENTO DE ZINC (GALVANIZADO) | K28: m3
A30: I. EQUIPO
A32: CÓDIGO | B32: DESCRIPCIÓN | I32: TIPO | J32: TARIFA/HORA | K32: RENDIMIENTO | M32: Vr. UNITARIO
M33: =J33*K33 -> 0
M34: =J34*K34 -> 0
M35: =J35*K35 -> 0
M36: =J36*K36 -> 0
M37: =J37*K37 -> 0
M38: =J38*K38 -> 0
M39: =J39*K39 -> 0
M40: =J40*K40 -> 0
M41: =J41*K41 -> 0
A43: SUBTOTAL $ | M43: =SUM(M33:M42) -> 0
A45: II. MATERIALES
A47: CÓDIGO | B47: DESCRIPCIÓN | I47: UNIDAD | J47: CANTIDAD | K47: PRECIO UNIT. | M47: Vr. UNITARIO
A48: B0014710 | B48: Piedra para gaviónes (entre 80mm y 200mm) | I48: m3 | J48: 1.4 | K48: =VLOOKUP(A48,Materiales!$C$6:$F$373,4,0) -> 65450 | M48: =J48*K48 -> 91630 | N48: 51294.532
A49: B0073220 | B49: Alambre galvanizado calibre 12 | I49: kg | J49: 1.337 | K49: =VLOOKUP(A49,Materiales!$C$6:$F$373,4,0) -> 10630 | M49: =J49*K49 -> 14212.31 | N49: 9881.9313
A50: B021010 | B50: Formaleta para gaviones | I50: m2 | J50: 1 | K50: =VLOOKUP(A50,Materiales!$C$6:$F$373,4,0) -> 26325.816 | M50: =J50*K50 -> 26325.816 | N50: 14062.936
A51: B033002 | B51: Malla para gaviones clase 1 con zinc galvanizado (2m3) | I51: u | J51: 0.5 | K51: =VLOOKUP(A51,Materiales!$C$6:$F$373,4,0) -> 162513.58 | M51: =J51*K51 -> 81256.791 | N51: 162513.58
M52: =J52*K52 -> 0
M53: =J53*K53 -> 0
M54: =J54*K54 -> 0
M55: =J55*K55 -> 0
M56: =J56*K56 -> 0
M57: =J57*K57 -> 0
A58: SUBTOTAL $ | M58: =SUM(M48:M57) -> 213424.92
A60: III. TRANSPORTES
A62: CÓDIGO | B62: DESCRIPCIÓN | H62: UNIDAD | I62: CANTIDAD (1) | J62: DISTANCIA (2) | K62: (1) * (2) | L62: TARIFA | M62: Vr. UNITARIO
A63: T0010094 | B63: Transporte de piedra para gaviones | H63: m3-km | I63: 1.4 | J63: =+'Distancia Fuentes Materiales'!D17 -> 33 | K63: =I63*J63 -> 46.2 | L63: =VLOOKUP(A63,TRANSPORTE!$C$6:$F$40,4,FALSE) -> 1300 | M63: =K63*L63 -> 60060 | N63: 1238.3876
M64: =K64*L64 -> 0
M65: =K65*L65 -> 0
M66: =K66*L66 -> 0
M67: =K67*L67 -> 0
A68: SUBTOTAL $ | M68: =SUM(M63:M67) -> 60060
A70: IV. MANO DE OBRA
A72: CÓDIGO | B72: DESCRIPCIÓN | H72: JORNAL | I72: PRESTACIONES (%) | J72: JR. TOTAL | K72: RENDIMIENTO | M72: Vr. UNITARIO
A73: A0030030 | B73: Obrero (3) | H73: =+'Mano de Obra'!C6*3 -> 130062 | I73: 1.85 | J73: =+H73*I73 -> 240614.7 | K73: 10 | M73: =J73/K73 -> 24061.47
A74: A0040010 | B74: Oficial | H74: =+'Mano de Obra'!C5 -> 86708 | I74: 1.85 | J74: =+H74*I74 -> 160409.8 | K74: 10 | M74: =J74/K74 -> 16040.98
A83: SUBTOTAL $ | M83: =SUM(M73:M82) -> 40102.45
A85: TOTAL COSTO DIRECTO $ | M85: =M43+M58+M68+M83 -> 313587.37
B90: Firma | I90: Vo. Bo. Firma
B91: Nombre: | I91: Nombre:
B92: Representante Legal del Contratista o su Apoderado | I92: Ingeniero Residente
B93: Matricula No. : | I93: Matricula No. :
A95: OBSERVACIONES INTERVENTORÍA:
A100: APROBACIÓN POR INTERVENTORÍA
D103: Firma
D104: Nombre:
D105: Representante Legal del Interventor o su Apoderado
D106: Matricula No. :
A108: Nota 1: Este APU es de referencia, la OAC deberá ajustar este documento conforme a los precios de mercado la zona y aprobados en comité operativo, para lo cual deberá presentar al interventor la actualización de este desglose para aprobación con relación a los materiales y transportes.
A110: Nota 2: Los documentos publicados periódicamente son propiedad del Instituto Nacional de Vías. Su uso con fines comerciales o de lucro a cualquier título sin previa autorización, está totalmente prohibido y constituye una infracción a la normatividad vigente.

Sheet 800.1P
E1: INSTITUTO NACIONAL DE VIAS
E4: ANÁLISIS DE PRECIOS UNITARIOS REGIONALIZADOS DE REFERENCIA
E6: ACTUALIZACIÓN PERIÓDICA
K7: FECHA | M7: 06 | N7: 2023
L8: (Día) | M8: (Mes) | N8: (Año)
B9: ÍTEM BASE DE APU DE REFERENCIA: | E9: ⊠
B11: UNIDAD EJECUTORA: | D11: SUBDIRECCIÓN DE VÍAS REGIONALES | J11: DIRECCIÓN TERRITORIAL: | K11: =+Presupuesto!I7 -> CAUCA
B14: CONVENIO No. | D14: FECHA:
B15: OBJETO DEL CONVENIO: | D15: =+Presupuesto!A5 -> AUNAR ESFUERZOS ENTRE EL INSTITUTO NACIONAL DE VIAS Y LA JUNTA DE ACCION COMUNAL DE LA VEREDA DE LA PALOMERA DEL MUNICIPIO DE SANTANDER DE QUILICHAO EN EL DEPARTAMENTO DE CAUCA PARA EL MEJORAMIENTO VIAL EN EL MARCO DEL PROGRAMA CAMINOS COMUNITARIOS DE LA PAZ TOTAL.
B19: CONTRATISTA:
B21: INTERVENTOR: | K21: CONTRATO No. | M21: FECHA: | N21: ______________
B24: DATOS ESPECÍFICOS
B26: ÍTEM | C26: DESCRIPCIÓN | L26: UNIDAD | N26: CANTIDAD
B27: =+Presupuesto!B14 -> 800.1P | C27: Limpieza a mano de alcantarillas de 600mm a 900mm | L27: =+Presupuesto!G14 -> ml
B29: I. EQUIPO
B31: CÓDIGO | C31: DESCRIPCIÓN | J31: TIPO | K31: TARIFA/HORA | L31: RENDIMIENTO | N31: Vr. UNITARIO
N32: =K32*L32 -> 0
N33: =K33*L33 -> 0
N34: =K34*L34 -> 0
N35: =K35*L35 -> 0
N36: =K36*L36 -> 0
N37: =K37*L37 -> 0
N38: =K38*L38 -> 0
N39: =K39*L39 -> 0
B41: SUBTOTAL $ | N41: =SUM(N32:N40) -> 0
B43: II. MATERIALES
B45: CÓDIGO | C45: DESCRIPCIÓN | J45: UNIDAD | K45: CANTIDAD | L45: PRECIO UNIT. | N45: Vr. UNITARIO
N47: =K47*L47 -> 0
N48: =K48*L48 -> 0
N49: =K49*L49 -> 0
N50: =K50*L50 -> 0
N51: =K51*L51 -> 0
N52: =K52*L52 -> 0
N53: =K53*L53 -> 0
N54: =K54*L54 -> 0
N55: =K55*L55 -> 0
B56: SUBTOTAL $ | N56: =SUM(N46:N55) -> 0
B58: III. TRANSPORTES
B60: CÓDIGO | C60: DESCRIPCIÓN | I60: UNIDAD | J60: CANTIDAD (1) | K60: DISTANCIA (2) | L60: (1) * (2) | M60: TARIFA | N60: Vr. UNITARIO | O60: DISTANCIA
B61: T0010025 | C61: Transporte de material de excavación | I61: m3-km | J61: 1 | K61: =+'Distancia Fuentes Materiales'!D20 -> 5 | L61: =J61*K61 -> 5 | M61: =VLOOKUP(B61,TRANSPORTE!$C$6:$F$40,4,FALSE) -> 1300 | N61: =L61*M61 -> 6500 | O61: 5
N62: =L62*M62 -> 0
N63: =L63*M63 -> 0 | O63: TARIFA
N64: =L64*M64 -> 0 | O64: 1075.059
N65: =L65*M65 -> 0
B66: SUBTOTAL $ | N66: =SUM(N61:N65) -> 6500
B68: IV. MANO DE OBRA
B70: CÓDIGO | C70: DESCRIPCIÓN | I70: JORNAL | J70: PRESTACIONES (%) | K70: JR. TOTAL | L70: RENDIMIENTO | N70: Vr. UNITARIO
B71: A0030020 | C71: Obrero (3) | I71: =+'Mano de Obra'!C5*3 -> 260124 | J71: 1.85 | K71: =+I71*J71 -> 481229.4 | L71: 8.33 | N71: =K71/L71 -> 57770.636
B76: SUBTOTAL $ | N76: =SUM(N71:N75) -> 57770.636
B78: TOTAL COSTO DIRECTO $ | N78: =N41+N56+N66+N76 -> 64270.636
C85: Firma | J85: Vo. Bo. Firma
C86: Nombre: | J86: Nombre:
C87: Representante Legal del Contratista o su Apoderado | J87: Ingeniero Residente
C88: Matricula No. : | J88: Matricula No. :
B90: OBSERVACIONES INTERVENTORÍA:
B95: APROBACIÓN POR INTERVENTORÍA
E98: Firma
E99: Nombre:
E100: Representante Legal del Interventor o su Apoderado
E101: Matricula No. :
B103: Nota 1: Este APU es de referencia, la OAC deberá ajustar este documento conforme a los precios de mercado la zona y aprobados en comité operativo, para lo cual deberá presentar al interventor la actualización de este desglose para aprobación con relación a los materiales y transportes.
B105: Nota 2: Los documentos publicados periódicamente son propiedad del Instituto Nacional de Vías. Su uso con fines comerciales o de lucro a cualquier título sin previa autorización, está totalmente prohibido y constituye una infracción a la normatividad vigente.

Sheet 900.2.2
E1: INSTITUTO NACIONAL DE VIAS
E4: ANÁLISIS DE PRECIOS UNITARIOS REGIONALIZADOS DE REFERENCIA
E6: ACTUALIZACIÓN PERIÓDICA
K7: FECHA | M7: 06 | N7: 2023
L8: (Día) | M8: (Mes) | N8: (Año)
B9: ÍTEM BASE DE APU DE REFERENCIA: | E9: ⊠
B11: UNIDAD EJECUTORA: | D11: SUBDIRECCIÓN DE VÍAS REGIONALES | J11: DIRECCIÓN TERRITORIAL: | K11: =+Presupuesto!I7 -> CAUCA
B14: CONVENIO No. | D14: FECHA:
B15: OBJETO DEL CONVENIO: | D15: =+Presupuesto!A5 -> AUNAR ESFUERZOS ENTRE EL INSTITUTO NACIONAL DE VIAS Y LA JUNTA DE ACCION COMUNAL DE LA VEREDA DE LA PALOMERA DEL MUNICIPIO DE SANTANDER DE QUILICHAO EN EL DEPARTAMENTO DE CAUCA PARA EL MEJORAMIENTO VIAL EN EL MARCO DEL PROGRAMA CAMINOS COMUNITARIOS DE LA PAZ TOTAL.
B19: CONTRATISTA:
B21: INTERVENTOR: | K21: CONTRATO No. | M21: FECHA: | N21: ______________
B24: DATOS ESPECÍFICOS
B26: ÍTEM | C26: DESCRIPCIÓN | L26: UNIDAD | N26: CANTIDAD
B27: 900.2.2 | C27: TRANSPORTE DE MATERIALES PROVENIENTES DE LA EXCAVACIÓN DE LA EXPLANACIÓN, CANALES Y PRÉSTAMOS PARA DISTANCIAS MAYORES DE MIL METROS (1.000 m) MEDIDOS A PARTIR DE CIEN METROS (100 m) | L27: m3/km
B29: I. EQUIPO
B31: CÓDIGO | C31: DESCRIPCIÓN | J31: TIPO | K31: TARIFA/HORA | L31: RENDIMIENTO | N31: Vr. UNITARIO
N32: =K32*L32 -> 0
N33: =K33*L33 -> 0
N34: =K34*L34 -> 0
N35: =K35*L35 -> 0
N36: =K36*L36 -> 0
N37: =K37*L37 -> 0
N38: =K38*L38 -> 0
N39: =K39*L39 -> 0
N40: 0
B41: SUBTOTAL $ | N41: =SUM(N32:N40) -> 0
B43: II. MATERIALES
B45: CÓDIGO | C45: DESCRIPCIÓN | J45: UNIDAD | K45: CANTIDAD | L45: PRECIO UNIT. | N45: Vr. UNITARIO
N46: =K46*L46 -> 0
N47: =K47*L47 -> 0
N48: =K48*L48 -> 0
N49: =K49*L49 -> 0
N50: =K50*L50 -> 0
N51: =K51*L51 -> 0
N52: =K52*L52 -> 0
N53: =K53*L53 -> 0
N54: =K54*L54 -> 0
N55: =K55*L55 -> 0
B56: SUBTOTAL $ | N56: =SUM(N46:N55) -> 0
B58: III. TRANSPORTES
B60: CÓDIGO | C60: DESCRIPCIÓN | I60: UNIDAD | J60: CANTIDAD (1) | K60: DISTANCIA (2) | L60: (1) * (2) | M60: TARIFA | N60: Vr. UNITARIO | O60: DISTANCIA
B61: T0010025 | C61: Transporte de material de excavación | I61: m3-km | J61: 1 | K61: =+'Distancia Fuentes Materiales'!D20 -> 5 | L61: =J61*K61 -> 5 | M61: =VLOOKUP(B61,TRANSPORTE!$C$6:$F$40,4,FALSE) -> 1300 | N61: =L61*M61 -> 6500 | O61: 5
N62: =L62*M62 -> 0
N63: =L63*M63 -> 0 | O63: TARIFA
N64: =L64*M64 -> 0 | O64: 1075.059
N65: =L65*M65 -> 0
B66: SUBTOTAL $ | N66: =SUM(N61:N65) -> 6500
B68: IV. MANO DE OBRA
B70: CÓDIGO | C70: DESCRIPCIÓN | I70: JORNAL | J70: PRESTACIONES (%) | K70: JR. TOTAL | L70: RENDIMIENTO | N70: Vr. UNITARIO
B76: SUBTOTAL $ | N76: =SUM(N71:N75) -> 0
B78: TOTAL COSTO DIRECTO $ | N78: =N41+N56+N66+N76 -> 6500
C84: Firma | J84: Vo. Bo. Firma
C85: Nombre: | J85: Nombre:
C86: Representante Legal del Contratista o su Apoderado | J86: Ingeniero Residente
C87: Matricula No. : | J87: Matricula No. :
B89: OBSERVACIONES INTERVENTORÍA:
B94: APROBACIÓN POR INTERVENTORÍA
E97: Firma
E98: Nombre:
E99: Representante Legal del Interventor o su Apoderado
E100: Matricula No. :
B102: Nota 1: Este APU es de referencia, la OAC deberá ajustar este documento conforme a los precios de mercado la zona y aprobados en comité operativo, para lo cual deberá presentar al interventor la actualización de este desglose para aprobación con relación a los materiales y transportes.
B104: Nota 2: Los documentos publicados periódicamente son propiedad del Instituto Nacional de Vías. Su uso con fines comerciales o de lucro a cualquier título sin previa autorización, está totalmente prohibido y constituye una infracción a la normatividad vigente.
